Workbook
Name d: [1]DATOS!$H$4:$H$12
Name dep: [1]DATOS!$D$3:$D$6
Name Deportes1: [2]DATOS!$H$4:$H$12
Name Deportes1: [3]DATOS!$H$4:$H$12
Name Deportes2: [2]DATOS!$I$4:$I$11
Name Deportes2: [3]DATOS!$I$4:$I$11
Name Deportes3: [2]DATOS!$K$4:$K$8
Name Deportes3: [3]DATOS!$K$4:$K$8
Name FF: [4]DATOS!$K$4:$K$8
Name INCLUIYENTE: [5]DATOS!$H$4:$H$12
Name INCLUYENTE: [5]DATOS!$J$4:$J$12
Name JUVENTUD: [6]DATOS!$J$4:$J$12
Name OTRPO: [7]DATOS!$D$3:$D$6
Name Proyecto: [2]DATOS!$D$3:$D$6
Name Proyecto: [3]DATOS!$D$3:$D$6
Name Recreacion: [2]DATOS!$J$4:$J$12
Name Recreacion: [3]DATOS!$J$4:$J$12
Name TEC: [8]DATOS!$I$4:$I$11

Sheet 02 DE ABRIL
A1: ZONA NORTE
A2: RUTAS CICLOVÍA 40 M3 | I2: LUDICA CICLOVÍA, ESCUELA DE LA BICI, ADICIONALES 25 M3 | R2: CONOS CICLOVÍA 25 M3
A3: CORREDOR | B3: # OPERARIOS | C3: # CAMIONES | D3: MODELO | E3: DISPONIBILIDAD | F3: TIPO DE SERVICIO | G3: $ | I3: ZONA | J3: CORREDOR | K3: # OPERARIOS | L3: # CAMIONES | M3: MODELO | N3: DISPONIBILIDAD | O3: TIPO DE SERVICIO | P3: $ | R3: ZONA | S3: CORREDOR | T3: # OPERARIOS | U3: # CAMIONES | V3: MODELO | W3: DISPONIBILIDAD | X3: TIPO DE SERVICIO | Y3: $
A4: NORTE 1 | B4: =+IF(F4=0,0,MID(F4,LEN(F4)-4,3)) -> 04 | C4: 1 | D4: 2014-2023 | E4: =+IF(F4=0,0,CONCATENATE(MID(F4,FIND("-",F4,1)+1,4),"ORAS")) -> 15 HORAS | F4: 1.CAMION TIPO40/50m³-15 HORAS-04 OP | G4: =+IF(F4="","",VLOOKUP(F4,$H$139:$I$217,2,FALSE)) -> 1955007 | I4: CENTRO | J4: CAMIONETA FURGONADA PENDONES CALLE 26 | K4: =+IF(O4=0,0,MID(O4,LEN(O4)-4,3)) -> 03 | L4: 1 | M4: 2014-2023 | N4: =+IF(O4=0,0,CONCATENATE(MID(O4,FIND("-",O4,1)+1,4),"ORAS")) -> 15 HORAS | O4: 31.CAMION TIPOFURGON-15 HORAS-03 OP | P4: =+IF(O4="","",VLOOKUP(O4,$H$139:$I$217,2,FALSE)) -> 1019917 | R4: CENTRO | S4: CENTRO 5 CAMION 1 UNICONOS | T4: 4 | U4: 1 | V4: 2014-2023 | W4: =+IF(X4=0,0,CONCATENATE(MID(X4,FIND("-",X4,1)+1,4),"ORAS")) -> 15 HORAS | X4: 16.CAMION TIPO25m³-15 HORAS-04 OP | Y4: =+IF(X4="","",VLOOKUP(X4,$H$139:$I$217,2,FALSE)) -> 1691890
A5: NORTE 2 | B5: =+IF(F5=0,0,MID(F5,LEN(F5)-4,3)) -> 03 | C5: 1 | D5: 2014-2023 | E5: =+IF(F5=0,0,CONCATENATE(MID(F5,FIND("-",F5,1)+1,4),"ORAS")) -> 15 HORAS | F5: 2.CAMION TIPO40/50m³-15 HORAS-03 OP | G5: =+IF(F5="","",VLOOKUP(F5,$H$139:$I$217,2,FALSE)) -> 1795972 | I5: CENTRO | J5: COMPORTAMIENTO VIAL | K5: =+IF(O5=0,0,MID(O5,LEN(O5)-4,3)) -> 01 | L5: 1 | M5: 2014-2023 | N5: =+IF(O5=0,0,CONCATENATE(MID(O5,FIND("-",O5,1)+1,4),"ORAS")) -> 09 HORAS | O5: 36.CAMION TIPOFURGON-09 HORAS-01 OP | P5: =+IF(O5="","",VLOOKUP(O5,$H$139:$I$217,2,FALSE)) -> 481858 | R5: CENTRO | S5: CENTRO 5 CAMION 2 UNICONOS | T5: 4 | U5: 1 | V5: 2014-2023 | W5: =+IF(X5=0,0,CONCATENATE(MID(X5,FIND("-",X5,1)+1,4),"ORAS")) -> 15 HORAS | X5: 16.CAMION TIPO25m³-15 HORAS-04 OP | Y5: =+IF(X5="","",VLOOKUP(X5,$H$139:$I$217,2,FALSE)) -> 1691890
A6: NORTE 3 | B6: =+IF(F6=0,0,MID(F6,LEN(F6)-4,3)) -> 03 | C6: 1 | D6: 2014-2023 | E6: =+IF(F6=0,0,CONCATENATE(MID(F6,FIND("-",F6,1)+1,4),"ORAS")) -> 15 HORAS | F6: 2.CAMION TIPO40/50m³-15 HORAS-03 OP | G6: =+IF(F6="","",VLOOKUP(F6,$H$139:$I$217,2,FALSE)) -> 1795972 | K6: =+IF(O6=0,0,MID(O6,LEN(O6)-4,3)) -> 0 | N6: =+IF(O6=0,0,CONCATENATE(MID(O6,FIND("-",O6,1)+1,4),"ORAS")) -> 0 | O6: 0 | P6: =+IF(O6="","",VLOOKUP(O6,$H$139:$I$217,2,FALSE)) -> 0 | R6: CENTRO | S6: CENTRO 4 CAMION 3 UNICONOS | T6: 4 | U6: 1 | V6: 2014-2023 | W6: =+IF(X6=0,0,CONCATENATE(MID(X6,FIND("-",X6,1)+1,4),"ORAS")) -> 15 HORAS | X6: 16.CAMION TIPO25m³-15 HORAS-04 OP | Y6: =+IF(X6="","",VLOOKUP(X6,$H$139:$I$217,2,FALSE)) -> 1691890
A7: NORTE 4 | B7: =+IF(F7=0,0,MID(F7,LEN(F7)-4,3)) -> 03 | C7: 1 | D7: 2014-2023 | E7: =+IF(F7=0,0,CONCATENATE(MID(F7,FIND("-",F7,1)+1,4),"ORAS")) -> 15 HORAS | F7: 2.CAMION TIPO40/50m³-15 HORAS-03 OP | G7: =+IF(F7="","",VLOOKUP(F7,$H$139:$I$217,2,FALSE)) -> 1795972 | K7: =+IF(O7=0,0,MID(O7,LEN(O7)-4,3)) -> 0 | N7: =+IF(O7=0,0,CONCATENATE(MID(O7,FIND("-",O7,1)+1,4),"ORAS")) -> 0 | O7: 0 | P7: =+IF(O7="","",VLOOKUP(O7,$H$139:$I$217,2,FALSE)) -> 0 | X7: 0 | Y7: 0
A8: NORTE 5 ZONA 1 | B8: =+IF(F8=0,0,MID(F8,LEN(F8)-4,3)) -> 03 | C8: 1 | D8: 2014-2023 | E8: =+IF(F8=0,0,CONCATENATE(MID(F8,FIND("-",F8,1)+1,4),"ORAS")) -> 15 HORAS | F8: 2.CAMION TIPO40/50m³-15 HORAS-03 OP | G8: =+IF(F8="","",VLOOKUP(F8,$H$139:$I$217,2,FALSE)) -> 1795972 | K8: =+IF(O8=0,0,MID(O8,LEN(O8)-4,3)) -> 0 | N8: =+IF(O8=0,0,CONCATENATE(MID(O8,FIND("-",O8,1)+1,4),"ORAS")) -> 0 | O8: 0 | P8: =+IF(O8="","",VLOOKUP(O8,$H$139:$I$217,2,FALSE)) -> 0 | U8: 3
A9: NORTE 5 ZONA 2 | B9: =+IF(F9=0,0,MID(F9,LEN(F9)-4,3)) -> 03 | C9: 1 | D9: 2014-2023 | E9: =+IF(F9=0,0,CONCATENATE(MID(F9,FIND("-",F9,1)+1,4),"ORAS")) -> 15 HORAS | F9: 2.CAMION TIPO40/50m³-15 HORAS-03 OP | G9: =+IF(F9="","",VLOOKUP(F9,$H$139:$I$217,2,FALSE)) -> 1795972 | K9: =+IF(O9=0,0,MID(O9,LEN(O9)-4,3)) -> 0 | N9: =+IF(O9=0,0,CONCATENATE(MID(O9,FIND("-",O9,1)+1,4),"ORAS")) -> 0 | O9: 0 | P9: =+IF(O9="","",VLOOKUP(O9,$H$139:$I$217,2,FALSE)) -> 0
A10: NORTE 1 CONOS | B10: =+IF(F10=0,0,MID(F10,LEN(F10)-4,3)) -> 04 | C10: 1 | D10: 2014-2023 | E10: =+IF(F10=0,0,CONCATENATE(MID(F10,FIND("-",F10,1)+1,4),"ORAS")) -> 15 HORAS | F10: 1.CAMION TIPO40/50m³-15 HORAS-04 OP | G10: =+IF(F10="","",VLOOKUP(F10,$H$139:$I$217,2,FALSE)) -> 1955007
A11: NORTE 1 CONTRAFLUJOS | B11: =+IF(F11=0,0,MID(F11,LEN(F11)-4,3)) -> 04 | C11: 1 | D11: 2014-2023 | E11: =+IF(F11=0,0,CONCATENATE(MID(F11,FIND("-",F11,1)+1,4),"ORAS")) -> 15 HORAS | F11: 1.CAMION TIPO40/50m³-15 HORAS-04 OP | G11: =+IF(F11="","",VLOOKUP(F11,$H$139:$I$217,2,FALSE)) -> 1955007
G12: =+IF(F12="","",VLOOKUP(F12,$H$139:$I$217,2,FALSE))
B13: =+B10+B9+B8+B7+B6+B5+B4 -> 23 | C13: =+C10+C9+C8+C7+C6+C5+C4 -> 7 | G13: =SUM(G4:G12) -> 14844881 | R13: OPERARIOS ADICIONALES
A14: RUTAS CICLOVÍA 25 M3 | R14: ZONA | S14: CORREDOR | T14: # OPERARIOS | U14: # CAMIONES | V14: MODELO | W14: DISPONIBILIDAD | X14: TIPO DE SERVICIO | Y14: $
A15: CORREDOR | B15: # OPERARIOS | C15: # CAMIONES | D15: MODELO | E15: DISPONIBILIDAD | F15: TIPO DE SERVICIO | G15: $ | R15: CENTRO | S15: APOYO CICLOVÍA | T15: 11 | U15: 0 | V15: 2014-2023 | W15: =+IF(X15=0,0,CONCATENATE(MID(X15,FIND("-",X15,1)+1,4),"ORAS")) -> 15 HORAS | X15: 47.OPERARIO-15 HORAS-00 OP | Y15: =+IF(X15="","",VLOOKUP(X15,$H$139:$I$217,2,FALSE))*T15 -> 3116641
B16: =+IF(F16=0,0,MID(F16,LEN(F16)-4,3)) -> 0 | E16: =+IF(F16=0,0,CONCATENATE(MID(F16,FIND("-",F16,1)+1,4),"ORAS")) -> 0 | F16: 0 | G16: =+IF(F16="","",VLOOKUP(F16,$H$139:$I$217,2,FALSE)) -> 0 | I16: ATN CICLOVÍA, ESCUELA DE LA BICI, ADICIONALES 40 M3 | W16: =+IF(X16=0,0,CONCATENATE(MID(X16,FIND("-",X16,1)+1,4),"ORAS")) -> 0 | X16: 0 | Y16: =+IF(X16="","",VLOOKUP(X16,$H$139:$I$217,2,FALSE))*T16 -> 0
F17: 0 | G17: =+IF(F17="","",VLOOKUP(F17,$H$139:$I$217,2,FALSE)) -> 0 | I17: ZONA | J17: CORREDOR | K17: # OPERARIOS | L17: # CAMIONES | M17: MODELO | N17: DISPONIBILIDAD | O17: TIPO DE SERVICIO | P17: $
F18: 0 | G18: =+IF(F18="","",VLOOKUP(F18,$H$139:$I$217,2,FALSE)) -> 0 | K18: =+IF(O18=0,0,MID(O18,LEN(O18)-4,3)) -> 0 | N18: =+IF(O18=0,0,CONCATENATE(MID(O18,FIND("-",O18,1)+1,4),"ORAS")) -> 0 | O18: 0 | P18: =+IF(O18="","",VLOOKUP(O18,$H$139:$I$217,2,FALSE)) -> 0 | R18: CAMIONETA 4 X4 DOBLE CABINA CON PLATON
F19: 0 | G19: =+IF(F19="","",VLOOKUP(F19,$H$139:$I$217,2,FALSE)) -> 0 | K19: =+IF(O19=0,0,MID(O19,LEN(O19)-4,3)) -> 0 | N19: =+IF(O19=0,0,CONCATENATE(MID(O19,FIND("-",O19,1)+1,4),"ORAS")) -> 0 | O19: 0 | P19: =+IF(O19="","",VLOOKUP(O19,$H$139:$I$217,2,FALSE)) -> 0 | R19: ZONA | S19: CORREDOR | T19: # OPERARIOS | U19: # CAMIONES | V19: MODELO | W19: DISPONIBILIDAD | X19: TIPO DE SERVICIO | Y19: $
F20: 0 | G20: =+IF(F20="","",VLOOKUP(F20,$H$139:$I$217,2,FALSE)) -> 0 | K20: =+IF(O20=0,0,MID(O20,LEN(O20)-4,3)) -> 0 | N20: =+IF(O20=0,0,CONCATENATE(MID(O20,FIND("-",O20,1)+1,4),"ORAS")) -> 0 | O20: 0 | P20: =+IF(O20="","",VLOOKUP(O20,$H$139:$I$217,2,FALSE)) -> 0 | R20: NORTE | S20: COORDINADOR ZONA NORTE | T20: NA | U20: NA | V20: 2014-2023 | W20: =+IF(X20=0,0,CONCATENATE(MID(X20,FIND("-",X20,1)+1,4),"ORAS")) -> #VALUE! | X20: 50. COORD X DIA | Y20: =+IF(X20="","",VLOOKUP(X20,$H$139:$I$217,2,FALSE)) -> 477011
F21: 0 | G21: =+IF(F21="","",VLOOKUP(F21,$H$139:$I$217,2,FALSE)) -> 0 | O21: 0 | P21: =+IF(O21="","",VLOOKUP(O21,$H$139:$I$217,2,FALSE)) -> 0 | R21: NORTE | S21: APOYO CICLOVÍA | T21: NA | U21: NA | V21: 2014-2023 | W21: =+IF(X21=0,0,CONCATENATE(MID(X21,FIND("-",X21,1)+1,4),"ORAS")) -> 15 HORAS | X21: 40.4X4-15 HORAS-00 OP | Y21: =+IF(X21="","",VLOOKUP(X21,$H$139:$I$217,2,FALSE)) -> 1128712
A22: valor total | B22: =SUM(B4:B13)+B16+B17+B18+B19+B20+B21 -> 23 | C22: =+C4+C5+C6+C7+C8+C9+C10+C16 -> 7 | G22: =SUM(G13,G16:G21) -> 14844881 | O22: 0 | P22: =+IF(O22="","",VLOOKUP(O22,$H$139:$I$217,2,FALSE)) -> 0 | R22: NORTE | S22: APOYO CICLOVÍA | T22: NA | U22: NA | V22: 2014-2023 | W22: =+IF(X22=0,0,CONCATENATE(MID(X22,FIND("-",X22,1)+1,4),"ORAS")) -> 15 HORAS | X22: 40.4X4-15 HORAS-00 OP | Y22: =+IF(X22="","",VLOOKUP(X22,$H$139:$I$217,2,FALSE)) -> 1128712
A23: ZONA CENTRO | R23: CENTRO | S23: COORDINADOR ZONA CENTRO | T23: NA | U23: NA | V23: 2014-2023 | W23: =+IF(X23=0,0,CONCATENATE(MID(X23,FIND("-",X23,1)+1,4),"ORAS")) -> #VALUE! | X23: 50. COORD X DIA | Y23: =+IF(X23="","",VLOOKUP(X23,$H$139:$I$217,2,FALSE)) -> 477011
A24: RUTAS CICLOVÍA 40 M3 | R24: CENTRO | S24: CAMION 3 | T24: NA | U24: 1 | V24: 2014-2024 | W24: =+IF(X24=0,0,CONCATENATE(MID(X24,FIND("-",X24,1)+1,4),"ORAS")) -> 15 HORAS | X24: 32.CAMION TIPOFURGON-15 HORAS-02 OP | Y24: =+IF(X24="","",VLOOKUP(X24,$H$139:$I$217,2,FALSE)) -> 832623
A25: CORREDOR | B25: # OPERARIOS | C25: # CAMIONES | D25: MODELO | E25: DISPONIBILIDAD | F25: TIPO DE SERVICIO | G25: $ | J25: TOTAL | K25: =K4+K5+K6+K7+K8+K9+K18+K19+K20 -> 4 | L25: =SUM(L4:L24) -> 2 | P25: =SUM(P4:P24) -> 1501775 | R25: SUR | S25: APOYO CICLOVÍA | T25: NA | U25: NA | V25: 2014-2024 | W25: =+IF(X25=0,0,CONCATENATE(MID(X25,FIND("-",X25,1)+1,4),"ORAS")) -> 15 HORAS | X25: 40.4X4-15 HORAS-00 OP | Y25: =+IF(X25="","",VLOOKUP(X25,$H$139:$I$217,2,FALSE)) -> 1128712
A26: CENTRO 1 | B26: =+IF(F26=0,0,MID(F26,LEN(F26)-4,3)) -> 04 | C26: 1 | D26: 2014-2023 | E26: =+IF(F26=0,0,CONCATENATE(MID(F26,FIND("-",F26,1)+1,4),"ORAS")) -> 15 HORAS | F26: 1.CAMION TIPO40/50m³-15 HORAS-04 OP | G26: =+IF(F26="","",VLOOKUP(F26,$H$139:$I$217,2,FALSE)) -> 1955007 | R26: SUR | S26: COORDINADOR ZONA SUR | T26: NA | U26: NA | V26: 2014-2026 | W26: =+IF(X26=0,0,CONCATENATE(MID(X26,FIND("-",X26,1)+1,4),"ORAS")) -> #VALUE! | X26: 50. COORD X DIA | Y26: =+IF(X26="","",VLOOKUP(X26,$H$139:$I$217,2,FALSE)) -> 477011
A27: CENTRO 2 | B27: =+IF(F27=0,0,MID(F27,LEN(F27)-4,3)) -> 04 | C27: 1 | D27: 2014-2023 | E27: =+IF(F27=0,0,CONCATENATE(MID(F27,FIND("-",F27,1)+1,4),"ORAS")) -> 15 HORAS | F27: 1.CAMION TIPO40/50m³-15 HORAS-04 OP | G27: =+IF(F27="","",VLOOKUP(F27,$H$139:$I$217,2,FALSE)) -> 1955007 | W27: =+IF(X27=0,0,CONCATENATE(MID(X27,FIND("-",X27,1)+1,4),"ORAS")) -> 0 | X27: 0 | Y27: =+IF(X27="","",VLOOKUP(X27,$H$139:$I$217,2,FALSE)) -> 0
A28: CENTRO 4 | B28: =+IF(F28=0,0,MID(F28,LEN(F28)-4,3)) -> 04 | C28: 1 | D28: 2014-2023 | E28: =+IF(F28=0,0,CONCATENATE(MID(F28,FIND("-",F28,1)+1,4),"ORAS")) -> 15 HORAS | F28: 1.CAMION TIPO40/50m³-15 HORAS-04 OP | G28: =+IF(F28="","",VLOOKUP(F28,$H$139:$I$217,2,FALSE)) -> 1955007 | W28: =+IF(X28=0,0,CONCATENATE(MID(X28,FIND("-",X28,1)+1,4),"ORAS")) -> 0 | X28: 0 | Y28: =+IF(X28="","",VLOOKUP(X28,$H$139:$I$217,2,FALSE)) -> 0
A29: CENTRO 5 | B29: =+IF(F29=0,0,MID(F29,LEN(F29)-4,3)) -> 03 | C29: 1 | D29: 2014-2023 | E29: =+IF(F29=0,0,CONCATENATE(MID(F29,FIND("-",F29,1)+1,4),"ORAS")) -> 15 HORAS | F29: 2.CAMION TIPO40/50m³-15 HORAS-03 OP | G29: =+IF(F29="","",VLOOKUP(F29,$H$139:$I$217,2,FALSE)) -> 1795972 | W29: =+IF(X29=0,0,CONCATENATE(MID(X29,FIND("-",X29,1)+1,4),"ORAS")) -> 0 | X29: 0 | Y29: =+IF(X29="","",VLOOKUP(X29,$H$139:$I$217,2,FALSE)) -> 0
F30: 0 | G30: =+IF(F30="","",VLOOKUP(F30,$H$139:$I$217,2,FALSE)) -> 0 | W30: =+IF(X30=0,0,CONCATENATE(MID(X30,FIND("-",X30,1)+1,4),"ORAS")) -> 0 | X30: 0 | Y30: =+IF(X30="","",VLOOKUP(X30,$H$139:$I$217,2,FALSE)) -> 0
G31: =+IF(F31="","",VLOOKUP(F31,$H$139:$I$217,2,FALSE))
A32: RUTAS CICLOVÍA 25 M3
B33: # OPERARIOS | C33: # CAMIONES | D33: MODELO | F33: TIPO DE SERVICIO | G33: $ | S33: TOTAL | T33: =+T15+T16+T4+T5+T6+T7 -> 23 | U33: =SUM(U4:U7,U24) -> 4 | Y33: =SUM(Y4:Y30) -> 13842103
A34: CENTRO 3 ZONA 1 | B34: =+IF(F34=0,0,MID(F34,LEN(F34)-4,3)) -> 03 | C34: 1 | D34: 2014-2023 | E34: =+IF(F34=0,0,CONCATENATE(MID(F34,FIND("-",F34,1)+1,4),"ORAS")) -> 15 HORAS | F34: 17.CAMION TIPO25m³-15 HORAS-03 OP | G34: =+IF(F34="","",VLOOKUP(F34,$H$139:$I$217,2,FALSE)) -> 1505234
A35: CENTRO 3 ZONA 2 | B35: =+IF(F35=0,0,MID(F35,LEN(F35)-4,3)) -> 03 | C35: 1 | D35: 2014-2023 | E35: =+IF(F35=0,0,CONCATENATE(MID(F35,FIND("-",F35,1)+1,4),"ORAS")) -> 15 HORAS | F35: 17.CAMION TIPO25m³-15 HORAS-03 OP | G35: =+IF(F35="","",VLOOKUP(F35,$H$139:$I$217,2,FALSE)) -> 1505234
A36: CENTRO 6 ZONA 1 | B36: =+IF(F36=0,0,MID(F36,LEN(F36)-4,3)) -> 03 | C36: 1 | D36: 2014-2023 | E36: =+IF(F36=0,0,CONCATENATE(MID(F36,FIND("-",F36,1)+1,4),"ORAS")) -> 15 HORAS | F36: 17.CAMION TIPO25m³-15 HORAS-03 OP | G36: =+IF(F36="","",VLOOKUP(F36,$H$139:$I$217,2,FALSE)) -> 1505234
A37: CENTRO 6 ZONA 2 | B37: =+IF(F37=0,0,MID(F37,LEN(F37)-4,3)) -> 03 | C37: 1 | D37: 2014-2023 | E37: =+IF(F37=0,0,CONCATENATE(MID(F37,FIND("-",F37,1)+1,4),"ORAS")) -> 15 HORAS | F37: 17.CAMION TIPO25m³-15 HORAS-03 OP | G37: =+IF(F37="","",VLOOKUP(F37,$H$139:$I$217,2,FALSE)) -> 1505234
B38: =+IF(F38=0,0,MID(F38,LEN(F38)-4,3)) -> 0 | D38: 2014-2023 | E38: =+IF(F38=0,0,CONCATENATE(MID(F38,FIND("-",F38,1)+1,4),"ORAS")) -> 0 | F38: 0 | G38: =+IF(F38="","",VLOOKUP(F38,$H$139:$I$217,2,FALSE)) -> 0
F39: 0 | G39: =+IF(F39="","",VLOOKUP(F39,$H$139:$I$217,2,FALSE)) -> 0
A40: valor total | B40: =+B26+B27+B28+B34+B35+B36+B37+B38 -> 24 | C40: =SUM(C26:C32)+C34+C35+C36+C37+C38+C39 -> 8 | E40: =+IF(F40=0,0,CONCATENATE(MID(F40,FIND("-",F40,1)+1,3),"ORAS")) -> 0 | G40: =SUM(G26:G31,G34:G39) -> 13681929
A41: ZONA SUR
A42: RUTAS CICLOVÍA 40 M3
A43: CORREDOR | B43: # OPERARIOS | C43: # CAMIONES | D43: MODELO | E43: DISPONIBILIDAD | F43: TIPO DE SERVICIO | G43: $
A46: SUR 4 | B46: =+IF(F46=0,0,MID(F46,LEN(F46)-4,3)) -> 04 | C46: 1 | D46: 2014-2023 | E46: =+IF(F46=0,0,CONCATENATE(MID(F46,FIND("-",F46,1)+1,4),"ORAS")) -> 15 HORAS | F46: 1.CAMION TIPO40/50m³-15 HORAS-04 OP | G46: =+IF(F46="","",VLOOKUP(F46,$H$139:$I$217,2,FALSE)) -> 1955007
A47: SUR 5 | B47: =+IF(F47=0,0,MID(F47,LEN(F47)-4,3)) -> 04 | C47: 1 | D47: 2014-2023 | E47: =+IF(F47=0,0,CONCATENATE(MID(F47,FIND("-",F47,1)+1,4),"ORAS")) -> 15 HORAS | F47: 1.CAMION TIPO40/50m³-15 HORAS-04 OP | G47: =+IF(F47="","",VLOOKUP(F47,$H$139:$I$217,2,FALSE)) -> 1955007
B48: =+IF(F48=0,0,MID(F48,LEN(F48)-4,3)) -> 0 | F48: 0 | G48: =+IF(F48="","",VLOOKUP(F48,$H$139:$I$217,2,FALSE)) -> 0
B49: =+IF(F49=0,0,MID(F49,LEN(F49)-4,3)) -> 0 | F49: 0 | G49: =+IF(F49="","",VLOOKUP(F49,$H$139:$I$217,2,FALSE)) -> 0
B50: =+IF(F50=0,0,MID(F50,LEN(F50)-4,3)) -> 0 | F50: 0 | G50: =+IF(F50="","",VLOOKUP(F50,$H$139:$I$217,2,FALSE)) -> 0
B51: =+IF(F51=0,0,MID(F51,LEN(F51)-4,3)) -> 0 | F51: 0 | G51: =+IF(F51="","",VLOOKUP(F51,$H$139:$I$217,2,FALSE)) -> 0
A52: RUTAS CICLOVÍA 25 M3
A53: CORREDOR | B53: # OPERARIOS | C53: # CAMIONES | D53: MODELO | E53: DISPONIBILIDAD | F53: TIPO DE SERVICIO | G53: $
A54: SUR 1 ZONA 1 | B54: =+IF(F54=0,0,MID(F54,LEN(F54)-4,3)) -> 03 | C54: 1 | D54: 2014-2023 | E54: =+IF(F54=0,0,CONCATENATE(MID(F54,FIND("-",F54,1)+1,4),"ORAS")) -> 15 HORAS | F54: 17.CAMION TIPO25m³-15 HORAS-03 OP | G54: =+IF(F54="","",VLOOKUP(F54,$H$139:$I$217,2,FALSE)) -> 1505234
A55: SUR 1 ZONA 2 | B55: =+IF(F55=0,0,MID(F55,LEN(F55)-4,3)) -> 03 | C55: 1 | D55: 2014-2023 | E55: =+IF(F55=0,0,CONCATENATE(MID(F55,FIND("-",F55,1)+1,4),"ORAS")) -> 15 HORAS | F55: 17.CAMION TIPO25m³-15 HORAS-03 OP | G55: =+IF(F55="","",VLOOKUP(F55,$H$139:$I$217,2,FALSE)) -> 1505234
A56: SUR 1 MALETINES | B56: =+IF(F56=0,0,MID(F56,LEN(F56)-4,3)) -> 03 | C56: 1 | D56: 2014-2023 | E56: =+IF(F56=0,0,CONCATENATE(MID(F56,FIND("-",F56,1)+1,4),"ORAS")) -> 15 HORAS | F56: 17.CAMION TIPO25m³-15 HORAS-03 OP | G56: =+IF(F56="","",VLOOKUP(F56,$H$139:$I$217,2,FALSE)) -> 1505234
A57: SUR 2 | B57: =+IF(F57=0,0,MID(F57,LEN(F57)-4,3)) -> 03 | C57: 1 | D57: 2014-2023 | E57: =+IF(F57=0,0,CONCATENATE(MID(F57,FIND("-",F57,1)+1,4),"ORAS")) -> 15 HORAS | F57: 17.CAMION TIPO25m³-15 HORAS-03 OP | G57: =+IF(F57="","",VLOOKUP(F57,$H$139:$I$217,2,FALSE)) -> 1505234
A58: SUR 2 CANECAS 1 | B58: =+IF(F58=0,0,MID(F58,LEN(F58)-4,3)) -> 03 | C58: 1 | D58: 2014-2023 | E58: =+IF(F58=0,0,CONCATENATE(MID(F58,FIND("-",F58,1)+1,4),"ORAS")) -> 15 HORAS | F58: 17.CAMION TIPO25m³-15 HORAS-03 OP | G58: =+IF(F58="","",VLOOKUP(F58,$H$139:$I$217,2,FALSE)) -> 1505234
A59: SUR 2 CANECAS 2 | B59: =+IF(F59=0,0,MID(F59,LEN(F59)-4,3)) -> 03 | C59: 1 | D59: 2014-2023 | E59: =+IF(F59=0,0,CONCATENATE(MID(F59,FIND("-",F59,1)+1,4),"ORAS")) -> 15 HORAS | F59: 17.CAMION TIPO25m³-15 HORAS-03 OP | G59: =+IF(F59="","",VLOOKUP(F59,$H$139:$I$217,2,FALSE)) -> 1505234
A60: SUR 2 CANECAS 3 | B60: =+IF(F60=0,0,MID(F60,LEN(F60)-4,3)) -> 03 | C60: 1 | D60: 2014-2023 | E60: =+IF(F60=0,0,CONCATENATE(MID(F60,FIND("-",F60,1)+1,4),"ORAS")) -> 15 HORAS | F60: 17.CAMION TIPO25m³-15 HORAS-03 OP | G60: =+IF(F60="","",VLOOKUP(F60,$H$139:$I$217,2,FALSE)) -> 1505234
A61: SUR 2 CANECAS 4 | B61: =+IF(F61=0,0,MID(F61,LEN(F61)-4,3)) -> 03 | C61: 1 | D61: 2014-2023 | E61: =+IF(F61=0,0,CONCATENATE(MID(F61,FIND("-",F61,1)+1,4),"ORAS")) -> 15 HORAS | F61: 17.CAMION TIPO25m³-15 HORAS-03 OP | G61: =+IF(F61="","",VLOOKUP(F61,$H$139:$I$217,2,FALSE)) -> 1505234
A62: SUR 3 ZONA 1 | B62: =+IF(F62=0,0,MID(F62,LEN(F62)-4,3)) -> 03 | C62: 1 | D62: 2014-2023 | E62: =+IF(F62=0,0,CONCATENATE(MID(F62,FIND("-",F62,1)+1,4),"ORAS")) -> 15 HORAS | F62: 17.CAMION TIPO25m³-15 HORAS-03 OP | G62: =+IF(F62="","",VLOOKUP(F62,$H$139:$I$217,2,FALSE)) -> 1505234
A63: SUR 3 ZONA 2 | B63: =+IF(F63=0,0,MID(F63,LEN(F63)-4,3)) -> 03 | C63: 1 | D63: 2014-2023 | E63: =+IF(F63=0,0,CONCATENATE(MID(F63,FIND("-",F63,1)+1,4),"ORAS")) -> 15 HORAS | F63: 17.CAMION TIPO25m³-15 HORAS-03 OP | G63: =+IF(F63="","",VLOOKUP(F63,$H$139:$I$217,2,FALSE)) -> 1505234
G64: =+IF(F64="","",VLOOKUP(F64,$H$139:$I$217,2,FALSE))
A65: valor total | B65: =+B54+B55+B56+B57+B58+B64+B59+B60+B61+B62+B63+B46+B47+B48+B49+B50+B51 -> 38 | C65: =C59+C60+C61+C62+C63+C46+C47+C48+C49+C50+C54+C55+C56+C57+C58+C64 -> 12 | G65: =SUM(G46:G51,G54:G64) -> 18962354
A67: TOTAL | B67: =B65+B40+B22 -> 85 | C67: =C65+C40+C22 -> 27 | D67: =D65+D40+D22 -> 0 | G67: =SUM(G22,G40,G65) -> 47489164
J68: GRAN TOTAL OPERA | K68: =K25+B67+T33+AB25 -> 112
J69: GRAN TOTAL CAMIONES | K69: =L25+C67+U33+AC25 -> 33 | M69: ZONA NORTE | N69: ZONA CENTRO | O69: ZONA SUR
J70: VALOR $ | K70: =SUM(G67,P25,Y33) -> 62833042 | M70: =SUM(G22,Y20:Y22) -> 17579316 | N70: =SUM(G40,P4:P15,P18:P24,Y4:Y8,Y15:Y16,Y23:Y24) -> 24685649 | O70: =SUM(G46:G51,G54:G63,Y25:Y30) -> 20568077 | P70: =SUM(M70:O70) -> 62833042
A72: OTRAS NOVEDADES DE JORNADA
A73: CONSULTAR EL ARCHIVO EN PDF ANEXO.
A93: Apoyan Guardaines ATN Norte 4, Norte 2 y Norte 3 Apoan Guardianes ATN Norte 1, Centro 1 y Centro 5 Apoyan Guardianes ATN Centro 4, Centro 3 y Sur 3 Apoyan Guardianes ATN Sur 1, Sur 2 y Centro 2
J138: TIPO DE DISPONIBILIDAD | K138: OPERARIOS
F139: 0 | G139: 0 | H139: 0 | I139: 0 | J139: 0 | K139: 0 | L139: 0 | M139: 0 | N139: =+CONCATENATE(G139,"VEHICULO",M139) -> 0VEHICULO0
F140: 40m³/50m³ -15H-4OP | G140: 1. | H140: 1.CAMION TIPO40/50m³-15 HORAS-04 OP | I140: 1955007 | J140: C | K140: 4 | L140: 1 SENCILLO 15H 4OP | M140: . | N140: =+CONCATENATE(G140,F140) -> 1.40m³/50m³ -15H-4OP
F141: 40m³/50m³ -15H-3OP | G141: 2. | H141: 2.CAMION TIPO40/50m³-15 HORAS-03 OP | I141: 1795972 | J141: C | K141: 3 | L141: 2 SENCILLO 15H 3OP | M141: . | N141: =+CONCATENATE(G141,F141) -> 2.40m³/50m³ -15H-3OP
F142: 40m³/50m³-15H-2OP | G142: 3. | H142: 3.CAMION TIPO40/50m³-15 HORAS-02 OP | I142: 1435144 | J142: C | K142: 2 | L142: 3 SENCILLO 15H 2OP | M142: . | N142: =+CONCATENATE(G142,F142) -> 3.40m³/50m³-15H-2OP
F143: 40m³/50m³-15H-1OP | G143: 4. | H143: 4.CAMION TIPO40/50m³-15 HORAS-01 OP | I143: 942678 | J143: C | K143: 1 | L143: 4 SENCILLO 15H 1OP | M143: . | N143: =+CONCATENATE(G143,F143) -> 4.40m³/50m³-15H-1OP
F144: 40m³/50m³-15H-0OP | G144: 5. | H144: 5.CAMION TIPO40/50m³-15 HORAS-00 OP | I144: 745988 | J144: C | K144: 0 | L144: 5 SENCILLO 15H 0OP | M144: . | N144: =+CONCATENATE(G144,F144) -> 5.40m³/50m³-15H-0OP
F145: 40m³/50m³-9H-4OP | G145: 6. | H145: 6.CAMION TIPO40/50m³-09 HORAS-04 OP | I145: 1665773 | J145: M | K145: 4 | L145: 6 SENCILLO M 4OP | M145: . | N145: =+CONCATENATE(G145,F145) -> 6.40m³/50m³-9H-4OP
F146: 40m³/50m³-9H-3OP | G146: 7. | H146: 7.CAMION TIPO40/50m³-09 HORAS-03 OP | I146: 1499814 | J146: M | K146: 3 | L146: 7 SENCILLO M 3OP | M146: . | N146: =+CONCATENATE(G146,F146) -> 7.40m³/50m³-9H-3OP
F147: 40m³/50m³-9H-2OP | G147: 8. | H147: 8.CAMION TIPO40/50m³-09 HORAS-02 OP | I147: 1222505 | J147: M | K147: 2 | L147: 8 SENCILLO M 2OP | M147: . | N147: =+CONCATENATE(G147,F147) -> 8.40m³/50m³-9H-2OP
F148: 40m³/50m³-9H-1OP | G148: 9. | H148: 9.CAMION TIPO40/50m³-09 HORAS-01 OP | I148: 769092 | J148: M | K148: 1 | L148: 9 SENCILLO M 1OP | M148: . | N148: =+CONCATENATE(G148,F148) -> 9.40m³/50m³-9H-1OP
F149: 40m³/50m³-9H-0OP | G149: 10. | H149: 10.CAMION TIPO40/50m³-09 HORAS-00 OP | I149: 604794 | J149: M | K149: 0 | L149: 10 SENCILLO M 0OP | M149: . | N149: =+CONCATENATE(G149,F149) -> 10.40m³/50m³-9H-0OP
F150: 40m³/50m³-4H-4OP | G150: 11. | H150: 11.CAMION TIPO40/50m³-04 HORAS-04 OP | I150: 1382917 | J150: R | K150: 4 | L150: 11 SENCILLO R 4OP | M150: . | N150: =+CONCATENATE(G150,F150) -> 11.40m³/50m³-4H-4OP
F151: 40m³/50m³-4H-3OP | G151: 12. | H151: 12.CAMION TIPO40/50m³-04 HORAS-03 OP | I151: 1230935 | J151: R | K151: 3 | L151: 12 SENCILLO R 3OP | M151: . | N151: =+CONCATENATE(G151,F151) -> 12.40m³/50m³-4H-3OP
... F187: OPERARIO-9-H | G187: 48. | H187: 48.OPERARIO-09 HORAS-00 OP | I187: 221732 | J187: M | K187: 0 | L187: 42 OPERARIO 9 H | M187: . | N187: =+CONCATENATE(G187,F187) -> 48.OPERARIO-9-H
F188: OPERARIO-4-H | G188: 49. | H188: 49.OPERARIO-04 HORAS-00 OP | I188: 160134 | J188: R | L188: 43 OPERARIO 4H | M188: . | N188: =+CONCATENATE(G188,F188) -> 49.OPERARIO-4-H
F189: COORDINADOR X DIA | G189: 50. | H189: 50. COORD X DIA | I189: 477011 | J189: C | L189: 44 COORD X DIA | M189: . | N189: =+CONCATENATE(G189,F189) -> 50.COORDINADOR X DIA
F190: BOGOTA SUMAPAZ 40/50m³ 15H-4OP | G190: 51. | H190: 51.BOGOTA-SUMAPAZ-40/50m³ -15 HORAS-04 OP | I190: 1370200 | J190: C | K190: 4 | L190: 45 SENCILLO 15H SUMAPAZ 4OP | M190: . | N190: =+CONCATENATE(G190,F190) -> 51.BOGOTA SUMAPAZ 40/50m³ 15H-4OP
F191: BOGOTA FUNZA 40/50m³ 15H-4OP | G191: 52. | H191: 52.BOGOTA-FUNZA-40/50m³ -15 HORAS-04 OP | I191: 1259700 | J191: C | K191: 4 | L191: 46 SENCILLO 15H FUNZA 4OP | M191: . | N191: =+CONCATENATE(G191,F191) -> 52.BOGOTA FUNZA 40/50m³ 15H-4OP
F192: BOGOTA COTA 40/50m³ 15H-4OP | G192: 53. | H192: 53.BOGOTA-COTA-40/50m³ -15 HORAS-04 OP | I192: 1266330 | J192: C | K192: 4 | L192: 47 SENCILLO 15H COTA 4OP | M192: . | N192: =+CONCATENATE(G192,F192) -> 53.BOGOTA COTA 40/50m³ 15H-4OP
F193: BOGOTA FUSA 40/50m³ 15H-4OP | G193: 54. | H193: 54.BOGOTA-FUSA-40/50m³ -15 HORAS-04 OP | I193: 1450865 | J193: C | K193: 4 | L193: 48 SENCILLO 15H FUSA 4OP | M193: . | N193: =+CONCATENATE(G193,F193) -> 54.BOGOTA FUSA 40/50m³ 15H-4OP
F194: BOGOTA SOACHA 40/50m³ 15H-4OP | G194: 55. | H194: 55.BOGOTA-SOACHA-40/50m³ -15 HORAS-04 OP | I194: 1328210 | J194: C | K194: 4 | L194: 49 SENCILLO 15H SOACHA 4OP | M194: . | N194: =+CONCATENATE(G194,F194) -> 55.BOGOTA SOACHA 40/50m³ 15H-4OP
F195: BOGOTA SOACHA 40/50m³ 9H-4OP | G195: 56. | H195: 56.BOGOTA-SOACHA-40/50m³ -09 HORAS-04 OP | I195: 933725 | J195: M | K195: 3 | L195: 50 SENCILLO 09H SOACHA 4OP | M195: . | N195: =+CONCATENATE(G195,F195) -> 56.BOGOTA SOACHA 40/50m³ 9H-4OP
F196: BOGOTA SUMAPAZ 25m³ 15H-4OP | G196: 57. | H196: 57.BOGOTA-SUMAPAZ-25m³ -15 HORAS-04 OP | I196: 1102790 | J196: C | K196: 4 | L196: 51 SENCILLO 15H SUMAPAZ 4OP | M196: . | N196: =+CONCATENATE(G196,F196) -> 57.BOGOTA SUMAPAZ 25m³ 15H-4OP
F197: BOGOTA FUNZA 25m³ 15H-4OP | G197: 58. | H197: 58.BOGOTA-FUNZA-25m³ -15 HORAS-04 OP | I197: 877370 | J197: C | K197: 4 | L197: 52 SENCILLO 15H FUNZA 4OP | M197: . | N197: =+CONCATENATE(G197,F197) -> 58.BOGOTA FUNZA 25m³ 15H-4OP
F198: BOGOTA COTA 25m³ 15H-4OP | G198: 59. | H198: 59.BOGOTA-COTA-25m³ -15 HORAS-04 OP | I198: 876265 | J198: C | K198: 4 | L198: 53 SENCILLO 15H COTA 4OP | M198: . | N198: =+CONCATENATE(G198,F198) -> 59.BOGOTA COTA 25m³ 15H-4OP
F199: BOGOTA FUSA 25m³ 15H-4OP | G199: 60. | H199: 60.BOGOTA-FUSA-25m³ -15 HORAS-04 OP | I199: 839800 | J199: C | K199: 4 | L199: 54 SENCILLO 15H FUSA 4OP | M199: . | N199: =+CONCATENATE(G199,F199) -> 60.BOGOTA FUSA 25m³ 15H-4OP
F200: BOGOTA SOACHA 25m³ 15H-4OP | G200: 61. | H200: 61.BOGOTA-SOACHA-25m³ -15 HORAS-04 OP | I200: 1014390 | J200: C | K200: 4 | L200: 55 SENCILLO 15H SOACHA 4OP | M200: . | N200: =+CONCATENATE(G200,F200) -> 61.BOGOTA SOACHA 25m³ 15H-4OP
F201: BOGOTA SOACHA 25m³ 9H-4OP | G201: 62. | H201: 62.BOGOTA-SOACHA-25m³ -09 HORAS-04 OP | I201: 822120 | J201: M | K201: 4 | L201: 56 SENCILLO 09H SOACHA 4OP | M201: . | N201: =+CONCATENATE(G201,F201) -> 62.BOGOTA SOACHA 25m³ 9H-4OP
F202: BOGOTA SUMAPAZ FURGONADA-15H | G202: 63. | H202: 63.BOGOTA-SUMAPAZ FURGONADA 15 HORAS-00 PO | I202: 751400 | J202: C | L202: 57 BOGOTA SUMAPAZ FURGONADA 15H | M202: . | N202: =+CONCATENATE(G202,F202) -> 63.BOGOTA SUMAPAZ FURGONADA-15H
...

Sheet 05 DE ABRIL
A1: ZONA NORTE
A2: RUTAS CICLOVÍA 40 M3 | I2: LUDICA CICLOVÍA, ESCUELA DE LA BICI, ADICIONALES 25 M3 | R2: CONOS CICLOVÍA 25 M3
A3: CORREDOR | B3: # OPERARIOS | C3: # CAMIONES | D3: MODELO | E3: DISPONIBILIDAD | F3: TIPO DE SERVICIO | G3: $ | I3: ZONA | J3: CORREDOR | K3: # OPERARIOS | L3: # CAMIONES | M3: MODELO | N3: DISPONIBILIDAD | O3: TIPO DE SERVICIO | P3: $ | R3: ZONA | S3: CORREDOR | T3: # OPERARIOS | U3: # CAMIONES | V3: MODELO | W3: DISPONIBILIDAD | X3: TIPO DE SERVICIO | Y3: $
A4: NORTE 1 | B4: =+IF(F4=0,0,MID(F4,LEN(F4)-4,3)) -> 04 | C4: 1 | D4: 2014-2023 | E4: =+IF(F4=0,0,CONCATENATE(MID(F4,FIND("-",F4,1)+1,4),"ORAS")) -> 15 HORAS | F4: 1.CAMION TIPO40/50m³-15 HORAS-04 OP | G4: =+IF(F4="","",VLOOKUP(F4,$H$139:$I$217,2,FALSE)) -> 1955007 | I4: CENTRO | J4: CAMIONETA FURGONADA PENDONES CALLE 26 | K4: =+IF(O4=0,0,MID(O4,LEN(O4)-4,3)) -> 03 | L4: 1 | M4: 2014-2023 | N4: =+IF(O4=0,0,CONCATENATE(MID(O4,FIND("-",O4,1)+1,4),"ORAS")) -> 15 HORAS | O4: 31.CAMION TIPOFURGON-15 HORAS-03 OP | P4: =+IF(O4="","",VLOOKUP(O4,$H$139:$I$217,2,FALSE)) -> 1019917 | R4: CENTRO | S4: CENTRO 5 CAMION 1 UNICONOS | T4: 4 | U4: 1 | V4: 2014-2023 | W4: =+IF(X4=0,0,CONCATENATE(MID(X4,FIND("-",X4,1)+1,4),"ORAS")) -> 15 HORAS | X4: 16.CAMION TIPO25m³-15 HORAS-04 OP | Y4: =+IF(X4="","",VLOOKUP(X4,$H$139:$I$217,2,FALSE)) -> 1691890
A5: NORTE 2 | B5: =+IF(F5=0,0,MID(F5,LEN(F5)-4,3)) -> 03 | C5: 1 | D5: 2014-2023 | E5: =+IF(F5=0,0,CONCATENATE(MID(F5,FIND("-",F5,1)+1,4),"ORAS")) -> 15 HORAS | F5: 2.CAMION TIPO40/50m³-15 HORAS-03 OP | G5: =+IF(F5="","",VLOOKUP(F5,$H$139:$I$217,2,FALSE)) -> 1795972 | K5: =+IF(O5=0,0,MID(O5,LEN(O5)-4,3)) -> 0 | N5: =+IF(O5=0,0,CONCATENATE(MID(O5,FIND("-",O5,1)+1,4),"ORAS")) -> 0 | O5: 0 | P5: =+IF(O5="","",VLOOKUP(O5,$H$139:$I$217,2,FALSE)) -> 0 | R5: CENTRO | S5: CENTRO 5 CAMION 2 UNICONOS | T5: 4 | U5: 1 | V5: 2014-2023 | W5: =+IF(X5=0,0,CONCATENATE(MID(X5,FIND("-",X5,1)+1,4),"ORAS")) -> 15 HORAS | X5: 16.CAMION TIPO25m³-15 HORAS-04 OP | Y5: =+IF(X5="","",VLOOKUP(X5,$H$139:$I$217,2,FALSE)) -> 1691890
A6: NORTE 3 | B6: =+IF(F6=0,0,MID(F6,LEN(F6)-4,3)) -> 03 | C6: 1 | D6: 2014-2023 | E6: =+IF(F6=0,0,CONCATENATE(MID(F6,FIND("-",F6,1)+1,4),"ORAS")) -> 15 HORAS | F6: 2.CAMION TIPO40/50m³-15 HORAS-03 OP | G6: =+IF(F6="","",VLOOKUP(F6,$H$139:$I$217,2,FALSE)) -> 1795972 | K6: =+IF(O6=0,0,MID(O6,LEN(O6)-4,3)) -> 0 | N6: =+IF(O6=0,0,CONCATENATE(MID(O6,FIND("-",O6,1)+1,4),"ORAS")) -> 0 | O6: 0 | P6: =+IF(O6="","",VLOOKUP(O6,$H$139:$I$217,2,FALSE)) -> 0 | R6: CENTRO | S6: CENTRO 4 CAMION 3 UNICONOS | T6: 4 | U6: 1 | V6: 2014-2023 | W6: =+IF(X6=0,0,CONCATENATE(MID(X6,FIND("-",X6,1)+1,4),"ORAS")) -> 15 HORAS | X6: 16.CAMION TIPO25m³-15 HORAS-04 OP | Y6: =+IF(X6="","",VLOOKUP(X6,$H$139:$I$217,2,FALSE)) -> 1691890
A7: NORTE 4 | B7: =+IF(F7=0,0,MID(F7,LEN(F7)-4,3)) -> 03 | C7: 1 | D7: 2014-2023 | E7: =+IF(F7=0,0,CONCATENATE(MID(F7,FIND("-",F7,1)+1,4),"ORAS")) -> 15 HORAS | F7: 2.CAMION TIPO40/50m³-15 HORAS-03 OP | G7: =+IF(F7="","",VLOOKUP(F7,$H$139:$I$217,2,FALSE)) -> 1795972 | K7: =+IF(O7=0,0,MID(O7,LEN(O7)-4,3)) -> 0 | N7: =+IF(O7=0,0,CONCATENATE(MID(O7,FIND("-",O7,1)+1,4),"ORAS")) -> 0 | O7: 0 | P7: =+IF(O7="","",VLOOKUP(O7,$H$139:$I$217,2,FALSE)) -> 0 | X7: 0 | Y7: 0
A8: NORTE 5 ZONA 1 | B8: =+IF(F8=0,0,MID(F8,LEN(F8)-4,3)) -> 03 | C8: 1 | D8: 2014-2023 | E8: =+IF(F8=0,0,CONCATENATE(MID(F8,FIND("-",F8,1)+1,4),"ORAS")) -> 15 HORAS | F8: 2.CAMION TIPO40/50m³-15 HORAS-03 OP | G8: =+IF(F8="","",VLOOKUP(F8,$H$139:$I$217,2,FALSE)) -> 1795972 | K8: =+IF(O8=0,0,MID(O8,LEN(O8)-4,3)) -> 0 | N8: =+IF(O8=0,0,CONCATENATE(MID(O8,FIND("-",O8,1)+1,4),"ORAS")) -> 0 | O8: 0 | P8: =+IF(O8="","",VLOOKUP(O8,$H$139:$I$217,2,FALSE)) -> 0 | U8: 3
A9: NORTE 5 ZONA 2 | B9: =+IF(F9=0,0,MID(F9,LEN(F9)-4,3)) -> 03 | C9: 1 | D9: 2014-2023 | E9: =+IF(F9=0,0,CONCATENATE(MID(F9,FIND("-",F9,1)+1,4),"ORAS")) -> 15 HORAS | F9: 2.CAMION TIPO40/50m³-15 HORAS-03 OP | G9: =+IF(F9="","",VLOOKUP(F9,$H$139:$I$217,2,FALSE)) -> 1795972 | K9: =+IF(O9=0,0,MID(O9,LEN(O9)-4,3)) -> 0 | N9: =+IF(O9=0,0,CONCATENATE(MID(O9,FIND("-",O9,1)+1,4),"ORAS")) -> 0 | O9: 0 | P9: =+IF(O9="","",VLOOKUP(O9,$H$139:$I$217,2,FALSE)) -> 0
A10: NORTE 1 CONOS | B10: =+IF(F10=0,0,MID(F10,LEN(F10)-4,3)) -> 04 | C10: 1 | D10: 2014-2023 | E10: =+IF(F10=0,0,CONCATENATE(MID(F10,FIND("-",F10,1)+1,4),"ORAS")) -> 15 HORAS | F10: 1.CAMION TIPO40/50m³-15 HORAS-04 OP | G10: =+IF(F10="","",VLOOKUP(F10,$H$139:$I$217,2,FALSE)) -> 1955007
A11: NORTE 1 CONTRAFLUJOS | B11: =+IF(F11=0,0,MID(F11,LEN(F11)-4,3)) -> 04 | C11: 1 | D11: 2014-2023 | E11: =+IF(F11=0,0,CONCATENATE(MID(F11,FIND("-",F11,1)+1,4),"ORAS")) -> 15 HORAS | F11: 1.CAMION TIPO40/50m³-15 HORAS-04 OP | G11: =+IF(F11="","",VLOOKUP(F11,$H$139:$I$217,2,FALSE)) -> 1955007
G12: =+IF(F12="","",VLOOKUP(F12,$H$139:$I$217,2,FALSE))
B13: =+B10+B9+B8+B7+B6+B5+B4 -> 23 | C13: =+C10+C9+C8+C7+C6+C5+C4 -> 7 | G13: =SUM(G4:G12) -> 14844881 | R13: OPERARIOS ADICIONALES
A14: RUTAS CICLOVÍA 25 M3 | R14: ZONA | S14: CORREDOR | T14: # OPERARIOS | U14: # CAMIONES | V14: MODELO | W14: DISPONIBILIDAD | X14: TIPO DE SERVICIO | Y14: $
A15: CORREDOR | B15: # OPERARIOS | C15: # CAMIONES | D15: MODELO | E15: DISPONIBILIDAD | F15: TIPO DE SERVICIO | G15: $ | R15: CENTRO | S15: APOYO CICLOVÍA | T15: 0 | U15: 0 | V15: 2014-2023 | W15: =+IF(X15=0,0,CONCATENATE(MID(X15,FIND("-",X15,1)+1,4),"ORAS")) -> 0 | X15: 0 | Y15: =+IF(X15="","",VLOOKUP(X15,$H$139:$I$217,2,FALSE))*T15 -> 0
B16: =+IF(F16=0,0,MID(F16,LEN(F16)-4,3)) -> 0 | E16: =+IF(F16=0,0,CONCATENATE(MID(F16,FIND("-",F16,1)+1,4),"ORAS")) -> 0 | F16: 0 | G16: =+IF(F16="","",VLOOKUP(F16,$H$139:$I$217,2,FALSE)) -> 0 | I16: ATN CICLOVÍA, ESCUELA DE LA BICI, ADICIONALES 40 M3 | W16: =+IF(X16=0,0,CONCATENATE(MID(X16,FIND("-",X16,1)+1,4),"ORAS")) -> 0 | X16: 0 | Y16: =+IF(X16="","",VLOOKUP(X16,$H$139:$I$217,2,FALSE))*T16 -> 0
F17: 0 | G17: =+IF(F17="","",VLOOKUP(F17,$H$139:$I$217,2,FALSE)) -> 0 | I17: ZONA | J17: CORREDOR | K17: # OPERARIOS | L17: # CAMIONES | M17: MODELO | N17: DISPONIBILIDAD | O17: TIPO DE SERVICIO | P17: $
F18: 0 | G18: =+IF(F18="","",VLOOKUP(F18,$H$139:$I$217,2,FALSE)) -> 0 | I18: CENTRO | J18: CICLOVIA TE CUIDA | K18: =+IF(O18=0,0,MID(O18,LEN(O18)-4,3)) -> 04 | L18: 1 | M18: 2014-2023 | N18: =+IF(O18=0,0,CONCATENATE(MID(O18,FIND("-",O18,1)+1,4),"ORAS")) -> 09 HORAS | O18: 6.CAMION TIPO40/50m³-09 HORAS-04 OP | P18: =+IF(O18="","",VLOOKUP(O18,$H$139:$I$217,2,FALSE)) -> 1665773 | R18: CAMIONETA 4 X4 DOBLE CABINA CON PLATON
F19: 0 | G19: =+IF(F19="","",VLOOKUP(F19,$H$139:$I$217,2,FALSE)) -> 0 | I19: CENTRO | J19: ESCUELA | K19: =+IF(O19=0,0,MID(O19,LEN(O19)-4,3)) -> 02 | L19: 1 | M19: 2014-2023 | N19: =+IF(O19=0,0,CONCATENATE(MID(O19,FIND("-",O19,1)+1,4),"ORAS")) -> 15 HORAS | O19: 3.CAMION TIPO40/50m³-15 HORAS-02 OP | P19: =+IF(O19="","",VLOOKUP(O19,$H$139:$I$217,2,FALSE)) -> 1435144 | R19: ZONA | S19: CORREDOR | T19: # OPERARIOS | U19: # CAMIONES | V19: MODELO | W19: DISPONIBILIDAD | X19: TIPO DE SERVICIO | Y19: $
F20: 0 | G20: =+IF(F20="","",VLOOKUP(F20,$H$139:$I$217,2,FALSE)) -> 0 | I20: CENTRO | J20: CICLOVÍA ALTERNATIVA 1 | K20: =+IF(O20=0,0,MID(O20,LEN(O20)-4,3)) -> 04 | L20: 1 | M20: 2014-2023 | N20: =+IF(O20=0,0,CONCATENATE(MID(O20,FIND("-",O20,1)+1,4),"ORAS")) -> 15 HORAS | O20: 1.CAMION TIPO40/50m³-15 HORAS-04 OP | P20: =+IF(O20="","",VLOOKUP(O20,$H$139:$I$217,2,FALSE)) -> 1955007 | R20: NORTE | S20: COORDINADOR ZONA NORTE | T20: NA | U20: NA | V20: 2014-2023 | W20: =+IF(X20=0,0,CONCATENATE(MID(X20,FIND("-",X20,1)+1,4),"ORAS")) -> #VALUE! | X20: 50. COORD X DIA | Y20: =+IF(X20="","",VLOOKUP(X20,$H$139:$I$217,2,FALSE)) -> 477011
F21: 0 | G21: =+IF(F21="","",VLOOKUP(F21,$H$139:$I$217,2,FALSE)) -> 0 | O21: 0 | P21: =+IF(O21="","",VLOOKUP(O21,$H$139:$I$217,2,FALSE)) -> 0 | R21: NORTE | S21: APOYO CICLOVÍA | T21: NA | U21: NA | V21: 2014-2023 | W21: =+IF(X21=0,0,CONCATENATE(MID(X21,FIND("-",X21,1)+1,4),"ORAS")) -> 15 HORAS | X21: 40.4X4-15 HORAS-00 OP | Y21: =+IF(X21="","",VLOOKUP(X21,$H$139:$I$217,2,FALSE)) -> 1128712
A22: valor total | B22: =SUM(B4:B13)+B16+B17+B18+B19+B20+B21 -> 23 | C22: =+C4+C5+C6+C7+C8+C9+C10+C16 -> 7 | G22: =SUM(G13,G16:G21) -> 14844881 | O22: 0 | P22: =+IF(O22="","",VLOOKUP(O22,$H$139:$I$217,2,FALSE)) -> 0 | R22: NORTE | S22: APOYO CICLOVÍA | T22: NA | U22: NA | V22: 2014-2023 | W22: =+IF(X22=0,0,CONCATENATE(MID(X22,FIND("-",X22,1)+1,4),"ORAS")) -> 15 HORAS | X22: 40.4X4-15 HORAS-00 OP | Y22: =+IF(X22="","",VLOOKUP(X22,$H$139:$I$217,2,FALSE)) -> 1128712
A23: ZONA CENTRO | R23: CENTRO | S23: COORDINADOR ZONA CENTRO | T23: NA | U23: NA | V23: 2014-2023 | W23: =+IF(X23=0,0,CONCATENATE(MID(X23,FIND("-",X23,1)+1,4),"ORAS")) -> #VALUE! | X23: 50. COORD X DIA | Y23: =+IF(X23="","",VLOOKUP(X23,$H$139:$I$217,2,FALSE)) -> 477011
A24: RUTAS CICLOVÍA 40 M3 | R24: CENTRO | S24: CAMION 3 | T24: NA | U24: 1 | V24: 2014-2024 | W24: =+IF(X24=0,0,CONCATENATE(MID(X24,FIND("-",X24,1)+1,4),"ORAS")) -> 15 HORAS | X24: 32.CAMION TIPOFURGON-15 HORAS-02 OP | Y24: =+IF(X24="","",VLOOKUP(X24,$H$139:$I$217,2,FALSE)) -> 832623
A25: CORREDOR | B25: # OPERARIOS | C25: # CAMIONES | D25: MODELO | E25: DISPONIBILIDAD | F25: TIPO DE SERVICIO | G25: $ | J25: TOTAL | K25: =K4+K5+K6+K7+K8+K9+K18+K19+K20 -> 13 | L25: =SUM(L4:L24) -> 4 | P25: =SUM(P4:P24) -> 6075841 | R25: SUR | S25: APOYO CICLOVÍA | T25: NA | U25: NA | V25: 2014-2024 | W25: =+IF(X25=0,0,CONCATENATE(MID(X25,FIND("-",X25,1)+1,4),"ORAS")) -> 15 HORAS | X25: 40.4X4-15 HORAS-00 OP | Y25: =+IF(X25="","",VLOOKUP(X25,$H$139:$I$217,2,FALSE)) -> 1128712
A26: CENTRO 1 | B26: =+IF(F26=0,0,MID(F26,LEN(F26)-4,3)) -> 04 | C26: 1 | D26: 2014-2023 | E26: =+IF(F26=0,0,CONCATENATE(MID(F26,FIND("-",F26,1)+1,4),"ORAS")) -> 15 HORAS | F26: 1.CAMION TIPO40/50m³-15 HORAS-04 OP | G26: =+IF(F26="","",VLOOKUP(F26,$H$139:$I$217,2,FALSE)) -> 1955007 | R26: SUR | S26: COORDINADOR ZONA SUR | T26: NA | U26: NA | V26: 2014-2026 | W26: =+IF(X26=0,0,CONCATENATE(MID(X26,FIND("-",X26,1)+1,4),"ORAS")) -> #VALUE! | X26: 50. COORD X DIA | Y26: =+IF(X26="","",VLOOKUP(X26,$H$139:$I$217,2,FALSE)) -> 477011
A27: CENTRO 2 | B27: =+IF(F27=0,0,MID(F27,LEN(F27)-4,3)) -> 04 | C27: 1 | D27: 2014-2023 | E27: =+IF(F27=0,0,CONCATENATE(MID(F27,FIND("-",F27,1)+1,4),"ORAS")) -> 15 HORAS | F27: 1.CAMION TIPO40/50m³-15 HORAS-04 OP | G27: =+IF(F27="","",VLOOKUP(F27,$H$139:$I$217,2,FALSE)) -> 1955007 | W27: =+IF(X27=0,0,CONCATENATE(MID(X27,FIND("-",X27,1)+1,4),"ORAS")) -> 0 | X27: 0 | Y27: =+IF(X27="","",VLOOKUP(X27,$H$139:$I$217,2,FALSE)) -> 0
A28: CENTRO 4 | B28: =+IF(F28=0,0,MID(F28,LEN(F28)-4,3)) -> 04 | C28: 1 | D28: 2014-2023 | E28: =+IF(F28=0,0,CONCATENATE(MID(F28,FIND("-",F28,1)+1,4),"ORAS")) -> 15 HORAS | F28: 1.CAMION TIPO40/50m³-15 HORAS-04 OP | G28: =+IF(F28="","",VLOOKUP(F28,$H$139:$I$217,2,FALSE)) -> 1955007 | W28: =+IF(X28=0,0,CONCATENATE(MID(X28,FIND("-",X28,1)+1,4),"ORAS")) -> 0 | X28: 0 | Y28: =+IF(X28="","",VLOOKUP(X28,$H$139:$I$217,2,FALSE)) -> 0
A29: CENTRO 5 | B29: =+IF(F29=0,0,MID(F29,LEN(F29)-4,3)) -> 03 | C29: 1 | D29: 2014-2023 | E29: =+IF(F29=0,0,CONCATENATE(MID(F29,FIND("-",F29,1)+1,4),"ORAS")) -> 15 HORAS | F29: 2.CAMION TIPO40/50m³-15 HORAS-03 OP | G29: =+IF(F29="","",VLOOKUP(F29,$H$139:$I$217,2,FALSE)) -> 1795972 | W29: =+IF(X29=0,0,CONCATENATE(MID(X29,FIND("-",X29,1)+1,4),"ORAS")) -> 0 | X29: 0 | Y29: =+IF(X29="","",VLOOKUP(X29,$H$139:$I$217,2,FALSE)) -> 0
F30: 0 | G30: =+IF(F30="","",VLOOKUP(F30,$H$139:$I$217,2,FALSE)) -> 0 | W30: =+IF(X30=0,0,CONCATENATE(MID(X30,FIND("-",X30,1)+1,4),"ORAS")) -> 0 | X30: 0 | Y30: =+IF(X30="","",VLOOKUP(X30,$H$139:$I$217,2,FALSE)) -> 0
G31: =+IF(F31="","",VLOOKUP(F31,$H$139:$I$217,2,FALSE))
A32: RUTAS CICLOVÍA 25 M3
B33: # OPERARIOS | C33: # CAMIONES | D33: MODELO | F33: TIPO DE SERVICIO | G33: $ | S33: TOTAL | T33: =+T15+T16+T4+T5+T6+T7 -> 12 | U33: =SUM(U4:U7,U24) -> 4 | Y33: =SUM(Y4:Y30) -> 10725462
A34: CENTRO 3 ZONA 1 | B34: =+IF(F34=0,0,MID(F34,LEN(F34)-4,3)) -> 03 | C34: 1 | D34: 2014-2023 | E34: =+IF(F34=0,0,CONCATENATE(MID(F34,FIND("-",F34,1)+1,4),"ORAS")) -> 15 HORAS | F34: 17.CAMION TIPO25m³-15 HORAS-03 OP | G34: =+IF(F34="","",VLOOKUP(F34,$H$139:$I$217,2,FALSE)) -> 1505234
A35: CENTRO 3 ZONA 2 | B35: =+IF(F35=0,0,MID(F35,LEN(F35)-4,3)) -> 03 | C35: 1 | D35: 2014-2023 | E35: =+IF(F35=0,0,CONCATENATE(MID(F35,FIND("-",F35,1)+1,4),"ORAS")) -> 15 HORAS | F35: 17.CAMION TIPO25m³-15 HORAS-03 OP | G35: =+IF(F35="","",VLOOKUP(F35,$H$139:$I$217,2,FALSE)) -> 1505234
A36: CENTRO 6 ZONA 1 | B36: =+IF(F36=0,0,MID(F36,LEN(F36)-4,3)) -> 03 | C36: 1 | D36: 2014-2023 | E36: =+IF(F36=0,0,CONCATENATE(MID(F36,FIND("-",F36,1)+1,4),"ORAS")) -> 15 HORAS | F36: 17.CAMION TIPO25m³-15 HORAS-03 OP | G36: =+IF(F36="","",VLOOKUP(F36,$H$139:$I$217,2,FALSE)) -> 1505234
A37: CENTRO 6 ZONA 2 | B37: =+IF(F37=0,0,MID(F37,LEN(F37)-4,3)) -> 03 | C37: 1 | D37: 2014-2023 | E37: =+IF(F37=0,0,CONCATENATE(MID(F37,FIND("-",F37,1)+1,4),"ORAS")) -> 15 HORAS | F37: 17.CAMION TIPO25m³-15 HORAS-03 OP | G37: =+IF(F37="","",VLOOKUP(F37,$H$139:$I$217,2,FALSE)) -> 1505234
B38: =+IF(F38=0,0,MID(F38,LEN(F38)-4,3)) -> 0 | D38: 2014-2023 | E38: =+IF(F38=0,0,CONCATENATE(MID(F38,FIND("-",F38,1)+1,4),"ORAS")) -> 0 | F38: 0 | G38: =+IF(F38="","",VLOOKUP(F38,$H$139:$I$217,2,FALSE)) -> 0
F39: 0 | G39: =+IF(F39="","",VLOOKUP(F39,$H$139:$I$217,2,FALSE)) -> 0
A40: valor total | B40: =+B26+B27+B28+B34+B35+B36+B37+B38 -> 24 | C40: =SUM(C26:C32)+C34+C35+C36+C37+C38+C39 -> 8 | E40: =+IF(F40=0,0,CONCATENATE(MID(F40,FIND("-",F40,1)+1,3),"ORAS")) -> 0 | G40: =SUM(G26:G31,G34:G39) -> 13681929
A41: ZONA SUR
A42: RUTAS CICLOVÍA 40 M3
A43: CORREDOR | B43: # OPERARIOS | C43: # CAMIONES | D43: MODELO | E43: DISPONIBILIDAD | F43: TIPO DE SERVICIO | G43: $
A46: SUR 4 | B46: =+IF(F46=0,0,MID(F46,LEN(F46)-4,3)) -> 04 | C46: 1 | D46: 2014-2023 | E46: =+IF(F46=0,0,CONCATENATE(MID(F46,FIND("-",F46,1)+1,4),"ORAS")) -> 15 HORAS | F46: 1.CAMION TIPO40/50m³-15 HORAS-04 OP | G46: =+IF(F46="","",VLOOKUP(F46,$H$139:$I$217,2,FALSE)) -> 1955007
A47: SUR 5 | B47: =+IF(F47=0,0,MID(F47,LEN(F47)-4,3)) -> 04 | C47: 1 | D47: 2014-2023 | E47: =+IF(F47=0,0,CONCATENATE(MID(F47,FIND("-",F47,1)+1,4),"ORAS")) -> 15 HORAS | F47: 1.CAMION TIPO40/50m³-15 HORAS-04 OP | G47: =+IF(F47="","",VLOOKUP(F47,$H$139:$I$217,2,FALSE)) -> 1955007
B48: =+IF(F48=0,0,MID(F48,LEN(F48)-4,3)) -> 0 | F48: 0 | G48: =+IF(F48="","",VLOOKUP(F48,$H$139:$I$217,2,FALSE)) -> 0
B49: =+IF(F49=0,0,MID(F49,LEN(F49)-4,3)) -> 0 | F49: 0 | G49: =+IF(F49="","",VLOOKUP(F49,$H$139:$I$217,2,FALSE)) -> 0
B50: =+IF(F50=0,0,MID(F50,LEN(F50)-4,3)) -> 0 | F50: 0 | G50: =+IF(F50="","",VLOOKUP(F50,$H$139:$I$217,2,FALSE)) -> 0
B51: =+IF(F51=0,0,MID(F51,LEN(F51)-4,3)) -> 0 | F51: 0 | G51: =+IF(F51="","",VLOOKUP(F51,$H$139:$I$217,2,FALSE)) -> 0
A52: RUTAS CICLOVÍA 25 M3
A53: CORREDOR | B53: # OPERARIOS | C53: # CAMIONES | D53: MODELO | E53: DISPONIBILIDAD | F53: TIPO DE SERVICIO | G53: $
A54: SUR 1 ZONA 1 | B54: =+IF(F54=0,0,MID(F54,LEN(F54)-4,3)) -> 03 | C54: 1 | D54: 2014-2023 | E54: =+IF(F54=0,0,CONCATENATE(MID(F54,FIND("-",F54,1)+1,4),"ORAS")) -> 15 HORAS | F54: 17.CAMION TIPO25m³-15 HORAS-03 OP | G54: =+IF(F54="","",VLOOKUP(F54,$H$139:$I$217,2,FALSE)) -> 1505234
A55: SUR 1 ZONA 2 | B55: =+IF(F55=0,0,MID(F55,LEN(F55)-4,3)) -> 03 | C55: 1 | D55: 2014-2023 | E55: =+IF(F55=0,0,CONCATENATE(MID(F55,FIND("-",F55,1)+1,4),"ORAS")) -> 15 HORAS | F55: 17.CAMION TIPO25m³-15 HORAS-03 OP | G55: =+IF(F55="","",VLOOKUP(F55,$H$139:$I$217,2,FALSE)) -> 1505234
A56: SUR 1 MALETINES | B56: =+IF(F56=0,0,MID(F56,LEN(F56)-4,3)) -> 03 | C56: 1 | D56: 2014-2023 | E56: =+IF(F56=0,0,CONCATENATE(MID(F56,FIND("-",F56,1)+1,4),"ORAS")) -> 15 HORAS | F56: 17.CAMION TIPO25m³-15 HORAS-03 OP | G56: =+IF(F56="","",VLOOKUP(F56,$H$139:$I$217,2,FALSE)) -> 1505234
A57: SUR 3 ZONA 1 | B57: =+IF(F57=0,0,MID(F57,LEN(F57)-4,3)) -> 03 | C57: 1 | D57: 2014-2023 | E57: =+IF(F57=0,0,CONCATENATE(MID(F57,FIND("-",F57,1)+1,4),"ORAS")) -> 15 HORAS | F57: 17.CAMION TIPO25m³-15 HORAS-03 OP | G57: =+IF(F57="","",VLOOKUP(F57,$H$139:$I$217,2,FALSE)) -> 1505234
A58: SUR 3 ZONA 2 | B58: =+IF(F58=0,0,MID(F58,LEN(F58)-4,3)) -> 03 | C58: 1 | D58: 2014-2023 | E58: =+IF(F58=0,0,CONCATENATE(MID(F58,FIND("-",F58,1)+1,4),"ORAS")) -> 15 HORAS | F58: 17.CAMION TIPO25m³-15 HORAS-03 OP | G58: =+IF(F58="","",VLOOKUP(F58,$H$139:$I$217,2,FALSE)) -> 1505234
B59: =+IF(F59=0,0,MID(F59,LEN(F59)-4,3)) -> 0 | E59: =+IF(F59=0,0,CONCATENATE(MID(F59,FIND("-",F59,1)+1,4),"ORAS")) -> 0 | F59: 0 | G59: =+IF(F59="","",VLOOKUP(F59,$H$139:$I$217,2,FALSE)) -> 0
B60: =+IF(F60=0,0,MID(F60,LEN(F60)-4,3)) -> 0 | E60: =+IF(F60=0,0,CONCATENATE(MID(F60,FIND("-",F60,1)+1,4),"ORAS")) -> 0 | F60: 0 | G60: =+IF(F60="","",VLOOKUP(F60,$H$139:$I$217,2,FALSE)) -> 0
B61: =+IF(F61=0,0,MID(F61,LEN(F61)-4,3)) -> 0 | E61: =+IF(F61=0,0,CONCATENATE(MID(F61,FIND("-",F61,1)+1,4),"ORAS")) -> 0 | F61: 0 | G61: =+IF(F61="","",VLOOKUP(F61,$H$139:$I$217,2,FALSE)) -> 0
B62: =+IF(F62=0,0,MID(F62,LEN(F62)-4,3)) -> 0 | E62: =+IF(F62=0,0,CONCATENATE(MID(F62,FIND("-",F62,1)+1,4),"ORAS")) -> 0 | F62: 0 | G62: =+IF(F62="","",VLOOKUP(F62,$H$139:$I$217,2,FALSE)) -> 0
B63: =+IF(F63=0,0,MID(F63,LEN(F63)-4,3)) -> 0 | E63: =+IF(F63=0,0,CONCATENATE(MID(F63,FIND("-",F63,1)+1,4),"ORAS")) -> 0 | F63: 0 | G63: =+IF(F63="","",VLOOKUP(F63,$H$139:$I$217,2,FALSE)) -> 0
G64: =+IF(F64="","",VLOOKUP(F64,$H$139:$I$217,2,FALSE))
A65: valor total | B65: =+B54+B55+B56+B57+B58+B64+B59+B60+B61+B62+B63+B46+B47+B48+B49+B50+B51 -> 23 | C65: =C59+C60+C61+C62+C63+C46+C47+C48+C49+C50+C54+C55+C56+C57+C58+C64 -> 7 | G65: =SUM(G46:G51,G54:G64) -> 11436184
A67: TOTAL | B67: =B65+B40+B22 -> 70 | C67: =C65+C40+C22 -> 22 | D67: =D65+D40+D22 -> 0 | G67: =SUM(G22,G40,G65) -> 39962994
J68: GRAN TOTAL OPERA | K68: =K25+B67+T33+AB25 -> 95
J69: GRAN TOTAL CAMIONES | K69: =L25+C67+U33+AC25 -> 30 | M69: ZONA NORTE | N69: ZONA CENTRO | O69: ZONA SUR
J70: VALOR $ | K70: =SUM(G67,P25,Y33) -> 56764297 | M70: =SUM(G22,Y20:Y22) -> 17579316 | N70: =SUM(G40,P4:P15,P18:P24,Y4:Y8,Y15:Y16,Y23:Y24) -> 26143074 | O70: =SUM(G46:G51,G54:G63,Y25:Y30) -> 13041907 | P70: =SUM(M70:O70) -> 56764297
A72: OTRAS NOVEDADES DE JORNADA
A73: CONSULTAR EL ARCHIVO EN PDF ANEXO.
A93: Apoyan Guardaines ATN Norte 4, Norte 2 y Norte 3 Apoan Guardianes ATN Norte 1, Centro 1 y Centro 5 Apoyan Guardianes ATN Centro 4, Centro 3 y Sur 3 Apoyan Guardianes ATN Sur 1, Sur 2 y Centro 2
J138: TIPO DE DISPONIBILIDAD | K138: OPERARIOS
F139: 0 | G139: 0 | H139: 0 | I139: 0 | J139: 0 | K139: 0 | L139: 0 | M139: 0 | N139: =+CONCATENATE(G139,"VEHICULO",M139) -> 0VEHICULO0
F140: 40m³/50m³ -15H-4OP | G140: 1. | H140: 1.CAMION TIPO40/50m³-15 HORAS-04 OP | I140: 1955007 | J140: C | K140: 4 | L140: 1 SENCILLO 15H 4OP | M140: . | N140: =+CONCATENATE(G140,F140) -> 1.40m³/50m³ -15H-4OP
F141: 40m³/50m³ -15H-3OP | G141: 2. | H141: 2.CAMION TIPO40/50m³-15 HORAS-03 OP | I141: 1795972 | J141: C | K141: 3 | L141: 2 SENCILLO 15H 3OP | M141: . | N141: =+CONCATENATE(G141,F141) -> 2.40m³/50m³ -15H-3OP
F142: 40m³/50m³-15H-2OP | G142: 3. | H142: 3.CAMION TIPO40/50m³-15 HORAS-02 OP | I142: 1435144 | J142: C | K142: 2 | L142: 3 SENCILLO 15H 2OP | M142: . | N142: =+CONCATENATE(G142,F142) -> 3.40m³/50m³-15H-2OP
F143: 40m³/50m³-15H-1OP | G143: 4. | H143: 4.CAMION TIPO40/50m³-15 HORAS-01 OP | I143: 942678 | J143: C | K143: 1 | L143: 4 SENCILLO 15H 1OP | M143: . | N143: =+CONCATENATE(G143,F143) -> 4.40m³/50m³-15H-1OP
F144: 40m³/50m³-15H-0OP | G144: 5. | H144: 5.CAMION TIPO40/50m³-15 HORAS-00 OP | I144: 745988 | J144: C | K144: 0 | L144: 5 SENCILLO 15H 0OP | M144: . | N144: =+CONCATENATE(G144,F144) -> 5.40m³/50m³-15H-0OP
F145: 40m³/50m³-9H-4OP | G145: 6. | H145: 6.CAMION TIPO40/50m³-09 HORAS-04 OP | I145: 1665773 | J145: M | K145: 4 | L145: 6 SENCILLO M 4OP | M145: . | N145: =+CONCATENATE(G145,F145) -> 6.40m³/50m³-9H-4OP
F146: 40m³/50m³-9H-3OP | G146: 7. | H146: 7.CAMION TIPO40/50m³-09 HORAS-03 OP | I146: 1499814 | J146: M | K146: 3 | L146: 7 SENCILLO M 3OP | M146: . | N146: =+CONCATENATE(G146,F146) -> 7.40m³/50m³-9H-3OP
F147: 40m³/50m³-9H-2OP | G147: 8. | H147: 8.CAMION TIPO40/50m³-09 HORAS-02 OP | I147: 1222505 | J147: M | K147: 2 | L147: 8 SENCILLO M 2OP | M147: . | N147: =+CONCATENATE(G147,F147) -> 8.40m³/50m³-9H-2OP
F148: 40m³/50m³-9H-1OP | G148: 9. | H148: 9.CAMION TIPO40/50m³-09 HORAS-01 OP | I148: 769092 | J148: M | K148: 1 | L148: 9 SENCILLO M 1OP | M148: . | N148: =+CONCATENATE(G148,F148) -> 9.40m³/50m³-9H-1OP
F149: 40m³/50m³-9H-0OP | G149: 10. | H149: 10.CAMION TIPO40/50m³-09 HORAS-00 OP | I149: 604794 | J149: M | K149: 0 | L149: 10 SENCILLO M 0OP | M149: . | N149: =+CONCATENATE(G149,F149) -> 10.40m³/50m³-9H-0OP
F150: 40m³/50m³-4H-4OP | G150: 11. | H150: 11.CAMION TIPO40/50m³-04 HORAS-04 OP | I150: 1382917 | J150: R | K150: 4 | L150: 11 SENCILLO R 4OP | M150: . | N150: =+CONCATENATE(G150,F150) -> 11.40m³/50m³-4H-4OP
F151: 40m³/50m³-4H-3OP | G151: 12. | H151: 12.CAMION TIPO40/50m³-04 HORAS-03 OP | I151: 1230935 | J151: R | K151: 3 | L151: 12 SENCILLO R 3OP | M151: . | N151: =+CONCATENATE(G151,F151) -> 12.40m³/50m³-4H-3OP
... F187: OPERARIO-9-H | G187: 48. | H187: 48.OPERARIO-09 HORAS-00 OP | I187: 221732 | J187: M | K187: 0 | L187: 42 OPERARIO 9 H | M187: . | N187: =+CONCATENATE(G187,F187) -> 48.OPERARIO-9-H
F188: OPERARIO-4-H | G188: 49. | H188: 49.OPERARIO-04 HORAS-00 OP | I188: 160134 | J188: R | L188: 43 OPERARIO 4H | M188: . | N188: =+CONCATENATE(G188,F188) -> 49.OPERARIO-4-H
F189: COORDINADOR X DIA | G189: 50. | H189: 50. COORD X DIA | I189: 477011 | J189: C | L189: 44 COORD X DIA | M189: . | N189: =+CONCATENATE(G189,F189) -> 50.COORDINADOR X DIA
F190: BOGOTA SUMAPAZ 40/50m³ 15H-4OP | G190: 51. | H190: 51.BOGOTA-SUMAPAZ-40/50m³ -15 HORAS-04 OP | I190: 1370200 | J190: C | K190: 4 | L190: 45 SENCILLO 15H SUMAPAZ 4OP | M190: . | N190: =+CONCATENATE(G190,F190) -> 51.BOGOTA SUMAPAZ 40/50m³ 15H-4OP
F191: BOGOTA FUNZA 40/50m³ 15H-4OP | G191: 52. | H191: 52.BOGOTA-FUNZA-40/50m³ -15 HORAS-04 OP | I191: 1259700 | J191: C | K191: 4 | L191: 46 SENCILLO 15H FUNZA 4OP | M191: . | N191: =+CONCATENATE(G191,F191) -> 52.BOGOTA FUNZA 40/50m³ 15H-4OP
F192: BOGOTA COTA 40/50m³ 15H-4OP | G192: 53. | H192: 53.BOGOTA-COTA-40/50m³ -15 HORAS-04 OP | I192: 1266330 | J192: C | K192: 4 | L192: 47 SENCILLO 15H COTA 4OP | M192: . | N192: =+CONCATENATE(G192,F192) -> 53.BOGOTA COTA 40/50m³ 15H-4OP
F193: BOGOTA FUSA 40/50m³ 15H-4OP | G193: 54. | H193: 54.BOGOTA-FUSA-40/50m³ -15 HORAS-04 OP | I193: 1450865 | J193: C | K193: 4 | L193: 48 SENCILLO 15H FUSA 4OP | M193: . | N193: =+CONCATENATE(G193,F193) -> 54.BOGOTA FUSA 40/50m³ 15H-4OP
F194: BOGOTA SOACHA 40/50m³ 15H-4OP | G194: 55. | H194: 55.BOGOTA-SOACHA-40/50m³ -15 HORAS-04 OP | I194: 1328210 | J194: C | K194: 4 | L194: 49 SENCILLO 15H SOACHA 4OP | M194: . | N194: =+CONCATENATE(G194,F194) -> 55.BOGOTA SOACHA 40/50m³ 15H-4OP
F195: BOGOTA SOACHA 40/50m³ 9H-4OP | G195: 56. | H195: 56.BOGOTA-SOACHA-40/50m³ -09 HORAS-04 OP | I195: 933725 | J195: M | K195: 3 | L195: 50 SENCILLO 09H SOACHA 4OP | M195: . | N195: =+CONCATENATE(G195,F195) -> 56.BOGOTA SOACHA 40/50m³ 9H-4OP
F196: BOGOTA SUMAPAZ 25m³ 15H-4OP | G196: 57. | H196: 57.BOGOTA-SUMAPAZ-25m³ -15 HORAS-04 OP | I196: 1102790 | J196: C | K196: 4 | L196: 51 SENCILLO 15H SUMAPAZ 4OP | M196: . | N196: =+CONCATENATE(G196,F196) -> 57.BOGOTA SUMAPAZ 25m³ 15H-4OP
F197: BOGOTA FUNZA 25m³ 15H-4OP | G197: 58. | H197: 58.BOGOTA-FUNZA-25m³ -15 HORAS-04 OP | I197: 877370 | J197: C | K197: 4 | L197: 52 SENCILLO 15H FUNZA 4OP | M197: . | N197: =+CONCATENATE(G197,F197) -> 58.BOGOTA FUNZA 25m³ 15H-4OP
F198: BOGOTA COTA 25m³ 15H-4OP | G198: 59. | H198: 59.BOGOTA-COTA-25m³ -15 HORAS-04 OP | I198: 876265 | J198: C | K198: 4 | L198: 53 SENCILLO 15H COTA 4OP | M198: . | N198: =+CONCATENATE(G198,F198) -> 59.BOGOTA COTA 25m³ 15H-4OP
F199: BOGOTA FUSA 25m³ 15H-4OP | G199: 60. | H199: 60.BOGOTA-FUSA-25m³ -15 HORAS-04 OP | I199: 839800 | J199: C | K199: 4 | L199: 54 SENCILLO 15H FUSA 4OP | M199: . | N199: =+CONCATENATE(G199,F199) -> 60.BOGOTA FUSA 25m³ 15H-4OP
F200: BOGOTA SOACHA 25m³ 15H-4OP | G200: 61. | H200: 61.BOGOTA-SOACHA-25m³ -15 HORAS-04 OP | I200: 1014390 | J200: C | K200: 4 | L200: 55 SENCILLO 15H SOACHA 4OP | M200: . | N200: =+CONCATENATE(G200,F200) -> 61.BOGOTA SOACHA 25m³ 15H-4OP
F201: BOGOTA SOACHA 25m³ 9H-4OP | G201: 62. | H201: 62.BOGOTA-SOACHA-25m³ -09 HORAS-04 OP | I201: 822120 | J201: M | K201: 4 | L201: 56 SENCILLO 09H SOACHA 4OP | M201: . | N201: =+CONCATENATE(G201,F201) -> 62.BOGOTA SOACHA 25m³ 9H-4OP
F202: BOGOTA SUMAPAZ FURGONADA-15H | G202: 63. | H202: 63.BOGOTA-SUMAPAZ FURGONADA 15 HORAS-00 PO | I202: 751400 | J202: C | L202: 57 BOGOTA SUMAPAZ FURGONADA 15H | M202: . | N202: =+CONCATENATE(G202,F202) -> 63.BOGOTA SUMAPAZ FURGONADA-15H
...

Sheet 12 DE ABRIL
A1: ZONA NORTE
A2: RUTAS CICLOVÍA 40 M3 | I2: LUDICA CICLOVÍA, ESCUELA DE LA BICI, ADICIONALES 25 M3 | R2: CONOS CICLOVÍA 25 M3
A3: CORREDOR | B3: # OPERARIOS | C3: # CAMIONES | D3: MODELO | E3: DISPONIBILIDAD | F3: TIPO DE SERVICIO | G3: $ | I3: ZONA | J3: CORREDOR | K3: # OPERARIOS | L3: # CAMIONES | M3: MODELO | N3: DISPONIBILIDAD | O3: TIPO DE SERVICIO | P3: $ | R3: ZONA | S3: CORREDOR | T3: # OPERARIOS | U3: # CAMIONES | V3: MODELO | W3: DISPONIBILIDAD | X3: TIPO DE SERVICIO | Y3: $
A4: NORTE 1 | B4: =+IF(F4=0,0,MID(F4,LEN(F4)-4,3)) -> 04 | C4: 1 | D4: 2014-2023 | E4: =+IF(F4=0,0,CONCATENATE(MID(F4,FIND("-",F4,1)+1,4),"ORAS")) -> 15 HORAS | F4: 1.CAMION TIPO40/50m³-15 HORAS-04 OP | G4: =+IF(F4="","",VLOOKUP(F4,$H$139:$I$217,2,FALSE)) -> 1955007 | I4: CENTRO | J4: CAMIONETA FURGONADA PENDONES CALLE 26 | K4: =+IF(O4=0,0,MID(O4,LEN(O4)-4,3)) -> 03 | L4: 1 | M4: 2014-2023 | N4: =+IF(O4=0,0,CONCATENATE(MID(O4,FIND("-",O4,1)+1,4),"ORAS")) -> 15 HORAS | O4: 31.CAMION TIPOFURGON-15 HORAS-03 OP | P4: =+IF(O4="","",VLOOKUP(O4,$H$139:$I$217,2,FALSE)) -> 1019917 | R4: CENTRO | S4: CENTRO 5 CAMION 1 UNICONOS | T4: 4 | U4: 1 | V4: 2014-2023 | W4: =+IF(X4=0,0,CONCATENATE(MID(X4,FIND("-",X4,1)+1,4),"ORAS")) -> 15 HORAS | X4: 16.CAMION TIPO25m³-15 HORAS-04 OP | Y4: =+IF(X4="","",VLOOKUP(X4,$H$139:$I$217,2,FALSE)) -> 1691890
A5: NORTE 2 | B5: =+IF(F5=0,0,MID(F5,LEN(F5)-4,3)) -> 03 | C5: 1 | D5: 2014-2023 | E5: =+IF(F5=0,0,CONCATENATE(MID(F5,FIND("-",F5,1)+1,4),"ORAS")) -> 15 HORAS | F5: 2.CAMION TIPO40/50m³-15 HORAS-03 OP | G5: =+IF(F5="","",VLOOKUP(F5,$H$139:$I$217,2,FALSE)) -> 1795972 | K5: =+IF(O5=0,0,MID(O5,LEN(O5)-4,3)) -> 0 | L5: 1 | M5: 2014-2023 | N5: =+IF(O5=0,0,CONCATENATE(MID(O5,FIND("-",O5,1)+1,4),"ORAS")) -> 0 | O5: 0 | P5: =+IF(O5="","",VLOOKUP(O5,$H$139:$I$217,2,FALSE)) -> 0 | R5: CENTRO | S5: CENTRO 5 CAMION 2 UNICONOS | T5: 4 | U5: 1 | V5: 2014-2023 | W5: =+IF(X5=0,0,CONCATENATE(MID(X5,FIND("-",X5,1)+1,4),"ORAS")) -> 15 HORAS | X5: 16.CAMION TIPO25m³-15 HORAS-04 OP | Y5: =+IF(X5="","",VLOOKUP(X5,$H$139:$I$217,2,FALSE)) -> 1691890
A6: NORTE 3 | B6: =+IF(F6=0,0,MID(F6,LEN(F6)-4,3)) -> 03 | C6: 1 | D6: 2014-2023 | E6: =+IF(F6=0,0,CONCATENATE(MID(F6,FIND("-",F6,1)+1,4),"ORAS")) -> 15 HORAS | F6: 2.CAMION TIPO40/50m³-15 HORAS-03 OP | G6: =+IF(F6="","",VLOOKUP(F6,$H$139:$I$217,2,FALSE)) -> 1795972 | I6: CENTRO | J6: PUNTO PREVENCIÓN Y PROMOCIÓN | K6: =+IF(O6=0,0,MID(O6,LEN(O6)-4,3)) -> 02 | L6: 1 | M6: 2014-2023 | N6: =+IF(O6=0,0,CONCATENATE(MID(O6,FIND("-",O6,1)+1,4),"ORAS")) -> 09 HORAS | O6: 23.CAMION TIPO25m³-09 HORAS-02 OP | P6: =+IF(O6="","",VLOOKUP(O6,$H$139:$I$217,2,FALSE)) -> 1175229 | R6: CENTRO | S6: CENTRO 4 CAMION 3 UNICONOS | T6: 4 | U6: 1 | V6: 2014-2023 | W6: =+IF(X6=0,0,CONCATENATE(MID(X6,FIND("-",X6,1)+1,4),"ORAS")) -> 15 HORAS | X6: 16.CAMION TIPO25m³-15 HORAS-04 OP | Y6: =+IF(X6="","",VLOOKUP(X6,$H$139:$I$217,2,FALSE)) -> 1691890
A7: NORTE 4 | B7: =+IF(F7=0,0,MID(F7,LEN(F7)-4,3)) -> 03 | C7: 1 | D7: 2014-2023 | E7: =+IF(F7=0,0,CONCATENATE(MID(F7,FIND("-",F7,1)+1,4),"ORAS")) -> 15 HORAS | F7: 2.CAMION TIPO40/50m³-15 HORAS-03 OP | G7: =+IF(F7="","",VLOOKUP(F7,$H$139:$I$217,2,FALSE)) -> 1795972 | I7: CENTRO | J7: ACTIVIDADES SERVICIO SOCIAL 1 | K7: =+IF(O7=0,0,MID(O7,LEN(O7)-4,3)) -> 02 | L7: 1 | M7: 2014-2023 | N7: =+IF(O7=0,0,CONCATENATE(MID(O7,FIND("-",O7,1)+1,4),"ORAS")) -> 09 HORAS | O7: 35.CAMION TIPOFURGON-09 HORAS-02 OP | P7: =+IF(O7="","",VLOOKUP(O7,$H$139:$I$217,2,FALSE)) -> 728949 | X7: 0 | Y7: 0
A8: NORTE 5 ZONA 1 | B8: =+IF(F8=0,0,MID(F8,LEN(F8)-4,3)) -> 03 | C8: 1 | D8: 2014-2023 | E8: =+IF(F8=0,0,CONCATENATE(MID(F8,FIND("-",F8,1)+1,4),"ORAS")) -> 15 HORAS | F8: 2.CAMION TIPO40/50m³-15 HORAS-03 OP | G8: =+IF(F8="","",VLOOKUP(F8,$H$139:$I$217,2,FALSE)) -> 1795972 | I8: CENTRO | J8: ACTIVIDADES SERVICIO SOCIAL 2 | K8: =+IF(O8=0,0,MID(O8,LEN(O8)-4,3)) -> 02 | L8: 1 | M8: 2014-2023 | N8: =+IF(O8=0,0,CONCATENATE(MID(O8,FIND("-",O8,1)+1,4),"ORAS")) -> 09 HORAS | O8: 35.CAMION TIPOFURGON-09 HORAS-02 OP | P8: =+IF(O8="","",VLOOKUP(O8,$H$139:$I$217,2,FALSE)) -> 728949 | U8: 3
A9: NORTE 5 ZONA 2 | B9: =+IF(F9=0,0,MID(F9,LEN(F9)-4,3)) -> 03 | C9: 1 | D9: 2014-2023 | E9: =+IF(F9=0,0,CONCATENATE(MID(F9,FIND("-",F9,1)+1,4),"ORAS")) -> 15 HORAS | F9: 2.CAMION TIPO40/50m³-15 HORAS-03 OP | G9: =+IF(F9="","",VLOOKUP(F9,$H$139:$I$217,2,FALSE)) -> 1795972 | K9: =+IF(O9=0,0,MID(O9,LEN(O9)-4,3)) -> 0 | N9: =+IF(O9=0,0,CONCATENATE(MID(O9,FIND("-",O9,1)+1,4),"ORAS")) -> 0 | O9: 0 | P9: =+IF(O9="","",VLOOKUP(O9,$H$139:$I$217,2,FALSE)) -> 0
A10: NORTE 1 CONOS | B10: =+IF(F10=0,0,MID(F10,LEN(F10)-4,3)) -> 04 | C10: 1 | D10: 2014-2023 | E10: =+IF(F10=0,0,CONCATENATE(MID(F10,FIND("-",F10,1)+1,4),"ORAS")) -> 15 HORAS | F10: 1.CAMION TIPO40/50m³-15 HORAS-04 OP | G10: =+IF(F10="","",VLOOKUP(F10,$H$139:$I$217,2,FALSE)) -> 1955007
A11: NORTE 1 CONTRAFLUJOS | B11: =+IF(F11=0,0,MID(F11,LEN(F11)-4,3)) -> 04 | C11: 1 | D11: 2014-2023 | E11: =+IF(F11=0,0,CONCATENATE(MID(F11,FIND("-",F11,1)+1,4),"ORAS")) -> 15 HORAS | F11: 1.CAMION TIPO40/50m³-15 HORAS-04 OP | G11: =+IF(F11="","",VLOOKUP(F11,$H$139:$I$217,2,FALSE)) -> 1955007
G12: =+IF(F12="","",VLOOKUP(F12,$H$139:$I$217,2,FALSE))
B13: =+B10+B9+B8+B7+B6+B5+B4 -> 23 | C13: =+C10+C9+C8+C7+C6+C5+C4 -> 7 | G13: =SUM(G4:G12) -> 14844881 | R13: OPERARIOS ADICIONALES
A14: RUTAS CICLOVÍA 25 M3 | R14: ZONA | S14: CORREDOR | T14: # OPERARIOS | U14: # CAMIONES | V14: MODELO | W14: DISPONIBILIDAD | X14: TIPO DE SERVICIO | Y14: $
A15: CORREDOR | B15: # OPERARIOS | C15: # CAMIONES | D15: MODELO | E15: DISPONIBILIDAD | F15: TIPO DE SERVICIO | G15: $ | R15: CENTRO | S15: APOYO CICLOVÍA | T15: 0 | U15: 0 | V15: 2014-2023 | W15: =+IF(X15=0,0,CONCATENATE(MID(X15,FIND("-",X15,1)+1,4),"ORAS")) -> 0 | X15: 0 | Y15: =+IF(X15="","",VLOOKUP(X15,$H$139:$I$217,2,FALSE))*T15 -> 0
B16: =+IF(F16=0,0,MID(F16,LEN(F16)-4,3)) -> 0 | E16: =+IF(F16=0,0,CONCATENATE(MID(F16,FIND("-",F16,1)+1,4),"ORAS")) -> 0 | F16: 0 | G16: =+IF(F16="","",VLOOKUP(F16,$H$139:$I$217,2,FALSE)) -> 0 | I16: ATN CICLOVÍA, ESCUELA DE LA BICI, ADICIONALES 40 M3 | W16: =+IF(X16=0,0,CONCATENATE(MID(X16,FIND("-",X16,1)+1,4),"ORAS")) -> 0 | X16: 0 | Y16: =+IF(X16="","",VLOOKUP(X16,$H$139:$I$217,2,FALSE))*T16 -> 0
F17: 0 | G17: =+IF(F17="","",VLOOKUP(F17,$H$139:$I$217,2,FALSE)) -> 0 | I17: ZONA | J17: CORREDOR | K17: # OPERARIOS | L17: # CAMIONES | M17: MODELO | N17: DISPONIBILIDAD | O17: TIPO DE SERVICIO | P17: $
F18: 0 | G18: =+IF(F18="","",VLOOKUP(F18,$H$139:$I$217,2,FALSE)) -> 0 | I18: CENTRO | J18: CICLOVÍA ALTERNATIVA 1 | K18: =+IF(O18=0,0,MID(O18,LEN(O18)-4,3)) -> 04 | L18: 1 | M18: 2014-2023 | N18: =+IF(O18=0,0,CONCATENATE(MID(O18,FIND("-",O18,1)+1,4),"ORAS")) -> 15 HORAS | O18: 1.CAMION TIPO40/50m³-15 HORAS-04 OP | P18: =+IF(O18="","",VLOOKUP(O18,$H$139:$I$217,2,FALSE)) -> 1955007 | R18: CAMIONETA 4 X4 DOBLE CABINA CON PLATON
F19: 0 | G19: =+IF(F19="","",VLOOKUP(F19,$H$139:$I$217,2,FALSE)) -> 0 | I19: CENTRO | J19: ESCUELA | K19: =+IF(O19=0,0,MID(O19,LEN(O19)-4,3)) -> 03 | L19: 1 | M19: 2014-2023 | N19: =+IF(O19=0,0,CONCATENATE(MID(O19,FIND("-",O19,1)+1,4),"ORAS")) -> 15 HORAS | O19: 2.CAMION TIPO40/50m³-15 HORAS-03 OP | P19: =+IF(O19="","",VLOOKUP(O19,$H$139:$I$217,2,FALSE)) -> 1795972 | R19: ZONA | S19: CORREDOR | T19: # OPERARIOS | U19: # CAMIONES | V19: MODELO | W19: DISPONIBILIDAD | X19: TIPO DE SERVICIO | Y19: $
F20: 0 | G20: =+IF(F20="","",VLOOKUP(F20,$H$139:$I$217,2,FALSE)) -> 0 | I20: CENTRO | J20: CICLOVIA TE CUIDA | K20: =+IF(O20=0,0,MID(O20,LEN(O20)-4,3)) -> 04 | L20: 1 | M20: 2014-2023 | N20: =+IF(O20=0,0,CONCATENATE(MID(O20,FIND("-",O20,1)+1,4),"ORAS")) -> 09 HORAS | O20: 6.CAMION TIPO40/50m³-09 HORAS-04 OP | P20: =+IF(O20="","",VLOOKUP(O20,$H$139:$I$217,2,FALSE)) -> 1665773 | R20: NORTE | S20: COORDINADOR ZONA NORTE | T20: NA | U20: NA | V20: 2014-2023 | W20: =+IF(X20=0,0,CONCATENATE(MID(X20,FIND("-",X20,1)+1,4),"ORAS")) -> #VALUE! | X20: 50. COORD X DIA | Y20: =+IF(X20="","",VLOOKUP(X20,$H$139:$I$217,2,FALSE)) -> 477011
F21: 0 | G21: =+IF(F21="","",VLOOKUP(F21,$H$139:$I$217,2,FALSE)) -> 0 | K21: =+IF(O21=0,0,MID(O21,LEN(O21)-4,3)) -> 0 | N21: =+IF(O21=0,0,CONCATENATE(MID(O21,FIND("-",O21,1)+1,4),"ORAS")) -> 0 | O21: 0 | P21: =+IF(O21="","",VLOOKUP(O21,$H$139:$I$217,2,FALSE)) -> 0 | R21: NORTE | S21: APOYO CICLOVÍA | T21: NA | U21: NA | V21: 2014-2023 | W21: =+IF(X21=0,0,CONCATENATE(MID(X21,FIND("-",X21,1)+1,4),"ORAS")) -> 15 HORAS | X21: 40.4X4-15 HORAS-00 OP | Y21: =+IF(X21="","",VLOOKUP(X21,$H$139:$I$217,2,FALSE)) -> 1128712
A22: valor total | B22: =SUM(B4:B13)+B16+B17+B18+B19+B20+B21 -> 23 | C22: =+C4+C5+C6+C7+C8+C9+C10+C16 -> 7 | G22: =SUM(G13,G16:G21) -> 14844881 | N22: =+IF(O22=0,0,CONCATENATE(MID(O22,FIND("-",O22,1)+1,4),"ORAS")) -> 0 | O22: 0 | P22: =+IF(O22="","",VLOOKUP(O22,$H$139:$I$217,2,FALSE)) -> 0 | R22: NORTE | S22: APOYO CICLOVÍA | T22: NA | U22: NA | V22: 2014-2023 | W22: =+IF(X22=0,0,CONCATENATE(MID(X22,FIND("-",X22,1)+1,4),"ORAS")) -> 15 HORAS | X22: 40.4X4-15 HORAS-00 OP | Y22: =+IF(X22="","",VLOOKUP(X22,$H$139:$I$217,2,FALSE)) -> 1128712
A23: ZONA CENTRO | N23: =+IF(O23=0,0,CONCATENATE(MID(O23,FIND("-",O23,1)+1,4),"ORAS")) -> 0 | R23: CENTRO | S23: COORDINADOR ZONA CENTRO | T23: NA | U23: NA | V23: 2014-2023 | W23: =+IF(X23=0,0,CONCATENATE(MID(X23,FIND("-",X23,1)+1,4),"ORAS")) -> #VALUE! | X23: 50. COORD X DIA | Y23: =+IF(X23="","",VLOOKUP(X23,$H$139:$I$217,2,FALSE)) -> 477011
A24: RUTAS CICLOVÍA 40 M3 | N24: =+IF(O24=0,0,CONCATENATE(MID(O24,FIND("-",O24,1)+1,4),"ORAS")) -> 0 | R24: CENTRO | S24: CAMION 3 | T24: NA | U24: 1 | V24: 2014-2024 | W24: =+IF(X24=0,0,CONCATENATE(MID(X24,FIND("-",X24,1)+1,4),"ORAS")) -> 15 HORAS | X24: 32.CAMION TIPOFURGON-15 HORAS-02 OP | Y24: =+IF(X24="","",VLOOKUP(X24,$H$139:$I$217,2,FALSE)) -> 832623
A25: CORREDOR | B25: # OPERARIOS | C25: # CAMIONES | D25: MODELO | E25: DISPONIBILIDAD | F25: TIPO DE SERVICIO | G25: $ | J25: TOTAL | K25: =K4+K5+K6+K7+K8+K9+K18+K19+K20 -> 20 | L25: =SUM(L4:L24) -> 8 | P25: =SUM(P4:P24) -> 9069796 | R25: SUR | S25: APOYO CICLOVÍA | T25: NA | U25: NA | V25: 2014-2024 | W25: =+IF(X25=0,0,CONCATENATE(MID(X25,FIND("-",X25,1)+1,4),"ORAS")) -> 15 HORAS | X25: 40.4X4-15 HORAS-00 OP | Y25: =+IF(X25="","",VLOOKUP(X25,$H$139:$I$217,2,FALSE)) -> 1128712
A26: CENTRO 1 | B26: =+IF(F26=0,0,MID(F26,LEN(F26)-4,3)) -> 04 | C26: 1 | D26: 2014-2023 | E26: =+IF(F26=0,0,CONCATENATE(MID(F26,FIND("-",F26,1)+1,4),"ORAS")) -> 15 HORAS | F26: 1.CAMION TIPO40/50m³-15 HORAS-04 OP | G26: =+IF(F26="","",VLOOKUP(F26,$H$139:$I$217,2,FALSE)) -> 1955007 | R26: SUR | S26: COORDINADOR ZONA SUR | T26: NA | U26: NA | V26: 2014-2026 | W26: =+IF(X26=0,0,CONCATENATE(MID(X26,FIND("-",X26,1)+1,4),"ORAS")) -> #VALUE! | X26: 50. COORD X DIA | Y26: =+IF(X26="","",VLOOKUP(X26,$H$139:$I$217,2,FALSE)) -> 477011
A27: CENTRO 2 | B27: =+IF(F27=0,0,MID(F27,LEN(F27)-4,3)) -> 04 | C27: 1 | D27: 2014-2023 | E27: =+IF(F27=0,0,CONCATENATE(MID(F27,FIND("-",F27,1)+1,4),"ORAS")) -> 15 HORAS | F27: 1.CAMION TIPO40/50m³-15 HORAS-04 OP | G27: =+IF(F27="","",VLOOKUP(F27,$H$139:$I$217,2,FALSE)) -> 1955007 | W27: =+IF(X27=0,0,CONCATENATE(MID(X27,FIND("-",X27,1)+1,4),"ORAS")) -> 0 | X27: 0 | Y27: =+IF(X27="","",VLOOKUP(X27,$H$139:$I$217,2,FALSE)) -> 0
A28: CENTRO 4 | B28: =+IF(F28=0,0,MID(F28,LEN(F28)-4,3)) -> 04 | C28: 1 | D28: 2014-2023 | E28: =+IF(F28=0,0,CONCATENATE(MID(F28,FIND("-",F28,1)+1,4),"ORAS")) -> 15 HORAS | F28: 1.CAMION TIPO40/50m³-15 HORAS-04 OP | G28: =+IF(F28="","",VLOOKUP(F28,$H$139:$I$217,2,FALSE)) -> 1955007 | W28: =+IF(X28=0,0,CONCATENATE(MID(X28,FIND("-",X28,1)+1,4),"ORAS")) -> 0 | X28: 0 | Y28: =+IF(X28="","",VLOOKUP(X28,$H$139:$I$217,2,FALSE)) -> 0
A29: CENTRO 5 | B29: =+IF(F29=0,0,MID(F29,LEN(F29)-4,3)) -> 03 | C29: 1 | D29: 2014-2023 | E29: =+IF(F29=0,0,CONCATENATE(MID(F29,FIND("-",F29,1)+1,4),"ORAS")) -> 15 HORAS | F29: 2.CAMION TIPO40/50m³-15 HORAS-03 OP | G29: =+IF(F29="","",VLOOKUP(F29,$H$139:$I$217,2,FALSE)) -> 1795972 | W29: =+IF(X29=0,0,CONCATENATE(MID(X29,FIND("-",X29,1)+1,4),"ORAS")) -> 0 | X29: 0 | Y29: =+IF(X29="","",VLOOKUP(X29,$H$139:$I$217,2,FALSE)) -> 0
F30: 0 | G30: =+IF(F30="","",VLOOKUP(F30,$H$139:$I$217,2,FALSE)) -> 0 | W30: =+IF(X30=0,0,CONCATENATE(MID(X30,FIND("-",X30,1)+1,4),"ORAS")) -> 0 | X30: 0 | Y30: =+IF(X30="","",VLOOKUP(X30,$H$139:$I$217,2,FALSE)) -> 0
G31: =+IF(F31="","",VLOOKUP(F31,$H$139:$I$217,2,FALSE))
A32: RUTAS CICLOVÍA 25 M3
B33: # OPERARIOS | C33: # CAMIONES | D33: MODELO | F33: TIPO DE SERVICIO | G33: $ | S33: TOTAL | T33: =+T15+T16+T4+T5+T6+T7 -> 12 | U33: =SUM(U4:U7,U24) -> 4 | Y33: =SUM(Y4:Y30) -> 10725462
A34: CENTRO 3 ZONA 1 | B34: =+IF(F34=0,0,MID(F34,LEN(F34)-4,3)) -> 02 | C34: 1 | D34: 2014-2023 | E34: =+IF(F34=0,0,CONCATENATE(MID(F34,FIND("-",F34,1)+1,4),"ORAS")) -> 15 HORAS | F34: 18.CAMION TIPO25m³-15 HORAS-02 OP | G34: =+IF(F34="","",VLOOKUP(F34,$H$139:$I$217,2,FALSE)) -> 1308251
A35: CENTRO 3 ZONA 2 | B35: =+IF(F35=0,0,MID(F35,LEN(F35)-4,3)) -> 03 | C35: 1 | D35: 2014-2023 | E35: =+IF(F35=0,0,CONCATENATE(MID(F35,FIND("-",F35,1)+1,4),"ORAS")) -> 15 HORAS | F35: 17.CAMION TIPO25m³-15 HORAS-03 OP | G35: =+IF(F35="","",VLOOKUP(F35,$H$139:$I$217,2,FALSE)) -> 1505234
A36: CENTRO 6 ZONA 1 | B36: =+IF(F36=0,0,MID(F36,LEN(F36)-4,3)) -> 03 | C36: 1 | D36: 2014-2023 | E36: =+IF(F36=0,0,CONCATENATE(MID(F36,FIND("-",F36,1)+1,4),"ORAS")) -> 15 HORAS | F36: 17.CAMION TIPO25m³-15 HORAS-03 OP | G36: =+IF(F36="","",VLOOKUP(F36,$H$139:$I$217,2,FALSE)) -> 1505234
A37: CENTRO 6 ZONA 2 | B37: =+IF(F37=0,0,MID(F37,LEN(F37)-4,3)) -> 03 | C37: 1 | D37: 2014-2023 | E37: =+IF(F37=0,0,CONCATENATE(MID(F37,FIND("-",F37,1)+1,4),"ORAS")) -> 15 HORAS | F37: 17.CAMION TIPO25m³-15 HORAS-03 OP | G37: =+IF(F37="","",VLOOKUP(F37,$H$139:$I$217,2,FALSE)) -> 1505234
B38: =+IF(F38=0,0,MID(F38,LEN(F38)-4,3)) -> 0 | D38: 2014-2023 | E38: =+IF(F38=0,0,CONCATENATE(MID(F38,FIND("-",F38,1)+1,4),"ORAS")) -> 0 | F38: 0 | G38: =+IF(F38="","",VLOOKUP(F38,$H$139:$I$217,2,FALSE)) -> 0
F39: 0 | G39: =+IF(F39="","",VLOOKUP(F39,$H$139:$I$217,2,FALSE)) -> 0
A40: valor total | B40: =+B26+B27+B28+B34+B35+B36+B37+B38 -> 23 | C40: =SUM(C26:C32)+C34+C35+C36+C37+C38+C39 -> 8 | E40: =+IF(F40=0,0,CONCATENATE(MID(F40,FIND("-",F40,1)+1,3),"ORAS")) -> 0 | G40: =SUM(G26:G31,G34:G39) -> 13484946
A41: ZONA SUR
A42: RUTAS CICLOVÍA 40 M3
A43: CORREDOR | B43: # OPERARIOS | C43: # CAMIONES | D43: MODELO | E43: DISPONIBILIDAD | F43: TIPO DE SERVICIO | G43: $
A46: SUR 4 | B46: =+IF(F46=0,0,MID(F46,LEN(F46)-4,3)) -> 04 | C46: 1 | D46: 2014-2023 | E46: =+IF(F46=0,0,CONCATENATE(MID(F46,FIND("-",F46,1)+1,4),"ORAS")) -> 15 HORAS | F46: 1.CAMION TIPO40/50m³-15 HORAS-04 OP | G46: =+IF(F46="","",VLOOKUP(F46,$H$139:$I$217,2,FALSE)) -> 1955007
A47: SUR 5 | B47: =+IF(F47=0,0,MID(F47,LEN(F47)-4,3)) -> 04 | C47: 1 | D47: 2014-2023 | E47: =+IF(F47=0,0,CONCATENATE(MID(F47,FIND("-",F47,1)+1,4),"ORAS")) -> 15 HORAS | F47: 1.CAMION TIPO40/50m³-15 HORAS-04 OP | G47: =+IF(F47="","",VLOOKUP(F47,$H$139:$I$217,2,FALSE)) -> 1955007
B48: =+IF(F48=0,0,MID(F48,LEN(F48)-4,3)) -> 0 | F48: 0 | G48: =+IF(F48="","",VLOOKUP(F48,$H$139:$I$217,2,FALSE)) -> 0
B49: =+IF(F49=0,0,MID(F49,LEN(F49)-4,3)) -> 0 | F49: 0 | G49: =+IF(F49="","",VLOOKUP(F49,$H$139:$I$217,2,FALSE)) -> 0
B50: =+IF(F50=0,0,MID(F50,LEN(F50)-4,3)) -> 0 | F50: 0 | G50: =+IF(F50="","",VLOOKUP(F50,$H$139:$I$217,2,FALSE)) -> 0
B51: =+IF(F51=0,0,MID(F51,LEN(F51)-4,3)) -> 0 | F51: 0 | G51: =+IF(F51="","",VLOOKUP(F51,$H$139:$I$217,2,FALSE)) -> 0
A52: RUTAS CICLOVÍA 25 M3
A53: CORREDOR | B53: # OPERARIOS | C53: # CAMIONES | D53: MODELO | E53: DISPONIBILIDAD | F53: TIPO DE SERVICIO | G53: $
A54: SUR 1 ZONA 1 | B54: =+IF(F54=0,0,MID(F54,LEN(F54)-4,3)) -> 03 | C54: 1 | D54: 2014-2023 | E54: =+IF(F54=0,0,CONCATENATE(MID(F54,FIND("-",F54,1)+1,4),"ORAS")) -> 15 HORAS | F54: 17.CAMION TIPO25m³-15 HORAS-03 OP | G54: =+IF(F54="","",VLOOKUP(F54,$H$139:$I$217,2,FALSE)) -> 1505234
A55: SUR 1 ZONA 2 | B55: =+IF(F55=0,0,MID(F55,LEN(F55)-4,3)) -> 03 | C55: 1 | D55: 2014-2023 | E55: =+IF(F55=0,0,CONCATENATE(MID(F55,FIND("-",F55,1)+1,4),"ORAS")) -> 15 HORAS | F55: 17.CAMION TIPO25m³-15 HORAS-03 OP | G55: =+IF(F55="","",VLOOKUP(F55,$H$139:$I$217,2,FALSE)) -> 1505234
A56: SUR 1 MALETINES | B56: =+IF(F56=0,0,MID(F56,LEN(F56)-4,3)) -> 03 | C56: 1 | D56: 2014-2023 | E56: =+IF(F56=0,0,CONCATENATE(MID(F56,FIND("-",F56,1)+1,4),"ORAS")) -> 15 HORAS | F56: 17.CAMION TIPO25m³-15 HORAS-03 OP | G56: =+IF(F56="","",VLOOKUP(F56,$H$139:$I$217,2,FALSE)) -> 1505234
A57: SUR 2 | B57: =+IF(F57=0,0,MID(F57,LEN(F57)-4,3)) -> 03 | C57: 1 | D57: 2014-2023 | E57: =+IF(F57=0,0,CONCATENATE(MID(F57,FIND("-",F57,1)+1,4),"ORAS")) -> 15 HORAS | F57: 17.CAMION TIPO25m³-15 HORAS-03 OP | G57: =+IF(F57="","",VLOOKUP(F57,$H$139:$I$217,2,FALSE)) -> 1505234
A58: SUR 2 CANECAS 1 | B58: =+IF(F58=0,0,MID(F58,LEN(F58)-4,3)) -> 03 | C58: 1 | D58: 2014-2023 | E58: =+IF(F58=0,0,CONCATENATE(MID(F58,FIND("-",F58,1)+1,4),"ORAS")) -> 15 HORAS | F58: 17.CAMION TIPO25m³-15 HORAS-03 OP | G58: =+IF(F58="","",VLOOKUP(F58,$H$139:$I$217,2,FALSE)) -> 1505234
A59: SUR 2 CANECAS 2 | B59: =+IF(F59=0,0,MID(F59,LEN(F59)-4,3)) -> 03 | C59: 1 | D59: 2014-2023 | E59: =+IF(F59=0,0,CONCATENATE(MID(F59,FIND("-",F59,1)+1,4),"ORAS")) -> 15 HORAS | F59: 17.CAMION TIPO25m³-15 HORAS-03 OP | G59: =+IF(F59="","",VLOOKUP(F59,$H$139:$I$217,2,FALSE)) -> 1505234
A60: SUR 2 CANECAS 3 | B60: =+IF(F60=0,0,MID(F60,LEN(F60)-4,3)) -> 03 | C60: 1 | D60: 2014-2023 | E60: =+IF(F60=0,0,CONCATENATE(MID(F60,FIND("-",F60,1)+1,4),"ORAS")) -> 15 HORAS | F60: 17.CAMION TIPO25m³-15 HORAS-03 OP | G60: =+IF(F60="","",VLOOKUP(F60,$H$139:$I$217,2,FALSE)) -> 1505234
A61: SUR 2 CANECAS 4 | B61: =+IF(F61=0,0,MID(F61,LEN(F61)-4,3)) -> 03 | C61: 1 | D61: 2014-2023 | E61: =+IF(F61=0,0,CONCATENATE(MID(F61,FIND("-",F61,1)+1,4),"ORAS")) -> 15 HORAS | F61: 17.CAMION TIPO25m³-15 HORAS-03 OP | G61: =+IF(F61="","",VLOOKUP(F61,$H$139:$I$217,2,FALSE)) -> 1505234
A62: SUR 3 ZONA 1 | B62: =+IF(F62=0,0,MID(F62,LEN(F62)-4,3)) -> 03 | C62: 1 | D62: 2014-2023 | E62: =+IF(F62=0,0,CONCATENATE(MID(F62,FIND("-",F62,1)+1,4),"ORAS")) -> 15 HORAS | F62: 17.CAMION TIPO25m³-15 HORAS-03 OP | G62: =+IF(F62="","",VLOOKUP(F62,$H$139:$I$217,2,FALSE)) -> 1505234
A63: SUR 3 ZONA 2 | B63: =+IF(F63=0,0,MID(F63,LEN(F63)-4,3)) -> 03 | C63: 1 | D63: 2014-2023 | E63: =+IF(F63=0,0,CONCATENATE(MID(F63,FIND("-",F63,1)+1,4),"ORAS")) -> 15 HORAS | F63: 17.CAMION TIPO25m³-15 HORAS-03 OP | G63: =+IF(F63="","",VLOOKUP(F63,$H$139:$I$217,2,FALSE)) -> 1505234
G64: =+IF(F64="","",VLOOKUP(F64,$H$139:$I$217,2,FALSE))
A65: valor total | B65: =+B54+B55+B56+B57+B58+B64+B59+B60+B61+B62+B63+B46+B47+B48+B49+B50+B51 -> 38 | C65: =C59+C60+C61+C62+C63+C46+C47+C48+C49+C50+C54+C55+C56+C57+C58+C64 -> 12 | G65: =SUM(G46:G51,G54:G64) -> 18962354
A67: TOTAL | B67: =B65+B40+B22 -> 84 | C67: =C65+C40+C22 -> 27 | D67: =D65+D40+D22 -> 0 | G67: =SUM(G22,G40,G65) -> 47292181
J68: GRAN TOTAL OPERA | K68: =K25+B67+T33+AB25 -> 116
J69: GRAN TOTAL CAMIONES | K69: =L25+C67+U33+AC25 -> 39 | M69: ZONA NORTE | N69: ZONA CENTRO | O69: ZONA SUR
J70: VALOR $ | K70: =SUM(G67,P25,Y33) -> 67087439 | M70: =SUM(G22,Y20:Y22) -> 17579316 | N70: =SUM(G40,P4:P15,P18:P24,Y4:Y8,Y15:Y16,Y23:Y24) -> 28940046 | O70: =SUM(G46:G51,G54:G63,Y25:Y30) -> 20568077 | P70: =SUM(M70:O70) -> 67087439
A72: OTRAS NOVEDADES DE JORNADA
A73: CONSULTAR EL ARCHIVO EN PDF ANEXO.
A93: Apoyan Guardaines ATN Norte 4, Norte 2 y Norte 3 Apoan Guardianes ATN Norte 1, Centro 1 y Centro 5 Apoyan Guardianes ATN Centro 4, Centro 3 y Sur 3 Apoyan Guardianes ATN Sur 1, Sur 2 y Centro 2
J138: TIPO DE DISPONIBILIDAD | K138: OPERARIOS
F139: 0 | G139: 0 | H139: 0 | I139: 0 | J139: 0 | K139: 0 | L139: 0 | M139: 0 | N139: =+CONCATENATE(G139,"VEHICULO",M139) -> 0VEHICULO0
F140: 40m³/50m³ -15H-4OP | G140: 1. | H140: 1.CAMION TIPO40/50m³-15 HORAS-04 OP | I140: 1955007 | J140: C | K140: 4 | L140: 1 SENCILLO 15H 4OP | M140: . | N140: =+CONCATENATE(G140,F140) -> 1.40m³/50m³ -15H-4OP
F141: 40m³/50m³ -15H-3OP | G141: 2. | H141: 2.CAMION TIPO40/50m³-15 HORAS-03 OP | I141: 1795972 | J141: C | K141: 3 | L141: 2 SENCILLO 15H 3OP | M141: . | N141: =+CONCATENATE(G141,F141) -> 2.40m³/50m³ -15H-3OP
F142: 40m³/50m³-15H-2OP | G142: 3. | H142: 3.CAMION TIPO40/50m³-15 HORAS-02 OP | I142: 1435144 | J142: C | K142: 2 | L142: 3 SENCILLO 15H 2OP | M142: . | N142: =+CONCATENATE(G142,F142) -> 3.40m³/50m³-15H-2OP
F143: 40m³/50m³-15H-1OP | G143: 4. | H143: 4.CAMION TIPO40/50m³-15 HORAS-01 OP | I143: 942678 | J143: C | K143: 1 | L143: 4 SENCILLO 15H 1OP | M143: . | N143: =+CONCATENATE(G143,F143) -> 4.40m³/50m³-15H-1OP
F144: 40m³/50m³-15H-0OP | G144: 5. | H144: 5.CAMION TIPO40/50m³-15 HORAS-00 OP | I144: 745988 | J144: C | K144: 0 | L144: 5 SENCILLO 15H 0OP | M144: . | N144: =+CONCATENATE(G144,F144) -> 5.40m³/50m³-15H-0OP
F145: 40m³/50m³-9H-4OP | G145: 6. | H145: 6.CAMION TIPO40/50m³-09 HORAS-04 OP | I145: 1665773 | J145: M | K145: 4 | L145: 6 SENCILLO M 4OP | M145: . | N145: =+CONCATENATE(G145,F145) -> 6.40m³/50m³-9H-4OP
F146: 40m³/50m³-9H-3OP | G146: 7. | H146: 7.CAMION TIPO40/50m³-09 HORAS-03 OP | I146: 1499814 | J146: M | K146: 3 | L146: 7 SENCILLO M 3OP | M146: . | N146: =+CONCATENATE(G146,F146) -> 7.40m³/50m³-9H-3OP
F147: 40m³/50m³-9H-2OP | G147: 8. | H147: 8.CAMION TIPO40/50m³-09 HORAS-02 OP | I147: 1222505 | J147: M | K147: 2 | L147: 8 SENCILLO M 2OP | M147: . | N147: =+CONCATENATE(G147,F147) -> 8.40m³/50m³-9H-2OP
F148: 40m³/50m³-9H-1OP | G148: 9. | H148: 9.CAMION TIPO40/50m³-09 HORAS-01 OP | I148: 769092 | J148: M | K148: 1 | L148: 9 SENCILLO M 1OP | M148: . | N148: =+CONCATENATE(G148,F148) -> 9.40m³/50m³-9H-1OP
F149: 40m³/50m³-9H-0OP | G149: 10. | H149: 10.CAMION TIPO40/50m³-09 HORAS-00 OP | I149: 604794 | J149: M | K149: 0 | L149: 10 SENCILLO M 0OP | M149: . | N149: =+CONCATENATE(G149,F149) -> 10.40m³/50m³-9H-0OP
F150: 40m³/50m³-4H-4OP | G150: 11. | H150: 11.CAMION TIPO40/50m³-04 HORAS-04 OP | I150: 1382917 | J150: R | K150: 4 | L150: 11 SENCILLO R 4OP | M150: . | N150: =+CONCATENATE(G150,F150) -> 11.40m³/50m³-4H-4OP
F151: 40m³/50m³-4H-3OP | G151: 12. | H151: 12.CAMION TIPO40/50m³-04 HORAS-03 OP | I151: 1230935 | J151: R | K151: 3 | L151: 12 SENCILLO R 3OP | M151: . | N151: =+CONCATENATE(G151,F151) -> 12.40m³/50m³-4H-3OP
... F187: OPERARIO-9-H | G187: 48. | H187: 48.OPERARIO-09 HORAS-00 OP | I187: 221732 | J187: M | K187: 0 | L187: 42 OPERARIO 9 H | M187: . | N187: =+CONCATENATE(G187,F187) -> 48.OPERARIO-9-H
F188: OPERARIO-4-H | G188: 49. | H188: 49.OPERARIO-04 HORAS-00 OP | I188: 160134 | J188: R | L188: 43 OPERARIO 4H | M188: . | N188: =+CONCATENATE(G188,F188) -> 49.OPERARIO-4-H
F189: COORDINADOR X DIA | G189: 50. | H189: 50. COORD X DIA | I189: 477011 | J189: C | L189: 44 COORD X DIA | M189: . | N189: =+CONCATENATE(G189,F189) -> 50.COORDINADOR X DIA
F190: BOGOTA SUMAPAZ 40/50m³ 15H-4OP | G190: 51. | H190: 51.BOGOTA-SUMAPAZ-40/50m³ -15 HORAS-04 OP | I190: 1370200 | J190: C | K190: 4 | L190: 45 SENCILLO 15H SUMAPAZ 4OP | M190: . | N190: =+CONCATENATE(G190,F190) -> 51.BOGOTA SUMAPAZ 40/50m³ 15H-4OP
F191: BOGOTA FUNZA 40/50m³ 15H-4OP | G191: 52. | H191: 52.BOGOTA-FUNZA-40/50m³ -15 HORAS-04 OP | I191: 1259700 | J191: C | K191: 4 | L191: 46 SENCILLO 15H FUNZA 4OP | M191: . | N191: =+CONCATENATE(G191,F191) -> 52.BOGOTA FUNZA 40/50m³ 15H-4OP
F192: BOGOTA COTA 40/50m³ 15H-4OP | G192: 53. | H192: 53.BOGOTA-COTA-40/50m³ -15 HORAS-04 OP | I192: 1266330 | J192: C | K192: 4 | L192: 47 SENCILLO 15H COTA 4OP | M192: . | N192: =+CONCATENATE(G192,F192) -> 53.BOGOTA COTA 40/50m³ 15H-4OP
F193: BOGOTA FUSA 40/50m³ 15H-4OP | G193: 54. | H193: 54.BOGOTA-FUSA-40/50m³ -15 HORAS-04 OP | I193: 1450865 | J193: C | K193: 4 | L193: 48 SENCILLO 15H FUSA 4OP | M193: . | N193: =+CONCATENATE(G193,F193) -> 54.BOGOTA FUSA 40/50m³ 15H-4OP
F194: BOGOTA SOACHA 40/50m³ 15H-4OP | G194: 55. | H194: 55.BOGOTA-SOACHA-40/50m³ -15 HORAS-04 OP | I194: 1328210 | J194: C | K194: 4 | L194: 49 SENCILLO 15H SOACHA 4OP | M194: . | N194: =+CONCATENATE(G194,F194) -> 55.BOGOTA SOACHA 40/50m³ 15H-4OP
F195: BOGOTA SOACHA 40/50m³ 9H-4OP | G195: 56. | H195: 56.BOGOTA-SOACHA-40/50m³ -09 HORAS-04 OP | I195: 933725 | J195: M | K195: 3 | L195: 50 SENCILLO 09H SOACHA 4OP | M195: . | N195: =+CONCATENATE(G195,F195) -> 56.BOGOTA SOACHA 40/50m³ 9H-4OP
F196: BOGOTA SUMAPAZ 25m³ 15H-4OP | G196: 57. | H196: 57.BOGOTA-SUMAPAZ-25m³ -15 HORAS-04 OP | I196: 1102790 | J196: C | K196: 4 | L196: 51 SENCILLO 15H SUMAPAZ 4OP | M196: . | N196: =+CONCATENATE(G196,F196) -> 57.BOGOTA SUMAPAZ 25m³ 15H-4OP
F197: BOGOTA FUNZA 25m³ 15H-4OP | G197: 58. | H197: 58.BOGOTA-FUNZA-25m³ -15 HORAS-04 OP | I197: 877370 | J197: C | K197: 4 | L197: 52 SENCILLO 15H FUNZA 4OP | M197: . | N197: =+CONCATENATE(G197,F197) -> 58.BOGOTA FUNZA 25m³ 15H-4OP
F198: BOGOTA COTA 25m³ 15H-4OP | G198: 59. | H198: 59.BOGOTA-COTA-25m³ -15 HORAS-04 OP | I198: 876265 | J198: C | K198: 4 | L198: 53 SENCILLO 15H COTA 4OP | M198: . | N198: =+CONCATENATE(G198,F198) -> 59.BOGOTA COTA 25m³ 15H-4OP
F199: BOGOTA FUSA 25m³ 15H-4OP | G199: 60. | H199: 60.BOGOTA-FUSA-25m³ -15 HORAS-04 OP | I199: 839800 | J199: C | K199: 4 | L199: 54 SENCILLO 15H FUSA 4OP | M199: . | N199: =+CONCATENATE(G199,F199) -> 60.BOGOTA FUSA 25m³ 15H-4OP
F200: BOGOTA SOACHA 25m³ 15H-4OP | G200: 61. | H200: 61.BOGOTA-SOACHA-25m³ -15 HORAS-04 OP | I200: 1014390 | J200: C | K200: 4 | L200: 55 SENCILLO 15H SOACHA 4OP | M200: . | N200: =+CONCATENATE(G200,F200) -> 61.BOGOTA SOACHA 25m³ 15H-4OP
F201: BOGOTA SOACHA 25m³ 9H-4OP | G201: 62. | H201: 62.BOGOTA-SOACHA-25m³ -09 HORAS-04 OP | I201: 822120 | J201: M | K201: 4 | L201: 56 SENCILLO 09H SOACHA 4OP | M201: . | N201: =+CONCATENATE(G201,F201) -> 62.BOGOTA SOACHA 25m³ 9H-4OP
F202: BOGOTA SUMAPAZ FURGONADA-15H | G202: 63. | H202: 63.BOGOTA-SUMAPAZ FURGONADA 15 HORAS-00 PO | I202: 751400 | J202: C | L202: 57 BOGOTA SUMAPAZ FURGONADA 15H | M202: . | N202: =+CONCATENATE(G202,F202) -> 63.BOGOTA SUMAPAZ FURGONADA-15H
...

Sheet 19 DE ABRIL
A1: ZONA NORTE
A2: RUTAS CICLOVÍA 40 M3 | I2: LUDICA CICLOVÍA, ESCUELA DE LA BICI, ADICIONALES 25 M3 | R2: CONOS CICLOVÍA 25 M3
A3: CORREDOR | B3: # OPERARIOS | C3: # CAMIONES | D3: MODELO | E3: DISPONIBILIDAD | F3: TIPO DE SERVICIO | G3: $ | I3: ZONA | J3: CORREDOR | K3: # OPERARIOS | L3: # CAMIONES | M3: MODELO | N3: DISPONIBILIDAD | O3: TIPO DE SERVICIO | P3: $ | R3: ZONA | S3: CORREDOR | T3: # OPERARIOS | U3: # CAMIONES | V3: MODELO | W3: DISPONIBILIDAD | X3: TIPO DE SERVICIO | Y3: $
A4: NORTE 1 | B4: =+IF(F4=0,0,MID(F4,LEN(F4)-4,3)) -> 04 | C4: 1 | D4: 2014-2023 | E4: =+IF(F4=0,0,CONCATENATE(MID(F4,FIND("-",F4,1)+1,4),"ORAS")) -> 15 HORAS | F4: 1.CAMION TIPO40/50m³-15 HORAS-04 OP | G4: =+IF(F4="","",VLOOKUP(F4,$H$142:$I$220,2,FALSE)) -> 1955007 | I4: CENTRO | J4: CAMIONETA FURGONADA PENDONES CALLE 26 | K4: =+IF(O4=0,0,MID(O4,LEN(O4)-4,3)) -> 03 | L4: 1 | M4: 2014-2023 | N4: =+IF(O4=0,0,CONCATENATE(MID(O4,FIND("-",O4,1)+1,4),"ORAS")) -> 15 HORAS | O4: 31.CAMION TIPOFURGON-15 HORAS-03 OP | P4: =+IF(O4="","",VLOOKUP(O4,$H$142:$I$220,2,FALSE)) -> 1019917 | R4: CENTRO | S4: CENTRO 5 CAMION 1 UNICONOS | T4: 4 | U4: 1 | V4: 2014-2023 | W4: =+IF(X4=0,0,CONCATENATE(MID(X4,FIND("-",X4,1)+1,4),"ORAS")) -> 15 HORAS | X4: 17.CAMION TIPO25m³-15 HORAS-03 OP | Y4: =+IF(X4="","",VLOOKUP(X4,$H$142:$I$220,2,FALSE)) -> 1505234
A5: NORTE 1 CONOS | B5: =+IF(F5=0,0,MID(F5,LEN(F5)-4,3)) -> 04 | C5: 1 | D5: 2014-2023 | E5: =+IF(F5=0,0,CONCATENATE(MID(F5,FIND("-",F5,1)+1,4),"ORAS")) -> 15 HORAS | F5: 1.CAMION TIPO40/50m³-15 HORAS-04 OP | G5: =+IF(F5="","",VLOOKUP(F5,$H$142:$I$220,2,FALSE)) -> 1955007 | I5: CENTRO | J5: ACTIVIDADES SERVICIO SOCIAL | K5: =+IF(O5=0,0,MID(O5,LEN(O5)-4,3)) -> 02 | L5: 1 | M5: 2014-2023 | N5: =+IF(O5=0,0,CONCATENATE(MID(O5,FIND("-",O5,1)+1,4),"ORAS")) -> 09 HORAS | O5: 35.CAMION TIPOFURGON-09 HORAS-02 OP | P5: =+IF(O5="","",VLOOKUP(O5,$H$142:$I$220,2,FALSE)) -> 728949 | R5: CENTRO | S5: CENTRO 5 CAMION 2 UNICONOS | T5: 4 | U5: 1 | V5: 2014-2023 | W5: =+IF(X5=0,0,CONCATENATE(MID(X5,FIND("-",X5,1)+1,4),"ORAS")) -> 15 HORAS | X5: 16.CAMION TIPO25m³-15 HORAS-04 OP | Y5: =+IF(X5="","",VLOOKUP(X5,$H$142:$I$220,2,FALSE)) -> 1691890
A6: NORTE 2 | B6: =+IF(F6=0,0,MID(F6,LEN(F6)-4,3)) -> 03 | C6: 1 | D6: 2014-2023 | E6: =+IF(F6=0,0,CONCATENATE(MID(F6,FIND("-",F6,1)+1,4),"ORAS")) -> 15 HORAS | F6: 2.CAMION TIPO40/50m³-15 HORAS-03 OP | G6: =+IF(F6="","",VLOOKUP(F6,$H$142:$I$220,2,FALSE)) -> 1795972 | K6: =+IF(O6=0,0,MID(O6,LEN(O6)-4,3)) -> 0 | N6: =+IF(O6=0,0,CONCATENATE(MID(O6,FIND("-",O6,1)+1,4),"ORAS")) -> 0 | O6: 0 | P6: =+IF(O6="","",VLOOKUP(O6,$H$142:$I$220,2,FALSE)) -> 0 | R6: CENTRO | S6: CENTRO 4 CAMION 3 UNICONOS | T6: 4 | U6: 1 | V6: 2014-2023 | W6: =+IF(X6=0,0,CONCATENATE(MID(X6,FIND("-",X6,1)+1,4),"ORAS")) -> 15 HORAS | X6: 17.CAMION TIPO25m³-15 HORAS-03 OP | Y6: =+IF(X6="","",VLOOKUP(X6,$H$142:$I$220,2,FALSE)) -> 1505234
A7: NORTE 3 | B7: =+IF(F7=0,0,MID(F7,LEN(F7)-4,3)) -> 03 | C7: 1 | D7: 2014-2023 | E7: =+IF(F7=0,0,CONCATENATE(MID(F7,FIND("-",F7,1)+1,4),"ORAS")) -> 15 HORAS | F7: 2.CAMION TIPO40/50m³-15 HORAS-03 OP | G7: =+IF(F7="","",VLOOKUP(F7,$H$142:$I$220,2,FALSE)) -> 1795972 | K7: =+IF(O7=0,0,MID(O7,LEN(O7)-4,3)) -> 0 | N7: =+IF(O7=0,0,CONCATENATE(MID(O7,FIND("-",O7,1)+1,4),"ORAS")) -> 0 | O7: 0 | P7: =+IF(O7="","",VLOOKUP(O7,$H$142:$I$220,2,FALSE)) -> 0 | X7: 0 | Y7: 0
A8: NORTE 4 | B8: =+IF(F8=0,0,MID(F8,LEN(F8)-4,3)) -> 03 | C8: 1 | D8: 2014-2023 | E8: =+IF(F8=0,0,CONCATENATE(MID(F8,FIND("-",F8,1)+1,4),"ORAS")) -> 15 HORAS | F8: 2.CAMION TIPO40/50m³-15 HORAS-03 OP | G8: =+IF(F8="","",VLOOKUP(F8,$H$142:$I$220,2,FALSE)) -> 1795972 | K8: =+IF(O8=0,0,MID(O8,LEN(O8)-4,3)) -> 0 | N8: =+IF(O8=0,0,CONCATENATE(MID(O8,FIND("-",O8,1)+1,4),"ORAS")) -> 0 | O8: 0 | P8: =+IF(O8="","",VLOOKUP(O8,$H$142:$I$220,2,FALSE)) -> 0 | U8: 3
A9: NORTE 5 ZONA 1 | B9: =+IF(F9=0,0,MID(F9,LEN(F9)-4,3)) -> 03 | C9: 1 | D9: 2014-2023 | E9: =+IF(F9=0,0,CONCATENATE(MID(F9,FIND("-",F9,1)+1,4),"ORAS")) -> 15 HORAS | F9: 2.CAMION TIPO40/50m³-15 HORAS-03 OP | G9: =+IF(F9="","",VLOOKUP(F9,$H$142:$I$220,2,FALSE)) -> 1795972 | K9: =+IF(O9=0,0,MID(O9,LEN(O9)-4,3)) -> 0 | N9: =+IF(O9=0,0,CONCATENATE(MID(O9,FIND("-",O9,1)+1,4),"ORAS")) -> 0 | O9: 0 | P9: =+IF(O9="","",VLOOKUP(O9,$H$142:$I$220,2,FALSE)) -> 0
A10: NORTE 5 ZONA 2 | B10: =+IF(F10=0,0,MID(F10,LEN(F10)-4,3)) -> 03 | C10: 1 | D10: 2014-2023 | E10: =+IF(F10=0,0,CONCATENATE(MID(F10,FIND("-",F10,1)+1,4),"ORAS")) -> 15 HORAS | F10: 2.CAMION TIPO40/50m³-15 HORAS-03 OP | G10: =+IF(F10="","",VLOOKUP(F10,$H$142:$I$220,2,FALSE)) -> 1795972
A11: NORTE 6 | B11: =+IF(F11=0,0,MID(F11,LEN(F11)-4,3)) -> 04 | C11: 1 | D11: 2014-2023 | E11: =+IF(F11=0,0,CONCATENATE(MID(F11,FIND("-",F11,1)+1,4),"ORAS")) -> 15 HORAS | F11: 1.CAMION TIPO40/50m³-15 HORAS-04 OP | G11: =+IF(F11="","",VLOOKUP(F11,$H$142:$I$220,2,FALSE)) -> 1955007
A12: NORTE 6 CONTRAFLUJOS | B12: =+IF(F12=0,0,MID(F12,LEN(F12)-4,3)) -> 03 | C12: 1 | D12: 2014-2023 | E12: =+IF(F12=0,0,CONCATENATE(MID(F12,FIND("-",F12,1)+1,4),"ORAS")) -> 15 HORAS | F12: 2.CAMION TIPO40/50m³-15 HORAS-03 OP | G12: =+IF(F12="","",VLOOKUP(F12,$H$142:$I$220,2,FALSE)) -> 1795972
B13: =+IF(F13=0,0,MID(F13,LEN(F13)-4,3)) -> 0 | E13: =+IF(F13=0,0,CONCATENATE(MID(F13,FIND("-",F13,1)+1,4),"ORAS")) -> 0 | F13: 0 | G13: =+IF(F13="","",VLOOKUP(F13,$H$142:$I$220,2,FALSE)) -> 0
B14: =+IF(F14=0,0,MID(F14,LEN(F14)-4,3)) -> 0 | E14: =+IF(F14=0,0,CONCATENATE(MID(F14,FIND("-",F14,1)+1,4),"ORAS")) -> 0 | F14: 0 | G14: =+IF(F14="","",VLOOKUP(F14,$H$142:$I$220,2,FALSE)) -> 0
B16: =+B10+B9+B8+B7+B6+B5+B4+B11+B12 -> 30 | C16: =+C10+C9+C8+C7+C6+C5+C4+C11+C12 -> 9 | G16: =SUM(G4:G15) -> 16640853 | R16: OPERARIOS ADICIONALES
A17: RUTAS CICLOVÍA 25 M3 | R17: ZONA | S17: CORREDOR | T17: # OPERARIOS | U17: # CAMIONES | V17: MODELO | W17: DISPONIBILIDAD | X17: TIPO DE SERVICIO | Y17: $
A18: CORREDOR | B18: # OPERARIOS | C18: # CAMIONES | D18: MODELO | E18: DISPONIBILIDAD | F18: TIPO DE SERVICIO | G18: $ | R18: CENTRO | S18: APOYO CICLOVÍA | T18: 0 | U18: 0 | V18: 2014-2023 | W18: =+IF(X18=0,0,CONCATENATE(MID(X18,FIND("-",X18,1)+1,4),"ORAS")) -> 0 | X18: 0 | Y18: =+IF(X18="","",VLOOKUP(X18,$H$142:$I$220,2,FALSE))*T18 -> 0
B19: =+IF(F19=0,0,MID(F19,LEN(F19)-4,3)) -> 0 | E19: =+IF(F19=0,0,CONCATENATE(MID(F19,FIND("-",F19,1)+1,4),"ORAS")) -> 0 | F19: 0 | G19: =+IF(F19="","",VLOOKUP(F19,$H$142:$I$220,2,FALSE)) -> 0 | I19: ATN CICLOVÍA, ESCUELA DE LA BICI, ADICIONALES 40 M3 | W19: =+IF(X19=0,0,CONCATENATE(MID(X19,FIND("-",X19,1)+1,4),"ORAS")) -> 0 | X19: 0 | Y19: =+IF(X19="","",VLOOKUP(X19,$H$142:$I$220,2,FALSE))*T19 -> 0
F20: 0 | G20: =+IF(F20="","",VLOOKUP(F20,$H$142:$I$220,2,FALSE)) -> 0 | I20: ZONA | J20: CORREDOR | K20: # OPERARIOS | L20: # CAMIONES | M20: MODELO | N20: DISPONIBILIDAD | O20: TIPO DE SERVICIO | P20: $
F21: 0 | G21: =+IF(F21="","",VLOOKUP(F21,$H$142:$I$220,2,FALSE)) -> 0 | I21: CENTRO | J21: CICLOVÍA ALTERNATIVA 1 | K21: =+IF(O21=0,0,MID(O21,LEN(O21)-4,3)) -> 04 | L21: 1 | M21: 2014-2023 | N21: =+IF(O21=0,0,CONCATENATE(MID(O21,FIND("-",O21,1)+1,4),"ORAS")) -> 15 HORAS | O21: 1.CAMION TIPO40/50m³-15 HORAS-04 OP | P21: =+IF(O21="","",VLOOKUP(O21,$H$142:$I$220,2,FALSE)) -> 1955007 | R21: CAMIONETA 4 X4 DOBLE CABINA CON PLATON
F22: 0 | G22: =+IF(F22="","",VLOOKUP(F22,$H$142:$I$220,2,FALSE)) -> 0 | I22: CENTRO | J22: ESCUELA | K22: =+IF(O22=0,0,MID(O22,LEN(O22)-4,3)) -> 03 | L22: 1 | M22: 2014-2023 | N22: =+IF(O22=0,0,CONCATENATE(MID(O22,FIND("-",O22,1)+1,4),"ORAS")) -> 15 HORAS | O22: 2.CAMION TIPO40/50m³-15 HORAS-03 OP | P22: =+IF(O22="","",VLOOKUP(O22,$H$142:$I$220,2,FALSE)) -> 1795972 | R22: ZONA | S22: CORREDOR | T22: # OPERARIOS | U22: # CAMIONES | V22: MODELO | W22: DISPONIBILIDAD | X22: TIPO DE SERVICIO | Y22: $
F23: 0 | G23: =+IF(F23="","",VLOOKUP(F23,$H$142:$I$220,2,FALSE)) -> 0 | I23: CENTRO | J23: CICLOVÍA EN PATINES | K23: =+IF(O23=0,0,MID(O23,LEN(O23)-4,3)) -> 03 | L23: 1 | M23: 2014-2023 | N23: =+IF(O23=0,0,CONCATENATE(MID(O23,FIND("-",O23,1)+1,4),"ORAS")) -> 15 HORAS | O23: 2.CAMION TIPO40/50m³-15 HORAS-03 OP | P23: =+IF(O23="","",VLOOKUP(O23,$H$142:$I$220,2,FALSE)) -> 1795972 | R23: NORTE | S23: COORDINADOR ZONA NORTE | T23: NA | U23: NA | V23: 2014-2023 | W23: =+IF(X23=0,0,CONCATENATE(MID(X23,FIND("-",X23,1)+1,4),"ORAS")) -> #VALUE! | X23: 50. COORD X DIA | Y23: =+IF(X23="","",VLOOKUP(X23,$H$142:$I$220,2,FALSE)) -> 477011
F24: 0 | G24: =+IF(F24="","",VLOOKUP(F24,$H$142:$I$220,2,FALSE)) -> 0 | I24: CENTRO | J24: CICLOVIA TE CUIDA | K24: =+IF(O24=0,0,MID(O24,LEN(O24)-4,3)) -> 04 | L24: 1 | M24: 2014-2023 | N24: =+IF(O24=0,0,CONCATENATE(MID(O24,FIND("-",O24,1)+1,4),"ORAS")) -> 09 HORAS | O24: 6.CAMION TIPO40/50m³-09 HORAS-04 OP | P24: =+IF(O24="","",VLOOKUP(O24,$H$142:$I$220,2,FALSE)) -> 1665773 | R24: NORTE | S24: APOYO CICLOVÍA | T24: NA | U24: NA | V24: 2014-2023 | W24: =+IF(X24=0,0,CONCATENATE(MID(X24,FIND("-",X24,1)+1,4),"ORAS")) -> 15 HORAS | X24: 40.4X4-15 HORAS-00 OP | Y24: =+IF(X24="","",VLOOKUP(X24,$H$142:$I$220,2,FALSE)) -> 1128712
A25: valor total | B25: =SUM(B4:B16)+B19+B20+B21+B22+B23+B24 -> 30 | C25: =+C4+C5+C6+C7+C8+C9+C10+C19 -> 7 | G25: =SUM(G16,G19:G24) -> 16640853 | O25: 0 | P25: =+IF(O25="","",VLOOKUP(O25,$H$142:$I$220,2,FALSE)) -> 0 | R25: NORTE | S25: APOYO CICLOVÍA | T25: NA | U25: NA | V25: 2014-2023 | W25: =+IF(X25=0,0,CONCATENATE(MID(X25,FIND("-",X25,1)+1,4),"ORAS")) -> 15 HORAS | X25: 40.4X4-15 HORAS-00 OP | Y25: =+IF(X25="","",VLOOKUP(X25,$H$142:$I$220,2,FALSE)) -> 1128712
A26: ZONA CENTRO | R26: CENTRO | S26: COORDINADOR ZONA CENTRO | T26: NA | U26: NA | V26: 2014-2023 | W26: =+IF(X26=0,0,CONCATENATE(MID(X26,FIND("-",X26,1)+1,4),"ORAS")) -> #VALUE! | X26: 50. COORD X DIA | Y26: =+IF(X26="","",VLOOKUP(X26,$H$142:$I$220,2,FALSE)) -> 477011
A27: RUTAS CICLOVÍA 40 M3 | R27: CENTRO | S27: CAMION 3 | T27: NA | U27: 1 | V27: 2014-2024 | W27: =+IF(X27=0,0,CONCATENATE(MID(X27,FIND("-",X27,1)+1,4),"ORAS")) -> 15 HORAS | X27: 32.CAMION TIPOFURGON-15 HORAS-02 OP | Y27: =+IF(X27="","",VLOOKUP(X27,$H$142:$I$220,2,FALSE)) -> 832623
A28: CORREDOR | B28: # OPERARIOS | C28: # CAMIONES | D28: MODELO | E28: DISPONIBILIDAD | F28: TIPO DE SERVICIO | G28: $ | J28: TOTAL | K28: =K4+K5+K6+K7+K8+K9+K21+K22+K23 -> 15 | L28: =SUM(L4:L27) -> 6 | P28: =SUM(P4:P27) -> 8961590 | R28: SUR | S28: APOYO CICLOVÍA | T28: NA | U28: NA | V28: 2014-2024 | W28: =+IF(X28=0,0,CONCATENATE(MID(X28,FIND("-",X28,1)+1,4),"ORAS")) -> 15 HORAS | X28: 40.4X4-15 HORAS-00 OP | Y28: =+IF(X28="","",VLOOKUP(X28,$H$142:$I$220,2,FALSE)) -> 1128712
A29: CENTRO 1 | B29: =+IF(F29=0,0,MID(F29,LEN(F29)-4,3)) -> 04 | C29: 1 | D29: 2014-2023 | E29: =+IF(F29=0,0,CONCATENATE(MID(F29,FIND("-",F29,1)+1,4),"ORAS")) -> 15 HORAS | F29: 1.CAMION TIPO40/50m³-15 HORAS-04 OP | G29: =+IF(F29="","",VLOOKUP(F29,$H$142:$I$220,2,FALSE)) -> 1955007 | R29: SUR | S29: COORDINADOR ZONA SUR | T29: NA | U29: NA | V29: 2014-2026 | W29: =+IF(X29=0,0,CONCATENATE(MID(X29,FIND("-",X29,1)+1,4),"ORAS")) -> #VALUE! | X29: 50. COORD X DIA | Y29: =+IF(X29="","",VLOOKUP(X29,$H$142:$I$220,2,FALSE)) -> 477011
A30: CENTRO 2 | B30: =+IF(F30=0,0,MID(F30,LEN(F30)-4,3)) -> 04 | C30: 1 | D30: 2014-2023 | E30: =+IF(F30=0,0,CONCATENATE(MID(F30,FIND("-",F30,1)+1,4),"ORAS")) -> 15 HORAS | F30: 1.CAMION TIPO40/50m³-15 HORAS-04 OP | G30: =+IF(F30="","",VLOOKUP(F30,$H$142:$I$220,2,FALSE)) -> 1955007 | W30: =+IF(X30=0,0,CONCATENATE(MID(X30,FIND("-",X30,1)+1,4),"ORAS")) -> 0 | X30: 0 | Y30: =+IF(X30="","",VLOOKUP(X30,$H$142:$I$220,2,FALSE)) -> 0
A31: CENTRO 4 | B31: =+IF(F31=0,0,MID(F31,LEN(F31)-4,3)) -> 03 | C31: 1 | D31: 2014-2023 | E31: =+IF(F31=0,0,CONCATENATE(MID(F31,FIND("-",F31,1)+1,4),"ORAS")) -> 15 HORAS | F31: 2.CAMION TIPO40/50m³-15 HORAS-03 OP | G31: =+IF(F31="","",VLOOKUP(F31,$H$142:$I$220,2,FALSE)) -> 1795972 | W31: =+IF(X31=0,0,CONCATENATE(MID(X31,FIND("-",X31,1)+1,4),"ORAS")) -> 0 | X31: 0 | Y31: =+IF(X31="","",VLOOKUP(X31,$H$142:$I$220,2,FALSE)) -> 0
A32: CENTRO 5 | B32: =+IF(F32=0,0,MID(F32,LEN(F32)-4,3)) -> 03 | C32: 1 | D32: 2014-2023 | E32: =+IF(F32=0,0,CONCATENATE(MID(F32,FIND("-",F32,1)+1,4),"ORAS")) -> 15 HORAS | F32: 2.CAMION TIPO40/50m³-15 HORAS-03 OP | G32: =+IF(F32="","",VLOOKUP(F32,$H$142:$I$220,2,FALSE)) -> 1795972 | W32: =+IF(X32=0,0,CONCATENATE(MID(X32,FIND("-",X32,1)+1,4),"ORAS")) -> 0 | X32: 0 | Y32: =+IF(X32="","",VLOOKUP(X32,$H$142:$I$220,2,FALSE)) -> 0
F33: 0 | G33: =+IF(F33="","",VLOOKUP(F33,$H$142:$I$220,2,FALSE)) -> 0 | W33: =+IF(X33=0,0,CONCATENATE(MID(X33,FIND("-",X33,1)+1,4),"ORAS")) -> 0 | X33: 0 | Y33: =+IF(X33="","",VLOOKUP(X33,$H$142:$I$220,2,FALSE)) -> 0
G34: =+IF(F34="","",VLOOKUP(F34,$H$142:$I$220,2,FALSE))
A35: RUTAS CICLOVÍA 25 M3
B36: # OPERARIOS | C36: # CAMIONES | D36: MODELO | F36: TIPO DE SERVICIO | G36: $ | S36: TOTAL | T36: =+T18+T19+T4+T5+T6+T7 -> 12 | U36: =SUM(U4:U7,U27) -> 4 | Y36: =SUM(Y4:Y33) -> 10352150
A37: CENTRO 3 ZONA 1 | B37: =+IF(F37=0,0,MID(F37,LEN(F37)-4,3)) -> 03 | C37: 1 | D37: 2014-2023 | E37: =+IF(F37=0,0,CONCATENATE(MID(F37,FIND("-",F37,1)+1,4),"ORAS")) -> 15 HORAS | F37: 17.CAMION TIPO25m³-15 HORAS-03 OP | G37: =+IF(F37="","",VLOOKUP(F37,$H$142:$I$220,2,FALSE)) -> 1505234
A38: CENTRO 3 ZONA 2 | B38: =+IF(F38=0,0,MID(F38,LEN(F38)-4,3)) -> 03 | C38: 1 | D38: 2014-2023 | E38: =+IF(F38=0,0,CONCATENATE(MID(F38,FIND("-",F38,1)+1,4),"ORAS")) -> 15 HORAS | F38: 17.CAMION TIPO25m³-15 HORAS-03 OP | G38: =+IF(F38="","",VLOOKUP(F38,$H$142:$I$220,2,FALSE)) -> 1505234
A39: CENTRO 6 ZONA 1 | B39: =+IF(F39=0,0,MID(F39,LEN(F39)-4,3)) -> 03 | C39: 1 | D39: 2014-2023 | E39: =+IF(F39=0,0,CONCATENATE(MID(F39,FIND("-",F39,1)+1,4),"ORAS")) -> 15 HORAS | F39: 17.CAMION TIPO25m³-15 HORAS-03 OP | G39: =+IF(F39="","",VLOOKUP(F39,$H$142:$I$220,2,FALSE)) -> 1505234
A40: CENTRO 6 ZONA 2 | B40: =+IF(F40=0,0,MID(F40,LEN(F40)-4,3)) -> 03 | C40: 1 | D40: 2014-2023 | E40: =+IF(F40=0,0,CONCATENATE(MID(F40,FIND("-",F40,1)+1,4),"ORAS")) -> 15 HORAS | F40: 17.CAMION TIPO25m³-15 HORAS-03 OP | G40: =+IF(F40="","",VLOOKUP(F40,$H$142:$I$220,2,FALSE)) -> 1505234
B41: =+IF(F41=0,0,MID(F41,LEN(F41)-4,3)) -> 0 | D41: 2014-2023 | E41: =+IF(F41=0,0,CONCATENATE(MID(F41,FIND("-",F41,1)+1,4),"ORAS")) -> 0 | F41: 0 | G41: =+IF(F41="","",VLOOKUP(F41,$H$142:$I$220,2,FALSE)) -> 0
F42: 0 | G42: =+IF(F42="","",VLOOKUP(F42,$H$142:$I$220,2,FALSE)) -> 0
A43: valor total | B43: =+B29+B30+B31+B37+B38+B39+B40+B41+B32 -> 26 | C43: =SUM(C29:C35)+C37+C38+C39+C40+C41+C42 -> 8 | E43: =+IF(F43=0,0,CONCATENATE(MID(F43,FIND("-",F43,1)+1,3),"ORAS")) -> 0 | G43: =SUM(G29:G34,G37:G42) -> 13522894
A44: ZONA SUR
A45: RUTAS CICLOVÍA 40 M3
A46: CORREDOR | B46: # OPERARIOS | C46: # CAMIONES | D46: MODELO | E46: DISPONIBILIDAD | F46: TIPO DE SERVICIO | G46: $
A49: SUR 2 CANECAS 1 | B49: =+IF(F49=0,0,MID(F49,LEN(F49)-4,3)) -> 04 | C49: 1 | D49: 2014-2023 | E49: =+IF(F49=0,0,CONCATENATE(MID(F49,FIND("-",F49,1)+1,4),"ORAS")) -> 15 HORAS | F49: 1.CAMION TIPO40/50m³-15 HORAS-04 OP | G49: =+IF(F49="","",VLOOKUP(F49,$H$142:$I$220,2,FALSE)) -> 1955007
A50: SUR 4 | B50: =+IF(F50=0,0,MID(F50,LEN(F50)-4,3)) -> 04 | C50: 1 | D50: 2014-2023 | E50: =+IF(F50=0,0,CONCATENATE(MID(F50,FIND("-",F50,1)+1,4),"ORAS")) -> 15 HORAS | F50: 1.CAMION TIPO40/50m³-15 HORAS-04 OP | G50: =+IF(F50="","",VLOOKUP(F50,$H$142:$I$220,2,FALSE)) -> 1955007
A51: SUR 5 | B51: =+IF(F51=0,0,MID(F51,LEN(F51)-4,3)) -> 04 | C51: 1 | D51: 2014-2023 | E51: =+IF(F51=0,0,CONCATENATE(MID(F51,FIND("-",F51,1)+1,4),"ORAS")) -> 15 HORAS | F51: 1.CAMION TIPO40/50m³-15 HORAS-04 OP | G51: =+IF(F51="","",VLOOKUP(F51,$H$142:$I$220,2,FALSE)) -> 1955007
B52: =+IF(F52=0,0,MID(F52,LEN(F52)-4,3)) -> 0 | F52: 0 | G52: =+IF(F52="","",VLOOKUP(F52,$H$142:$I$220,2,FALSE)) -> 0
B53: =+IF(F53=0,0,MID(F53,LEN(F53)-4,3)) -> 0 | F53: 0 | G53: =+IF(F53="","",VLOOKUP(F53,$H$142:$I$220,2,FALSE)) -> 0
B54: =+IF(F54=0,0,MID(F54,LEN(F54)-4,3)) -> 0 | F54: 0 | G54: =+IF(F54="","",VLOOKUP(F54,$H$142:$I$220,2,FALSE)) -> 0
A55: RUTAS CICLOVÍA 25 M3
A56: CORREDOR | B56: # OPERARIOS | C56: # CAMIONES | D56: MODELO | E56: DISPONIBILIDAD | F56: TIPO DE SERVICIO | G56: $
A57: SUR 1 ZONA 1 | B57: =+IF(F57=0,0,MID(F57,LEN(F57)-4,3)) -> 03 | C57: 1 | D57: 2014-2023 | E57: =+IF(F57=0,0,CONCATENATE(MID(F57,FIND("-",F57,1)+1,4),"ORAS")) -> 15 HORAS | F57: 17.CAMION TIPO25m³-15 HORAS-03 OP | G57: =+IF(F57="","",VLOOKUP(F57,$H$142:$I$220,2,FALSE)) -> 1505234
A58: SUR 1 ZONA 2 | B58: =+IF(F58=0,0,MID(F58,LEN(F58)-4,3)) -> 03 | C58: 1 | D58: 2014-2023 | E58: =+IF(F58=0,0,CONCATENATE(MID(F58,FIND("-",F58,1)+1,4),"ORAS")) -> 15 HORAS | F58: 17.CAMION TIPO25m³-15 HORAS-03 OP | G58: =+IF(F58="","",VLOOKUP(F58,$H$142:$I$220,2,FALSE)) -> 1505234
A59: SUR 1 MALETINES | B59: =+IF(F59=0,0,MID(F59,LEN(F59)-4,3)) -> 03 | C59: 1 | D59: 2014-2023 | E59: =+IF(F59=0,0,CONCATENATE(MID(F59,FIND("-",F59,1)+1,4),"ORAS")) -> 15 HORAS | F59: 17.CAMION TIPO25m³-15 HORAS-03 OP | G59: =+IF(F59="","",VLOOKUP(F59,$H$142:$I$220,2,FALSE)) -> 1505234
A60: SUR 2 CANECAS 2 | B60: =+IF(F60=0,0,MID(F60,LEN(F60)-4,3)) -> 03 | C60: 1 | D60: 2014-2023 | E60: =+IF(F60=0,0,CONCATENATE(MID(F60,FIND("-",F60,1)+1,4),"ORAS")) -> 15 HORAS | F60: 17.CAMION TIPO25m³-15 HORAS-03 OP | G60: =+IF(F60="","",VLOOKUP(F60,$H$142:$I$220,2,FALSE)) -> 1505234
A61: SUR 2 CANECAS 3 | B61: =+IF(F61=0,0,MID(F61,LEN(F61)-4,3)) -> 03 | C61: 1 | D61: 2014-2023 | E61: =+IF(F61=0,0,CONCATENATE(MID(F61,FIND("-",F61,1)+1,4),"ORAS")) -> 15 HORAS | F61: 17.CAMION TIPO25m³-15 HORAS-03 OP | G61: =+IF(F61="","",VLOOKUP(F61,$H$142:$I$220,2,FALSE)) -> 1505234
A62: SUR 2 CANECAS 4 | B62: =+IF(F62=0,0,MID(F62,LEN(F62)-4,3)) -> 03 | C62: 1 | D62: 2014-2023 | E62: =+IF(F62=0,0,CONCATENATE(MID(F62,FIND("-",F62,1)+1,4),"ORAS")) -> 15 HORAS | F62: 17.CAMION TIPO25m³-15 HORAS-03 OP | G62: =+IF(F62="","",VLOOKUP(F62,$H$142:$I$220,2,FALSE)) -> 1505234
A63: SUR 3 ZONA 1 | B63: =+IF(F63=0,0,MID(F63,LEN(F63)-4,3)) -> 03 | C63: 1 | D63: 2014-2023 | E63: =+IF(F63=0,0,CONCATENATE(MID(F63,FIND("-",F63,1)+1,4),"ORAS")) -> 15 HORAS | F63: 17.CAMION TIPO25m³-15 HORAS-03 OP | G63: =+IF(F63="","",VLOOKUP(F63,$H$142:$I$220,2,FALSE)) -> 1505234
A64: SUR 3 ZONA 2 | B64: =+IF(F64=0,0,MID(F64,LEN(F64)-4,3)) -> 02 | C64: 1 | D64: 2014-2023 | E64: =+IF(F64=0,0,CONCATENATE(MID(F64,FIND("-",F64,1)+1,4),"ORAS")) -> 15 HORAS | F64: 18.CAMION TIPO25m³-15 HORAS-02 OP | G64: =+IF(F64="","",VLOOKUP(F64,$H$142:$I$220,2,FALSE)) -> 1308251
B65: =+IF(F65=0,0,MID(F65,LEN(F65)-4,3)) -> 0 | E65: =+IF(F65=0,0,CONCATENATE(MID(F65,FIND("-",F65,1)+1,4),"ORAS")) -> 0 | F65: 0 | G65: =+IF(F65="","",VLOOKUP(F65,$H$142:$I$220,2,FALSE)) -> 0
B66: =+IF(F66=0,0,MID(F66,LEN(F66)-4,3)) -> 0 | E66: =+IF(F66=0,0,CONCATENATE(MID(F66,FIND("-",F66,1)+1,4),"ORAS")) -> 0 | F66: 0 | G66: =+IF(F66="","",VLOOKUP(F66,$H$142:$I$220,2,FALSE)) -> 0
G67: =+IF(F67="","",VLOOKUP(F67,$H$142:$I$220,2,FALSE))
A68: valor total | B68: =+B57+B58+B59+B60+B61+B67+B62+B63+B64+B65+B66+B49+B50+B51+B52+B53+B54 -> 35 | C68: =C62+C63+C64+C65+C66+C49+C50+C51+C52+C53+C57+C58+C59+C60+C61+C67 -> 11 | G68: =SUM(G49:G54,G57:G67) -> 17709910
A70: TOTAL | B70: =B68+B43+B25 -> 91 | C70: =C68+C43+C25 -> 26 | D70: =D68+D43+D25 -> 0 | G70: =SUM(G25,G43,G68) -> 47873657
J71: GRAN TOTAL OPERA | K71: =K28+B70+T36+AB28 -> 118
J72: GRAN TOTAL CAMIONES | K72: =L28+C70+U36+AC28 -> 36 | M72: ZONA NORTE | N72: ZONA CENTRO | O72: ZONA SUR
J73: VALOR $ | K73: =SUM(G70,P28,Y36) -> 67187397 | M73: =SUM(G25,Y23:Y25) -> 19375288 | N73: =SUM(G43,P4:P18,P21:P27,Y4:Y8,Y18:Y19,Y26:Y27) -> 28496476 | O73: =SUM(G49:G54,G57:G66,Y28:Y33) -> 19315633 | P73: =SUM(M73:O73) -> 67187397
A75: OTRAS NOVEDADES DE JORNADA
A76: CONSULTAR EL ARCHIVO EN PDF ANEXO.
A96: Apoyan Guardaines ATN Norte 4, Norte 2 y Norte 3 Apoan Guardianes ATN Norte 1, Centro 1 y Centro 5 Apoyan Guardianes ATN Centro 4, Centro 3 y Sur 3 Apoyan Guardianes ATN Sur 1, Sur 2 y Centro 2
J141: TIPO DE DISPONIBILIDAD | K141: OPERARIOS
F142: 0 | G142: 0 | H142: 0 | I142: 0 | J142: 0 | K142: 0 | L142: 0 | M142: 0 | N142: =+CONCATENATE(G142,"VEHICULO",M142) -> 0VEHICULO0
F143: 40m³/50m³ -15H-4OP | G143: 1. | H143: 1.CAMION TIPO40/50m³-15 HORAS-04 OP | I143: 1955007 | J143: C | K143: 4 | L143: 1 SENCILLO 15H 4OP | M143: . | N143: =+CONCATENATE(G143,F143) -> 1.40m³/50m³ -15H-4OP
F144: 40m³/50m³ -15H-3OP | G144: 2. | H144: 2.CAMION TIPO40/50m³-15 HORAS-03 OP | I144: 1795972 | J144: C | K144: 3 | L144: 2 SENCILLO 15H 3OP | M144: . | N144: =+CONCATENATE(G144,F144) -> 2.40m³/50m³ -15H-3OP
F145: 40m³/50m³-15H-2OP | G145: 3. | H145: 3.CAMION TIPO40/50m³-15 HORAS-02 OP | I145: 1435144 | J145: C | K145: 2 | L145: 3 SENCILLO 15H 2OP | M145: . | N145: =+CONCATENATE(G145,F145) -> 3.40m³/50m³-15H-2OP
F146: 40m³/50m³-15H-1OP | G146: 4. | H146: 4.CAMION TIPO40/50m³-15 HORAS-01 OP | I146: 942678 | J146: C | K146: 1 | L146: 4 SENCILLO 15H 1OP | M146: . | N146: =+CONCATENATE(G146,F146) -> 4.40m³/50m³-15H-1OP
F147: 40m³/50m³-15H-0OP | G147: 5. | H147: 5.CAMION TIPO40/50m³-15 HORAS-00 OP | I147: 745988 | J147: C | K147: 0 | L147: 5 SENCILLO 15H 0OP | M147: . | N147: =+CONCATENATE(G147,F147) -> 5.40m³/50m³-15H-0OP
F148: 40m³/50m³-9H-4OP | G148: 6. | H148: 6.CAMION TIPO40/50m³-09 HORAS-04 OP | I148: 1665773 | J148: M | K148: 4 | L148: 6 SENCILLO M 4OP | M148: . | N148: =+CONCATENATE(G148,F148) -> 6.40m³/50m³-9H-4OP
F149: 40m³/50m³-9H-3OP | G149: 7. | H149: 7.CAMION TIPO40/50m³-09 HORAS-03 OP | I149: 1499814 | J149: M | K149: 3 | L149: 7 SENCILLO M 3OP | M149: . | N149: =+CONCATENATE(G149,F149) -> 7.40m³/50m³-9H-3OP
F150: 40m³/50m³-9H-2OP | G150: 8. | H150: 8.CAMION TIPO40/50m³-09 HORAS-02 OP | I150: 1222505 | J150: M | K150: 2 | L150: 8 SENCILLO M 2OP | M150: . | N150: =+CONCATENATE(G150,F150) -> 8.40m³/50m³-9H-2OP
F151: 40m³/50m³-9H-1OP | G151: 9. | H151: 9.CAMION TIPO40/50m³-09 HORAS-01 OP | I151: 769092 | J151: M | K151: 1 | L151: 9 SENCILLO M 1OP | M151: . | N151: =+CONCATENATE(G151,F151) -> 9.40m³/50m³-9H-1OP
F152: 40m³/50m³-9H-0OP | G152: 10. | H152: 10.CAMION TIPO40/50m³-09 HORAS-00 OP | I152: 604794 | J152: M | K152: 0 | L152: 10 SENCILLO M 0OP | M152: . | N152: =+CONCATENATE(G152,F152) -> 10.40m³/50m³-9H-0OP
F153: 40m³/50m³-4H-4OP | G153: 11. | H153: 11.CAMION TIPO40/50m³-04 HORAS-04 OP | I153: 1382917 | J153: R | K153: 4 | L153: 11 SENCILLO R 4OP | M153: . | N153: =+CONCATENATE(G153,F153) -> 11.40m³/50m³-4H-4OP
F154: 40m³/50m³-4H-3OP | G154: 12. | H154: 12.CAMION TIPO40/50m³-04 HORAS-03 OP | I154: 1230935 | J154: R | K154: 3 | L154: 12 SENCILLO R 3OP | M154: . | N154: =+CONCATENATE(G154,F154) -> 12.40m³/50m³-4H-3OP
... F190: OPERARIO-9-H | G190: 48. | H190: 48.OPERARIO-09 HORAS-00 OP | I190: 221732 | J190: M | K190: 0 | L190: 42 OPERARIO 9 H | M190: . | N190: =+CONCATENATE(G190,F190) -> 48.OPERARIO-9-H
F191: OPERARIO-4-H | G191: 49. | H191: 49.OPERARIO-04 HORAS-00 OP | I191: 160134 | J191: R | L191: 43 OPERARIO 4H | M191: . | N191: =+CONCATENATE(G191,F191) -> 49.OPERARIO-4-H
F192: COORDINADOR X DIA | G192: 50. | H192: 50. COORD X DIA | I192: 477011 | J192: C | L192: 44 COORD X DIA | M192: . | N192: =+CONCATENATE(G192,F192) -> 50.COORDINADOR X DIA
F193: BOGOTA SUMAPAZ 40/50m³ 15H-4OP | G193: 51. | H193: 51.BOGOTA-SUMAPAZ-40/50m³ -15 HORAS-04 OP | I193: 1370200 | J193: C | K193: 4 | L193: 45 SENCILLO 15H SUMAPAZ 4OP | M193: . | N193: =+CONCATENATE(G193,F193) -> 51.BOGOTA SUMAPAZ 40/50m³ 15H-4OP
F194: BOGOTA FUNZA 40/50m³ 15H-4OP | G194: 52. | H194: 52.BOGOTA-FUNZA-40/50m³ -15 HORAS-04 OP | I194: 1259700 | J194: C | K194: 4 | L194: 46 SENCILLO 15H FUNZA 4OP | M194: . | N194: =+CONCATENATE(G194,F194) -> 52.BOGOTA FUNZA 40/50m³ 15H-4OP
F195: BOGOTA COTA 40/50m³ 15H-4OP | G195: 53. | H195: 53.BOGOTA-COTA-40/50m³ -15 HORAS-04 OP | I195: 1266330 | J195: C | K195: 4 | L195: 47 SENCILLO 15H COTA 4OP | M195: . | N195: =+CONCATENATE(G195,F195) -> 53.BOGOTA COTA 40/50m³ 15H-4OP
F196: BOGOTA FUSA 40/50m³ 15H-4OP | G196: 54. | H196: 54.BOGOTA-FUSA-40/50m³ -15 HORAS-04 OP | I196: 1450865 | J196: C | K196: 4 | L196: 48 SENCILLO 15H FUSA 4OP | M196: . | N196: =+CONCATENATE(G196,F196) -> 54.BOGOTA FUSA 40/50m³ 15H-4OP
F197: BOGOTA SOACHA 40/50m³ 15H-4OP | G197: 55. | H197: 55.BOGOTA-SOACHA-40/50m³ -15 HORAS-04 OP | I197: 1328210 | J197: C | K197: 4 | L197: 49 SENCILLO 15H SOACHA 4OP | M197: . | N197: =+CONCATENATE(G197,F197) -> 55.BOGOTA SOACHA 40/50m³ 15H-4OP
F198: BOGOTA SOACHA 40/50m³ 9H-4OP | G198: 56. | H198: 56.BOGOTA-SOACHA-40/50m³ -09 HORAS-04 OP | I198: 933725 | J198: M | K198: 3 | L198: 50 SENCILLO 09H SOACHA 4OP | M198: . | N198: =+CONCATENATE(G198,F198) -> 56.BOGOTA SOACHA 40/50m³ 9H-4OP
F199: BOGOTA SUMAPAZ 25m³ 15H-4OP | G199: 57. | H199: 57.BOGOTA-SUMAPAZ-25m³ -15 HORAS-04 OP | I199: 1102790 | J199: C | K199: 4 | L199: 51 SENCILLO 15H SUMAPAZ 4OP | M199: . | N199: =+CONCATENATE(G199,F199) -> 57.BOGOTA SUMAPAZ 25m³ 15H-4OP
F200: BOGOTA FUNZA 25m³ 15H-4OP | G200: 58. | H200: 58.BOGOTA-FUNZA-25m³ -15 HORAS-04 OP | I200: 877370 | J200: C | K200: 4 | L200: 52 SENCILLO 15H FUNZA 4OP | M200: . | N200: =+CONCATENATE(G200,F200) -> 58.BOGOTA FUNZA 25m³ 15H-4OP
F201: BOGOTA COTA 25m³ 15H-4OP | G201: 59. | H201: 59.BOGOTA-COTA-25m³ -15 HORAS-04 OP | I201: 876265 | J201: C | K201: 4 | L201: 53 SENCILLO 15H COTA 4OP | M201: . | N201: =+CONCATENATE(G201,F201) -> 59.BOGOTA COTA 25m³ 15H-4OP
F202: BOGOTA FUSA 25m³ 15H-4OP | G202: 60. | H202: 60.BOGOTA-FUSA-25m³ -15 HORAS-04 OP | I202: 839800 | J202: C | K202: 4 | L202: 54 SENCILLO 15H FUSA 4OP | M202: . | N202: =+CONCATENATE(G202,F202) -> 60.BOGOTA FUSA 25m³ 15H-4OP
F203: BOGOTA SOACHA 25m³ 15H-4OP | G203: 61. | H203: 61.BOGOTA-SOACHA-25m³ -15 HORAS-04 OP | I203: 1014390 | J203: C | K203: 4 | L203: 55 SENCILLO 15H SOACHA 4OP | M203: . | N203: =+CONCATENATE(G203,F203) -> 61.BOGOTA SOACHA 25m³ 15H-4OP
...

Sheet 26 DE ABRIL
A1: ZONA NORTE
A2: RUTAS CICLOVÍA 40 M3 | I2: LUDICA CICLOVÍA, ESCUELA DE LA BICI, ADICIONALES 25 M3 | R2: CONOS CICLOVÍA 25 M3
A3: CORREDOR | B3: # OPERARIOS | C3: # CAMIONES | D3: MODELO | E3: DISPONIBILIDAD | F3: TIPO DE SERVICIO | G3: $ | I3: ZONA | J3: CORREDOR | K3: # OPERARIOS | L3: # CAMIONES | M3: MODELO | N3: DISPONIBILIDAD | O3: TIPO DE SERVICIO | P3: $ | R3: ZONA | S3: CORREDOR | T3: # OPERARIOS | U3: # CAMIONES | V3: MODELO | W3: DISPONIBILIDAD | X3: TIPO DE SERVICIO | Y3: $
A4: NORTE 1 | B4: =+IF(F4=0,0,MID(F4,LEN(F4)-4,3)) -> 04 | C4: 1 | D4: 2014-2023 | E4: =+IF(F4=0,0,CONCATENATE(MID(F4,FIND("-",F4,1)+1,4),"ORAS")) -> 15 HORAS | F4: 1.CAMION TIPO40/50m³-15 HORAS-04 OP | G4: =+IF(F4="","",VLOOKUP(F4,$H$142:$I$220,2,FALSE)) -> 1955007 | I4: CENTRO | J4: CAMIONETA FURGONADA PENDONES CALLE 26 | K4: =+IF(O4=0,0,MID(O4,LEN(O4)-4,3)) -> 03 | L4: 1 | M4: 2014-2023 | N4: =+IF(O4=0,0,CONCATENATE(MID(O4,FIND("-",O4,1)+1,4),"ORAS")) -> 15 HORAS | O4: 31.CAMION TIPOFURGON-15 HORAS-03 OP | P4: =+IF(O4="","",VLOOKUP(O4,$H$142:$I$220,2,FALSE)) -> 1019917 | R4: CENTRO | S4: CENTRO 5 CAMION 1 UNICONOS | T4: 4 | U4: 1 | V4: 2014-2023 | W4: =+IF(X4=0,0,CONCATENATE(MID(X4,FIND("-",X4,1)+1,4),"ORAS")) -> 15 HORAS | X4: 16.CAMION TIPO25m³-15 HORAS-04 OP | Y4: =+IF(X4="","",VLOOKUP(X4,$H$142:$I$220,2,FALSE)) -> 1691890
A5: NORTE 1 CONOS | B5: =+IF(F5=0,0,MID(F5,LEN(F5)-4,3)) -> 03 | C5: 1 | D5: 2014-2023 | E5: =+IF(F5=0,0,CONCATENATE(MID(F5,FIND("-",F5,1)+1,4),"ORAS")) -> 15 HORAS | F5: 2.CAMION TIPO40/50m³-15 HORAS-03 OP | G5: =+IF(F5="","",VLOOKUP(F5,$H$142:$I$220,2,FALSE)) -> 1795972 | K5: =+IF(O5=0,0,MID(O5,LEN(O5)-4,3)) -> 0 | N5: =+IF(O5=0,0,CONCATENATE(MID(O5,FIND("-",O5,1)+1,4),"ORAS")) -> 0 | O5: 0 | P5: =+IF(O5="","",VLOOKUP(O5,$H$142:$I$220,2,FALSE)) -> 0 | R5: CENTRO | S5: CENTRO 5 CAMION 2 UNICONOS | T5: 4 | U5: 1 | V5: 2014-2023 | W5: =+IF(X5=0,0,CONCATENATE(MID(X5,FIND("-",X5,1)+1,4),"ORAS")) -> 15 HORAS | X5: 16.CAMION TIPO25m³-15 HORAS-04 OP | Y5: =+IF(X5="","",VLOOKUP(X5,$H$142:$I$220,2,FALSE)) -> 1691890
A6: NORTE 2 | B6: =+IF(F6=0,0,MID(F6,LEN(F6)-4,3)) -> 03 | C6: 1 | D6: 2014-2023 | E6: =+IF(F6=0,0,CONCATENATE(MID(F6,FIND("-",F6,1)+1,4),"ORAS")) -> 15 HORAS | F6: 2.CAMION TIPO40/50m³-15 HORAS-03 OP | G6: =+IF(F6="","",VLOOKUP(F6,$H$142:$I$220,2,FALSE)) -> 1795972 | K6: =+IF(O6=0,0,MID(O6,LEN(O6)-4,3)) -> 0 | N6: =+IF(O6=0,0,CONCATENATE(MID(O6,FIND("-",O6,1)+1,4),"ORAS")) -> 0 | O6: 0 | P6: =+IF(O6="","",VLOOKUP(O6,$H$142:$I$220,2,FALSE)) -> 0 | R6: CENTRO | S6: CENTRO 4 CAMION 3 UNICONOS | T6: 4 | U6: 1 | V6: 2014-2023 | W6: =+IF(X6=0,0,CONCATENATE(MID(X6,FIND("-",X6,1)+1,4),"ORAS")) -> 15 HORAS | X6: 16.CAMION TIPO25m³-15 HORAS-04 OP | Y6: =+IF(X6="","",VLOOKUP(X6,$H$142:$I$220,2,FALSE)) -> 1691890
A7: NORTE 3 | B7: =+IF(F7=0,0,MID(F7,LEN(F7)-4,3)) -> 03 | C7: 1 | D7: 2014-2023 | E7: =+IF(F7=0,0,CONCATENATE(MID(F7,FIND("-",F7,1)+1,4),"ORAS")) -> 15 HORAS | F7: 2.CAMION TIPO40/50m³-15 HORAS-03 OP | G7: =+IF(F7="","",VLOOKUP(F7,$H$142:$I$220,2,FALSE)) -> 1795972 | K7: =+IF(O7=0,0,MID(O7,LEN(O7)-4,3)) -> 0 | N7: =+IF(O7=0,0,CONCATENATE(MID(O7,FIND("-",O7,1)+1,4),"ORAS")) -> 0 | O7: 0 | P7: =+IF(O7="","",VLOOKUP(O7,$H$142:$I$220,2,FALSE)) -> 0 | X7: 0 | Y7: 0
A8: NORTE 4 | B8: =+IF(F8=0,0,MID(F8,LEN(F8)-4,3)) -> 03 | C8: 1 | D8: 2014-2023 | E8: =+IF(F8=0,0,CONCATENATE(MID(F8,FIND("-",F8,1)+1,4),"ORAS")) -> 15 HORAS | F8: 2.CAMION TIPO40/50m³-15 HORAS-03 OP | G8: =+IF(F8="","",VLOOKUP(F8,$H$142:$I$220,2,FALSE)) -> 1795972 | K8: =+IF(O8=0,0,MID(O8,LEN(O8)-4,3)) -> 0 | N8: =+IF(O8=0,0,CONCATENATE(MID(O8,FIND("-",O8,1)+1,4),"ORAS")) -> 0 | O8: 0 | P8: =+IF(O8="","",VLOOKUP(O8,$H$142:$I$220,2,FALSE)) -> 0 | U8: 3
A9: NORTE 5 ZONA 1 | B9: =+IF(F9=0,0,MID(F9,LEN(F9)-4,3)) -> 03 | C9: 1 | D9: 2014-2023 | E9: =+IF(F9=0,0,CONCATENATE(MID(F9,FIND("-",F9,1)+1,4),"ORAS")) -> 15 HORAS | F9: 2.CAMION TIPO40/50m³-15 HORAS-03 OP | G9: =+IF(F9="","",VLOOKUP(F9,$H$142:$I$220,2,FALSE)) -> 1795972 | K9: =+IF(O9=0,0,MID(O9,LEN(O9)-4,3)) -> 0 | N9: =+IF(O9=0,0,CONCATENATE(MID(O9,FIND("-",O9,1)+1,4),"ORAS")) -> 0 | O9: 0 | P9: =+IF(O9="","",VLOOKUP(O9,$H$142:$I$220,2,FALSE)) -> 0
A10: NORTE 5 ZONA 2 | B10: =+IF(F10=0,0,MID(F10,LEN(F10)-4,3)) -> 03 | C10: 1 | D10: 2014-2023 | E10: =+IF(F10=0,0,CONCATENATE(MID(F10,FIND("-",F10,1)+1,4),"ORAS")) -> 15 HORAS | F10: 2.CAMION TIPO40/50m³-15 HORAS-03 OP | G10: =+IF(F10="","",VLOOKUP(F10,$H$142:$I$220,2,FALSE)) -> 1795972
A11: NORTE 6 | B11: =+IF(F11=0,0,MID(F11,LEN(F11)-4,3)) -> 04 | C11: 1 | D11: 2014-2023 | E11: =+IF(F11=0,0,CONCATENATE(MID(F11,FIND("-",F11,1)+1,4),"ORAS")) -> 15 HORAS | F11: 1.CAMION TIPO40/50m³-15 HORAS-04 OP | G11: =+IF(F11="","",VLOOKUP(F11,$H$142:$I$220,2,FALSE)) -> 1955007
A12: NORTE 6 CONTRAFLUJOS | B12: =+IF(F12=0,0,MID(F12,LEN(F12)-4,3)) -> 03 | C12: 1 | D12: 2014-2023 | E12: =+IF(F12=0,0,CONCATENATE(MID(F12,FIND("-",F12,1)+1,4),"ORAS")) -> 15 HORAS | F12: 2.CAMION TIPO40/50m³-15 HORAS-03 OP | G12: =+IF(F12="","",VLOOKUP(F12,$H$142:$I$220,2,FALSE)) -> 1795972
B13: =+IF(F13=0,0,MID(F13,LEN(F13)-4,3)) -> 0 | E13: =+IF(F13=0,0,CONCATENATE(MID(F13,FIND("-",F13,1)+1,4),"ORAS")) -> 0 | F13: 0 | G13: =+IF(F13="","",VLOOKUP(F13,$H$142:$I$220,2,FALSE)) -> 0
B14: =+IF(F14=0,0,MID(F14,LEN(F14)-4,3)) -> 0 | E14: =+IF(F14=0,0,CONCATENATE(MID(F14,FIND("-",F14,1)+1,4),"ORAS")) -> 0 | F14: 0 | G14: =+IF(F14="","",VLOOKUP(F14,$H$142:$I$220,2,FALSE)) -> 0
B16: =+B10+B9+B8+B7+B6+B5+B4+B11+B12 -> 29 | C16: =+C10+C9+C8+C7+C6+C5+C4+C11+C12 -> 9 | G16: =SUM(G4:G15) -> 16481818 | R16: OPERARIOS ADICIONALES
A17: RUTAS CICLOVÍA 25 M3 | R17: ZONA | S17: CORREDOR | T17: # OPERARIOS | U17: # CAMIONES | V17: MODELO | W17: DISPONIBILIDAD | X17: TIPO DE SERVICIO | Y17: $
A18: CORREDOR | B18: # OPERARIOS | C18: # CAMIONES | D18: MODELO | E18: DISPONIBILIDAD | F18: TIPO DE SERVICIO | G18: $ | R18: CENTRO | S18: APOYO CICLOVÍA | T18: 0 | U18: 0 | V18: 2014-2023 | W18: =+IF(X18=0,0,CONCATENATE(MID(X18,FIND("-",X18,1)+1,4),"ORAS")) -> 0 | X18: 0 | Y18: =+IF(X18="","",VLOOKUP(X18,$H$142:$I$220,2,FALSE))*T18 -> 0
B19: =+IF(F19=0,0,MID(F19,LEN(F19)-4,3)) -> 0 | E19: =+IF(F19=0,0,CONCATENATE(MID(F19,FIND("-",F19,1)+1,4),"ORAS")) -> 0 | F19: 0 | G19: =+IF(F19="","",VLOOKUP(F19,$H$142:$I$220,2,FALSE)) -> 0 | I19: ATN CICLOVÍA, ESCUELA DE LA BICI, ADICIONALES 40 M3 | W19: =+IF(X19=0,0,CONCATENATE(MID(X19,FIND("-",X19,1)+1,4),"ORAS")) -> 0 | X19: 0 | Y19: =+IF(X19="","",VLOOKUP(X19,$H$142:$I$220,2,FALSE))*T19 -> 0
F20: 0 | G20: =+IF(F20="","",VLOOKUP(F20,$H$142:$I$220,2,FALSE)) -> 0 | I20: ZONA | J20: CORREDOR | K20: # OPERARIOS | L20: # CAMIONES | M20: MODELO | N20: DISPONIBILIDAD | O20: TIPO DE SERVICIO | P20: $
F21: 0 | G21: =+IF(F21="","",VLOOKUP(F21,$H$142:$I$220,2,FALSE)) -> 0 | I21: CENTRO | J21: CICLOVÍA ALTERNATIVA 1 | K21: =+IF(O21=0,0,MID(O21,LEN(O21)-4,3)) -> 03 | L21: 1 | M21: 2014-2023 | N21: =+IF(O21=0,0,CONCATENATE(MID(O21,FIND("-",O21,1)+1,4),"ORAS")) -> 15 HORAS | O21: 2.CAMION TIPO40/50m³-15 HORAS-03 OP | P21: =+IF(O21="","",VLOOKUP(O21,$H$142:$I$220,2,FALSE)) -> 1795972 | R21: CAMIONETA 4 X4 DOBLE CABINA CON PLATON
F22: 0 | G22: =+IF(F22="","",VLOOKUP(F22,$H$142:$I$220,2,FALSE)) -> 0 | I22: CENTRO | J22: ESCUELA | K22: =+IF(O22=0,0,MID(O22,LEN(O22)-4,3)) -> 03 | L22: 1 | M22: 2014-2023 | N22: =+IF(O22=0,0,CONCATENATE(MID(O22,FIND("-",O22,1)+1,4),"ORAS")) -> 15 HORAS | O22: 2.CAMION TIPO40/50m³-15 HORAS-03 OP | P22: =+IF(O22="","",VLOOKUP(O22,$H$142:$I$220,2,FALSE)) -> 1795972 | R22: ZONA | S22: CORREDOR | T22: # OPERARIOS | U22: # CAMIONES | V22: MODELO | W22: DISPONIBILIDAD | X22: TIPO DE SERVICIO | Y22: $
F23: 0 | G23: =+IF(F23="","",VLOOKUP(F23,$H$142:$I$220,2,FALSE)) -> 0 | I23: CENTRO | J23: CICLOVIA TE CUIDA | K23: =+IF(O23=0,0,MID(O23,LEN(O23)-4,3)) -> 03 | L23: 1 | M23: 2014-2023 | N23: =+IF(O23=0,0,CONCATENATE(MID(O23,FIND("-",O23,1)+1,4),"ORAS")) -> 09 HORAS | O23: 7.CAMION TIPO40/50m³-09 HORAS-03 OP | P23: =+IF(O23="","",VLOOKUP(O23,$H$142:$I$220,2,FALSE)) -> 1499814 | R23: NORTE | S23: COORDINADOR ZONA NORTE | T23: NA | U23: NA | V23: 2014-2023 | W23: =+IF(X23=0,0,CONCATENATE(MID(X23,FIND("-",X23,1)+1,4),"ORAS")) -> #VALUE! | X23: 50. COORD X DIA | Y23: =+IF(X23="","",VLOOKUP(X23,$H$142:$I$220,2,FALSE)) -> 477011
F24: 0 | G24: =+IF(F24="","",VLOOKUP(F24,$H$142:$I$220,2,FALSE)) -> 0 | O24: 0 | P24: =+IF(O24="","",VLOOKUP(O24,$H$142:$I$220,2,FALSE)) -> 0 | R24: NORTE | S24: APOYO CICLOVÍA | T24: NA | U24: NA | V24: 2014-2023 | W24: =+IF(X24=0,0,CONCATENATE(MID(X24,FIND("-",X24,1)+1,4),"ORAS")) -> 15 HORAS | X24: 40.4X4-15 HORAS-00 OP | Y24: =+IF(X24="","",VLOOKUP(X24,$H$142:$I$220,2,FALSE)) -> 1128712
A25: valor total | B25: =SUM(B4:B16)+B19+B20+B21+B22+B23+B24 -> 29 | C25: =+C4+C5+C6+C7+C8+C9+C10+C19 -> 7 | G25: =SUM(G16,G19:G24) -> 16481818 | O25: 0 | P25: =+IF(O25="","",VLOOKUP(O25,$H$142:$I$220,2,FALSE)) -> 0 | R25: NORTE | S25: APOYO CICLOVÍA | T25: NA | U25: NA | V25: 2014-2023 | W25: =+IF(X25=0,0,CONCATENATE(MID(X25,FIND("-",X25,1)+1,4),"ORAS")) -> 15 HORAS | X25: 40.4X4-15 HORAS-00 OP | Y25: =+IF(X25="","",VLOOKUP(X25,$H$142:$I$220,2,FALSE)) -> 1128712
A26: ZONA CENTRO | R26: CENTRO | S26: COORDINADOR ZONA CENTRO | T26: NA | U26: NA | V26: 2014-2023 | W26: =+IF(X26=0,0,CONCATENATE(MID(X26,FIND("-",X26,1)+1,4),"ORAS")) -> #VALUE! | X26: 50. COORD X DIA | Y26: =+IF(X26="","",VLOOKUP(X26,$H$142:$I$220,2,FALSE)) -> 477011
A27: RUTAS CICLOVÍA 40 M3 | R27: CENTRO | S27: CAMION 3 | T27: NA | U27: 1 | V27: 2014-2024 | W27: =+IF(X27=0,0,CONCATENATE(MID(X27,FIND("-",X27,1)+1,4),"ORAS")) -> 15 HORAS | X27: 32.CAMION TIPOFURGON-15 HORAS-02 OP | Y27: =+IF(X27="","",VLOOKUP(X27,$H$142:$I$220,2,FALSE)) -> 832623
A28: CORREDOR | B28: # OPERARIOS | C28: # CAMIONES | D28: MODELO | E28: DISPONIBILIDAD | F28: TIPO DE SERVICIO | G28: $ | J28: TOTAL | K28: =K4+K5+K6+K7+K8+K9+K21+K22+K23 -> 12 | L28: =SUM(L4:L27) -> 4 | P28: =SUM(P4:P27) -> 6111675 | R28: SUR | S28: APOYO CICLOVÍA | T28: NA | U28: NA | V28: 2014-2024 | W28: =+IF(X28=0,0,CONCATENATE(MID(X28,FIND("-",X28,1)+1,4),"ORAS")) -> 15 HORAS | X28: 40.4X4-15 HORAS-00 OP | Y28: =+IF(X28="","",VLOOKUP(X28,$H$142:$I$220,2,FALSE)) -> 1128712
A29: CENTRO 1 | B29: =+IF(F29=0,0,MID(F29,LEN(F29)-4,3)) -> 04 | C29: 1 | D29: 2014-2023 | E29: =+IF(F29=0,0,CONCATENATE(MID(F29,FIND("-",F29,1)+1,4),"ORAS")) -> 15 HORAS | F29: 1.CAMION TIPO40/50m³-15 HORAS-04 OP | G29: =+IF(F29="","",VLOOKUP(F29,$H$142:$I$220,2,FALSE)) -> 1955007 | R29: SUR | S29: COORDINADOR ZONA SUR | T29: NA | U29: NA | V29: 2014-2026 | W29: =+IF(X29=0,0,CONCATENATE(MID(X29,FIND("-",X29,1)+1,4),"ORAS")) -> #VALUE! | X29: 50. COORD X DIA | Y29: =+IF(X29="","",VLOOKUP(X29,$H$142:$I$220,2,FALSE)) -> 477011
A30: CENTRO 2 | B30: =+IF(F30=0,0,MID(F30,LEN(F30)-4,3)) -> 04 | C30: 1 | D30: 2014-2023 | E30: =+IF(F30=0,0,CONCATENATE(MID(F30,FIND("-",F30,1)+1,4),"ORAS")) -> 15 HORAS | F30: 1.CAMION TIPO40/50m³-15 HORAS-04 OP | G30: =+IF(F30="","",VLOOKUP(F30,$H$142:$I$220,2,FALSE)) -> 1955007 | W30: =+IF(X30=0,0,CONCATENATE(MID(X30,FIND("-",X30,1)+1,4),"ORAS")) -> 0 | X30: 0 | Y30: =+IF(X30="","",VLOOKUP(X30,$H$142:$I$220,2,FALSE)) -> 0
A31: CENTRO 4 | B31: =+IF(F31=0,0,MID(F31,LEN(F31)-4,3)) -> 04 | C31: 1 | D31: 2014-2023 | E31: =+IF(F31=0,0,CONCATENATE(MID(F31,FIND("-",F31,1)+1,4),"ORAS")) -> 15 HORAS | F31: 1.CAMION TIPO40/50m³-15 HORAS-04 OP | G31: =+IF(F31="","",VLOOKUP(F31,$H$142:$I$220,2,FALSE)) -> 1955007 | W31: =+IF(X31=0,0,CONCATENATE(MID(X31,FIND("-",X31,1)+1,4),"ORAS")) -> 0 | X31: 0 | Y31: =+IF(X31="","",VLOOKUP(X31,$H$142:$I$220,2,FALSE)) -> 0
A32: CENTRO 5 | B32: =+IF(F32=0,0,MID(F32,LEN(F32)-4,3)) -> 03 | C32: 1 | D32: 2014-2023 | E32: =+IF(F32=0,0,CONCATENATE(MID(F32,FIND("-",F32,1)+1,4),"ORAS")) -> 15 HORAS | F32: 2.CAMION TIPO40/50m³-15 HORAS-03 OP | G32: =+IF(F32="","",VLOOKUP(F32,$H$142:$I$220,2,FALSE)) -> 1795972 | W32: =+IF(X32=0,0,CONCATENATE(MID(X32,FIND("-",X32,1)+1,4),"ORAS")) -> 0 | X32: 0 | Y32: =+IF(X32="","",VLOOKUP(X32,$H$142:$I$220,2,FALSE)) -> 0
F33: 0 | G33: =+IF(F33="","",VLOOKUP(F33,$H$142:$I$220,2,FALSE)) -> 0 | W33: =+IF(X33=0,0,CONCATENATE(MID(X33,FIND("-",X33,1)+1,4),"ORAS")) -> 0 | X33: 0 | Y33: =+IF(X33="","",VLOOKUP(X33,$H$142:$I$220,2,FALSE)) -> 0
G34: =+IF(F34="","",VLOOKUP(F34,$H$142:$I$220,2,FALSE))
A35: RUTAS CICLOVÍA 25 M3
B36: # OPERARIOS | C36: # CAMIONES | D36: MODELO | F36: TIPO DE SERVICIO | G36: $ | S36: TOTAL | T36: =+T18+T19+T4+T5+T6+T7 -> 12 | U36: =SUM(U4:U7,U27) -> 4 | Y36: =SUM(Y4:Y33) -> 10725462
A37: CENTRO 3 ZONA 1 | B37: =+IF(F37=0,0,MID(F37,LEN(F37)-4,3)) -> 03 | C37: 1 | D37: 2014-2023 | E37: =+IF(F37=0,0,CONCATENATE(MID(F37,FIND("-",F37,1)+1,4),"ORAS")) -> 15 HORAS | F37: 17.CAMION TIPO25m³-15 HORAS-03 OP | G37: =+IF(F37="","",VLOOKUP(F37,$H$142:$I$220,2,FALSE)) -> 1505234
A38: CENTRO 3 ZONA 2 | B38: =+IF(F38=0,0,MID(F38,LEN(F38)-4,3)) -> 03 | C38: 1 | D38: 2014-2023 | E38: =+IF(F38=0,0,CONCATENATE(MID(F38,FIND("-",F38,1)+1,4),"ORAS")) -> 15 HORAS | F38: 17.CAMION TIPO25m³-15 HORAS-03 OP | G38: =+IF(F38="","",VLOOKUP(F38,$H$142:$I$220,2,FALSE)) -> 1505234
A39: CENTRO 6 ZONA 1 | B39: =+IF(F39=0,0,MID(F39,LEN(F39)-4,3)) -> 03 | C39: 1 | D39: 2014-2023 | E39: =+IF(F39=0,0,CONCATENATE(MID(F39,FIND("-",F39,1)+1,4),"ORAS")) -> 15 HORAS | F39: 17.CAMION TIPO25m³-15 HORAS-03 OP | G39: =+IF(F39="","",VLOOKUP(F39,$H$142:$I$220,2,FALSE)) -> 1505234
A40: CENTRO 6 ZONA 2 | B40: =+IF(F40=0,0,MID(F40,LEN(F40)-4,3)) -> 03 | C40: 1 | D40: 2014-2023 | E40: =+IF(F40=0,0,CONCATENATE(MID(F40,FIND("-",F40,1)+1,4),"ORAS")) -> 15 HORAS | F40: 17.CAMION TIPO25m³-15 HORAS-03 OP | G40: =+IF(F40="","",VLOOKUP(F40,$H$142:$I$220,2,FALSE)) -> 1505234
B41: =+IF(F41=0,0,MID(F41,LEN(F41)-4,3)) -> 0 | D41: 2014-2023 | E41: =+IF(F41=0,0,CONCATENATE(MID(F41,FIND("-",F41,1)+1,4),"ORAS")) -> 0 | F41: 0 | G41: =+IF(F41="","",VLOOKUP(F41,$H$142:$I$220,2,FALSE)) -> 0
F42: 0 | G42: =+IF(F42="","",VLOOKUP(F42,$H$142:$I$220,2,FALSE)) -> 0
A43: valor total | B43: =+B29+B30+B31+B37+B38+B39+B40+B41+B32 -> 27 | C43: =SUM(C29:C35)+C37+C38+C39+C40+C41+C42 -> 8 | E43: =+IF(F43=0,0,CONCATENATE(MID(F43,FIND("-",F43,1)+1,3),"ORAS")) -> 0 | G43: =SUM(G29:G34,G37:G42) -> 13681929
A44: ZONA SUR
A45: RUTAS CICLOVÍA 40 M3
A46: CORREDOR | B46: # OPERARIOS | C46: # CAMIONES | D46: MODELO | E46: DISPONIBILIDAD | F46: TIPO DE SERVICIO | G46: $
A49: SUR 2 CANECAS 1 | B49: =+IF(F49=0,0,MID(F49,LEN(F49)-4,3)) -> 04 | C49: 1 | D49: 2014-2023 | E49: =+IF(F49=0,0,CONCATENATE(MID(F49,FIND("-",F49,1)+1,4),"ORAS")) -> 15 HORAS | F49: 1.CAMION TIPO40/50m³-15 HORAS-04 OP | G49: =+IF(F49="","",VLOOKUP(F49,$H$142:$I$220,2,FALSE)) -> 1955007
A50: SUR 4 | B50: =+IF(F50=0,0,MID(F50,LEN(F50)-4,3)) -> 04 | C50: 1 | D50: 2014-2023 | E50: =+IF(F50=0,0,CONCATENATE(MID(F50,FIND("-",F50,1)+1,4),"ORAS")) -> 15 HORAS | F50: 1.CAMION TIPO40/50m³-15 HORAS-04 OP | G50: =+IF(F50="","",VLOOKUP(F50,$H$142:$I$220,2,FALSE)) -> 1955007
A51: SUR 5 | B51: =+IF(F51=0,0,MID(F51,LEN(F51)-4,3)) -> 03 | C51: 1 | D51: 2014-2023 | E51: =+IF(F51=0,0,CONCATENATE(MID(F51,FIND("-",F51,1)+1,4),"ORAS")) -> 15 HORAS | F51: 2.CAMION TIPO40/50m³-15 HORAS-03 OP | G51: =+IF(F51="","",VLOOKUP(F51,$H$142:$I$220,2,FALSE)) -> 1795972
B52: =+IF(F52=0,0,MID(F52,LEN(F52)-4,3)) -> 0 | F52: 0 | G52: =+IF(F52="","",VLOOKUP(F52,$H$142:$I$220,2,FALSE)) -> 0
B53: =+IF(F53=0,0,MID(F53,LEN(F53)-4,3)) -> 0 | F53: 0 | G53: =+IF(F53="","",VLOOKUP(F53,$H$142:$I$220,2,FALSE)) -> 0
B54: =+IF(F54=0,0,MID(F54,LEN(F54)-4,3)) -> 0 | F54: 0 | G54: =+IF(F54="","",VLOOKUP(F54,$H$142:$I$220,2,FALSE)) -> 0
A55: RUTAS CICLOVÍA 25 M3
A56: CORREDOR | B56: # OPERARIOS | C56: # CAMIONES | D56: MODELO | E56: DISPONIBILIDAD | F56: TIPO DE SERVICIO | G56: $
A57: SUR 1 ZONA 1 | B57: =+IF(F57=0,0,MID(F57,LEN(F57)-4,3)) -> 03 | C57: 1 | D57: 2014-2023 | E57: =+IF(F57=0,0,CONCATENATE(MID(F57,FIND("-",F57,1)+1,4),"ORAS")) -> 15 HORAS | F57: 17.CAMION TIPO25m³-15 HORAS-03 OP | G57: =+IF(F57="","",VLOOKUP(F57,$H$142:$I$220,2,FALSE)) -> 1505234
A58: SUR 1 ZONA 2 | B58: =+IF(F58=0,0,MID(F58,LEN(F58)-4,3)) -> 03 | C58: 1 | D58: 2014-2023 | E58: =+IF(F58=0,0,CONCATENATE(MID(F58,FIND("-",F58,1)+1,4),"ORAS")) -> 15 HORAS | F58: 17.CAMION TIPO25m³-15 HORAS-03 OP | G58: =+IF(F58="","",VLOOKUP(F58,$H$142:$I$220,2,FALSE)) -> 1505234
A59: SUR 1 MALETINES | B59: =+IF(F59=0,0,MID(F59,LEN(F59)-4,3)) -> 03 | C59: 1 | D59: 2014-2023 | E59: =+IF(F59=0,0,CONCATENATE(MID(F59,FIND("-",F59,1)+1,4),"ORAS")) -> 15 HORAS | F59: 17.CAMION TIPO25m³-15 HORAS-03 OP | G59: =+IF(F59="","",VLOOKUP(F59,$H$142:$I$220,2,FALSE)) -> 1505234
A60: SUR 2 CANECAS 2 | B60: =+IF(F60=0,0,MID(F60,LEN(F60)-4,3)) -> 03 | C60: 1 | D60: 2014-2023 | E60: =+IF(F60=0,0,CONCATENATE(MID(F60,FIND("-",F60,1)+1,4),"ORAS")) -> 15 HORAS | F60: 17.CAMION TIPO25m³-15 HORAS-03 OP | G60: =+IF(F60="","",VLOOKUP(F60,$H$142:$I$220,2,FALSE)) -> 1505234
A61: SUR 2 CANECAS 3 | B61: =+IF(F61=0,0,MID(F61,LEN(F61)-4,3)) -> 03 | C61: 1 | D61: 2014-2023 | E61: =+IF(F61=0,0,CONCATENATE(MID(F61,FIND("-",F61,1)+1,4),"ORAS")) -> 15 HORAS | F61: 17.CAMION TIPO25m³-15 HORAS-03 OP | G61: =+IF(F61="","",VLOOKUP(F61,$H$142:$I$220,2,FALSE)) -> 1505234
A62: SUR 2 CANECAS 4 | B62: =+IF(F62=0,0,MID(F62,LEN(F62)-4,3)) -> 03 | C62: 1 | D62: 2014-2023 | E62: =+IF(F62=0,0,CONCATENATE(MID(F62,FIND("-",F62,1)+1,4),"ORAS")) -> 15 HORAS | F62: 17.CAMION TIPO25m³-15 HORAS-03 OP | G62: =+IF(F62="","",VLOOKUP(F62,$H$142:$I$220,2,FALSE)) -> 1505234
A63: SUR 3 ZONA 1 | B63: =+IF(F63=0,0,MID(F63,LEN(F63)-4,3)) -> 03 | C63: 1 | D63: 2014-2023 | E63: =+IF(F63=0,0,CONCATENATE(MID(F63,FIND("-",F63,1)+1,4),"ORAS")) -> 15 HORAS | F63: 17.CAMION TIPO25m³-15 HORAS-03 OP | G63: =+IF(F63="","",VLOOKUP(F63,$H$142:$I$220,2,FALSE)) -> 1505234
A64: SUR 3 ZONA 2 | B64: =+IF(F64=0,0,MID(F64,LEN(F64)-4,3)) -> 03 | C64: 1 | D64: 2014-2023 | E64: =+IF(F64=0,0,CONCATENATE(MID(F64,FIND("-",F64,1)+1,4),"ORAS")) -> 15 HORAS | F64: 17.CAMION TIPO25m³-15 HORAS-03 OP | G64: =+IF(F64="","",VLOOKUP(F64,$H$142:$I$220,2,FALSE)) -> 1505234
B65: =+IF(F65=0,0,MID(F65,LEN(F65)-4,3)) -> 0 | E65: =+IF(F65=0,0,CONCATENATE(MID(F65,FIND("-",F65,1)+1,4),"ORAS")) -> 0 | F65: 0 | G65: =+IF(F65="","",VLOOKUP(F65,$H$142:$I$220,2,FALSE)) -> 0
B66: =+IF(F66=0,0,MID(F66,LEN(F66)-4,3)) -> 0 | E66: =+IF(F66=0,0,CONCATENATE(MID(F66,FIND("-",F66,1)+1,4),"ORAS")) -> 0 | F66: 0 | G66: =+IF(F66="","",VLOOKUP(F66,$H$142:$I$220,2,FALSE)) -> 0
G67: =+IF(F67="","",VLOOKUP(F67,$H$142:$I$220,2,FALSE))
A68: valor total | B68: =+B57+B58+B59+B60+B61+B67+B62+B63+B64+B65+B66+B49+B50+B51+B52+B53+B54 -> 35 | C68: =C62+C63+C64+C65+C66+C49+C50+C51+C52+C53+C57+C58+C59+C60+C61+C67 -> 11 | G68: =SUM(G49:G54,G57:G67) -> 17747858
A70: TOTAL | B70: =B68+B43+B25 -> 91 | C70: =C68+C43+C25 -> 26 | D70: =D68+D43+D25 -> 0 | G70: =SUM(G25,G43,G68) -> 47911605
J71: GRAN TOTAL OPERA | K71: =K28+B70+T36+AB28 -> 115
J72: GRAN TOTAL CAMIONES | K72: =L28+C70+U36+AC28 -> 34 | M72: ZONA NORTE | N72: ZONA CENTRO | O72: ZONA SUR
J73: VALOR $ | K73: =SUM(G70,P28,Y36) -> 64748742 | M73: =SUM(G25,Y23:Y25) -> 19216253 | N73: =SUM(G43,P4:P18,P21:P27,Y4:Y8,Y18:Y19,Y26:Y27) -> 26178908 | O73: =SUM(G49:G54,G57:G66,Y28:Y33) -> 19353581 | P73: =SUM(M73:O73) -> 64748742
A75: OTRAS NOVEDADES DE JORNADA
A76: CONSULTAR EL ARCHIVO EN PDF ANEXO.
A96: Apoyan Guardaines ATN Norte 4, Norte 2 y Norte 3 Apoan Guardianes ATN Norte 1, Centro 1 y Centro 5 Apoyan Guardianes ATN Centro 4, Centro 3 y Sur 3 Apoyan Guardianes ATN Sur 1, Sur 2 y Centro 2
J141: TIPO DE DISPONIBILIDAD | K141: OPERARIOS
F142: 0 | G142: 0 | H142: 0 | I142: 0 | J142: 0 | K142: 0 | L142: 0 | M142: 0 | N142: =+CONCATENATE(G142,"VEHICULO",M142) -> 0VEHICULO0
F143: 40m³/50m³ -15H-4OP | G143: 1. | H143: 1.CAMION TIPO40/50m³-15 HORAS-04 OP | I143: 1955007 | J143: C | K143: 4 | L143: 1 SENCILLO 15H 4OP | M143: . | N143: =+CONCATENATE(G143,F143) -> 1.40m³/50m³ -15H-4OP
F144: 40m³/50m³ -15H-3OP | G144: 2. | H144: 2.CAMION TIPO40/50m³-15 HORAS-03 OP | I144: 1795972 | J144: C | K144: 3 | L144: 2 SENCILLO 15H 3OP | M144: . | N144: =+CONCATENATE(G144,F144) -> 2.40m³/50m³ -15H-3OP
F145: 40m³/50m³-15H-2OP | G145: 3. | H145: 3.CAMION TIPO40/50m³-15 HORAS-02 OP | I145: 1435144 | J145: C | K145: 2 | L145: 3 SENCILLO 15H 2OP | M145: . | N145: =+CONCATENATE(G145,F145) -> 3.40m³/50m³-15H-2OP
F146: 40m³/50m³-15H-1OP | G146: 4. | H146: 4.CAMION TIPO40/50m³-15 HORAS-01 OP | I146: 942678 | J146: C | K146: 1 | L146: 4 SENCILLO 15H 1OP | M146: . | N146: =+CONCATENATE(G146,F146) -> 4.40m³/50m³-15H-1OP
F147: 40m³/50m³-15H-0OP | G147: 5. | H147: 5.CAMION TIPO40/50m³-15 HORAS-00 OP | I147: 745988 | J147: C | K147: 0 | L147: 5 SENCILLO 15H 0OP | M147: . | N147: =+CONCATENATE(G147,F147) -> 5.40m³/50m³-15H-0OP
F148: 40m³/50m³-9H-4OP | G148: 6. | H148: 6.CAMION TIPO40/50m³-09 HORAS-04 OP | I148: 1665773 | J148: M | K148: 4 | L148: 6 SENCILLO M 4OP | M148: . | N148: =+CONCATENATE(G148,F148) -> 6.40m³/50m³-9H-4OP
F149: 40m³/50m³-9H-3OP | G149: 7. | H149: 7.CAMION TIPO40/50m³-09 HORAS-03 OP | I149: 1499814 | J149: M | K149: 3 | L149: 7 SENCILLO M 3OP | M149: . | N149: =+CONCATENATE(G149,F149) -> 7.40m³/50m³-9H-3OP
F150: 40m³/50m³-9H-2OP | G150: 8. | H150: 8.CAMION TIPO40/50m³-09 HORAS-02 OP | I150: 1222505 | J150: M | K150: 2 | L150: 8 SENCILLO M 2OP | M150: . | N150: =+CONCATENATE(G150,F150) -> 8.40m³/50m³-9H-2OP
F151: 40m³/50m³-9H-1OP | G151: 9. | H151: 9.CAMION TIPO40/50m³-09 HORAS-01 OP | I151: 769092 | J151: M | K151: 1 | L151: 9 SENCILLO M 1OP | M151: . | N151: =+CONCATENATE(G151,F151) -> 9.40m³/50m³-9H-1OP
F152: 40m³/50m³-9H-0OP | G152: 10. | H152: 10.CAMION TIPO40/50m³-09 HORAS-00 OP | I152: 604794 | J152: M | K152: 0 | L152: 10 SENCILLO M 0OP | M152: . | N152: =+CONCATENATE(G152,F152) -> 10.40m³/50m³-9H-0OP
F153: 40m³/50m³-4H-4OP | G153: 11. | H153: 11.CAMION TIPO40/50m³-04 HORAS-04 OP | I153: 1382917 | J153: R | K153: 4 | L153: 11 SENCILLO R 4OP | M153: . | N153: =+CONCATENATE(G153,F153) -> 11.40m³/50m³-4H-4OP
F154: 40m³/50m³-4H-3OP | G154: 12. | H154: 12.CAMION TIPO40/50m³-04 HORAS-03 OP | I154: 1230935 | J154: R | K154: 3 | L154: 12 SENCILLO R 3OP | M154: . | N154: =+CONCATENATE(G154,F154) -> 12.40m³/50m³-4H-3OP
... F190: OPERARIO-9-H | G190: 48. | H190: 48.OPERARIO-09 HORAS-00 OP | I190: 221732 | J190: M | K190: 0 | L190: 42 OPERARIO 9 H | M190: . | N190: =+CONCATENATE(G190,F190) -> 48.OPERARIO-9-H
F191: OPERARIO-4-H | G191: 49. | H191: 49.OPERARIO-04 HORAS-00 OP | I191: 160134 | J191: R | L191: 43 OPERARIO 4H | M191: . | N191: =+CONCATENATE(G191,F191) -> 49.OPERARIO-4-H
F192: COORDINADOR X DIA | G192: 50. | H192: 50. COORD X DIA | I192: 477011 | J192: C | L192: 44 COORD X DIA | M192: . | N192: =+CONCATENATE(G192,F192) -> 50.COORDINADOR X DIA
F193: BOGOTA SUMAPAZ 40/50m³ 15H-4OP | G193: 51. | H193: 51.BOGOTA-SUMAPAZ-40/50m³ -15 HORAS-04 OP | I193: 1370200 | J193: C | K193: 4 | L193: 45 SENCILLO 15H SUMAPAZ 4OP | M193: . | N193: =+CONCATENATE(G193,F193) -> 51.BOGOTA SUMAPAZ 40/50m³ 15H-4OP
F194: BOGOTA FUNZA 40/50m³ 15H-4OP | G194: 52. | H194: 52.BOGOTA-FUNZA-40/50m³ -15 HORAS-04 OP | I194: 1259700 | J194: C | K194: 4 | L194: 46 SENCILLO 15H FUNZA 4OP | M194: . | N194: =+CONCATENATE(G194,F194) -> 52.BOGOTA FUNZA 40/50m³ 15H-4OP
F195: BOGOTA COTA 40/50m³ 15H-4OP | G195: 53. | H195: 53.BOGOTA-COTA-40/50m³ -15 HORAS-04 OP | I195: 1266330 | J195: C | K195: 4 | L195: 47 SENCILLO 15H COTA 4OP | M195: . | N195: =+CONCATENATE(G195,F195) -> 53.BOGOTA COTA 40/50m³ 15H-4OP
F196: BOGOTA FUSA 40/50m³ 15H-4OP | G196: 54. | H196: 54.BOGOTA-FUSA-40/50m³ -15 HORAS-04 OP | I196: 1450865 | J196: C | K196: 4 | L196: 48 SENCILLO 15H FUSA 4OP | M196: . | N196: =+CONCATENATE(G196,F196) -> 54.BOGOTA FUSA 40/50m³ 15H-4OP
F197: BOGOTA SOACHA 40/50m³ 15H-4OP | G197: 55. | H197: 55.BOGOTA-SOACHA-40/50m³ -15 HORAS-04 OP | I197: 1328210 | J197: C | K197: 4 | L197: 49 SENCILLO 15H SOACHA 4OP | M197: . | N197: =+CONCATENATE(G197,F197) -> 55.BOGOTA SOACHA 40/50m³ 15H-4OP
F198: BOGOTA SOACHA 40/50m³ 9H-4OP | G198: 56. | H198: 56.BOGOTA-SOACHA-40/50m³ -09 HORAS-04 OP | I198: 933725 | J198: M | K198: 3 | L198: 50 SENCILLO 09H SOACHA 4OP | M198: . | N198: =+CONCATENATE(G198,F198) -> 56.BOGOTA SOACHA 40/50m³ 9H-4OP
F199: BOGOTA SUMAPAZ 25m³ 15H-4OP | G199: 57. | H199: 57.BOGOTA-SUMAPAZ-25m³ -15 HORAS-04 OP | I199: 1102790 | J199: C | K199: 4 | L199: 51 SENCILLO 15H SUMAPAZ 4OP | M199: . | N199: =+CONCATENATE(G199,F199) -> 57.BOGOTA SUMAPAZ 25m³ 15H-4OP
F200: BOGOTA FUNZA 25m³ 15H-4OP | G200: 58. | H200: 58.BOGOTA-FUNZA-25m³ -15 HORAS-04 OP | I200: 877370 | J200: C | K200: 4 | L200: 52 SENCILLO 15H FUNZA 4OP | M200: . | N200: =+CONCATENATE(G200,F200) -> 58.BOGOTA FUNZA 25m³ 15H-4OP
F201: BOGOTA COTA 25m³ 15H-4OP | G201: 59. | H201: 59.BOGOTA-COTA-25m³ -15 HORAS-04 OP | I201: 876265 | J201: C | K201: 4 | L201: 53 SENCILLO 15H COTA 4OP | M201: . | N201: =+CONCATENATE(G201,F201) -> 59.BOGOTA COTA 25m³ 15H-4OP
F202: BOGOTA FUSA 25m³ 15H-4OP | G202: 60. | H202: 60.BOGOTA-FUSA-25m³ -15 HORAS-04 OP | I202: 839800 | J202: C | K202: 4 | L202: 54 SENCILLO 15H FUSA 4OP | M202: . | N202: =+CONCATENATE(G202,F202) -> 60.BOGOTA FUSA 25m³ 15H-4OP
F203: BOGOTA SOACHA 25m³ 15H-4OP | G203: 61. | H203: 61.BOGOTA-SOACHA-25m³ -15 HORAS-04 OP | I203: 1014390 | J203: C | K203: 4 | L203: 55 SENCILLO 15H SOACHA 4OP | M203: . | N203: =+CONCATENATE(G203,F203) -> 61.BOGOTA SOACHA 25m³ 15H-4OP
...

Sheet INFORME ABRIL
B1: ESPECIAL CARGO S.A.S- IDRD 2023 ZONA NORTE-CENTRO-SUR
B2: IDRD-SG-3778-2025 ECARGO- CORTE DEL 01 DE ABRIL 2026 AL 30 DE ABRIL DE 2026
B3: FECHA | C3: CAMIONES | D3: OPERARIOS | E3: OPERARIOS ADICIONALES | F3: JORNADA | G3: DESCRIPCION DEL DESCUENTO | H3: VALOR TOTAL CAMIONES | I3: VALOR OPERARIOS ADICIONALES | J3: VALOR DESCUENTOS | K3: RECREOVÍA | L3: .
B5: ZONA NORTE- CENTRO - SUR | K5: MES ABRIL RECREOVIA: OPERARIOS 4 HORAS 378 - OPERARIOS 9 HORAS 289 - CAMIONES CON 4 OPERARIOS 23 HORAS 16 - CAMIONES 3 OPERARIOS 15 HORAS 0 - CAMIONES CON 3 OPERARIOS 0 HORAS 0 - CAMION CON 0 OPERARIOS DE 9 HORAS - 0 CAMIONES 4 OPERARIOS 0 HORAS
B6: 46114 | C6: ='02 DE ABRIL'!C67 -> 27 | D6: ='02 DE ABRIL'!B67 -> 85 | F6: DOMINGO - CICLOVIA RUTA | H6: ='02 DE ABRIL'!G67 -> 47489164
B7: 46114 | C7: ='02 DE ABRIL'!U33 -> 4 | D7: ='02 DE ABRIL'!T33 -> 23 | F7: DOMINGO - CAMIONES DE CONOS | H7: ='02 DE ABRIL'!Y33 -> 13842103
B8: 46114 | C8: ='02 DE ABRIL'!L25 -> 2 | D8: ='02 DE ABRIL'!K25 -> 4 | F8: DOMINGO- ESCUELA DE LA BICICLETA | H8: ='02 DE ABRIL'!P25 -> 1501775
K9: 132114057
L10: CICLOVÍA | M10: CICLOVÍA + RECREOVÍA
L11: =SUM(H6:I11) -> 62833042 | M11: =L11+K9+L19+L28+L55+L37+L46+L64 -> 450734974
B12: TOTAL | C12: =SUM(C6:C8) -> 33 | D12: =SUM(D6:D8) -> 112 | E12: =SUM(E6:E11) -> 0 | H12: =SUM(H6:H11) -> 62833042 | I12: =SUM(I11) -> 0 | J12: 0
J13: ,
B14: ZONA NORTE- CENTRO - SUR
B15: 46117 | C15: ='05 DE ABRIL'!C67 -> 22 | D15: ='05 DE ABRIL'!B67 -> 70 | F15: DOMINGO - CICLOVIA RUTA | H15: ='05 DE ABRIL'!G67 -> 39962994
B16: 46117 | C16: ='05 DE ABRIL'!U33 -> 4 | D16: ='05 DE ABRIL'!T33 -> 12 | F16: DOMINGO - CAMIONES DE CONOS | H16: ='05 DE ABRIL'!Y33 -> 10725462
B17: 46117 | C17: ='05 DE ABRIL'!L25 -> 4 | D17: ='05 DE ABRIL'!K25 -> 13 | F17: DOMINGO- ESCUELA DE LA BICICLETA | H17: ='05 DE ABRIL'!P25 -> 6075841
L18: CICLOVÍA | M18: CICLOVÍA + RECREOVÍA
L19: =SUM(H15:I20) -> 56764297
B21: TOTAL | C21: =SUM(C15:C20) -> 30 | D21: =SUM(D15:D20) -> 95 | E21: =SUM(E15:E20) -> 0 | H21: =SUM(H15:H20) -> 56764297 | J21: 0
B23: ZONA NORTE- CENTRO - SUR
B24: 46124 | C24: ='12 DE ABRIL'!C67 -> 27 | D24: ='12 DE ABRIL'!B67 -> 84 | F24: DOMINGO - CICLOVIA RUTA | H24: ='12 DE ABRIL'!G67 -> 47292181
B25: 46124 | C25: ='12 DE ABRIL'!U33 -> 4 | D25: ='12 DE ABRIL'!T33 -> 12 | F25: DOMINGO - CAMIONES DE CONOS | H25: ='12 DE ABRIL'!Y33 -> 10725462
B26: 46124 | C26: ='12 DE ABRIL'!L25 -> 8 | D26: ='12 DE ABRIL'!K25 -> 20 | F26: DOMINGO- ESCUELA DE LA BICICLETA | H26: ='12 DE ABRIL'!P25 -> 9069796
L27: CICLOVÍA | M27: CICLOVÍA + RECREOVÍA
L28: =SUM(H24:I29) -> 67087439
B30: TOTAL | C30: =SUM(C24:C29) -> 39 | D30: =SUM(D24:D29) -> 116 | E30: =SUM(E24:E29) -> 0 | H30: =SUM(H24:H29) -> 67087439 | I30: =SUM(I24:I29) -> 0 | J30: 0
B32: ZONA NORTE- CENTRO - SUR
B33: 46131 | C33: ='19 DE ABRIL'!C70 -> 26 | D33: ='19 DE ABRIL'!B70 -> 91 | F33: DOMINGO - CICLOVIA RUTA | H33: ='19 DE ABRIL'!G70 -> 47873657
B34: 46131 | C34: ='19 DE ABRIL'!U36 -> 4 | D34: ='19 DE ABRIL'!T36 -> 12 | F34: DOMINGO - CAMIONES DE CONOS | H34: ='19 DE ABRIL'!Y36 -> 10352150
B35: 46131 | C35: ='19 DE ABRIL'!L28 -> 6 | D35: ='19 DE ABRIL'!K28 -> 15 | F35: DOMINGO- ESCUELA DE LA BICICLETA | H35: ='19 DE ABRIL'!P28 -> 8961590
L36: CICLOVÍA | M36: CICLOVÍA + RECREOVÍA
L37: =SUM(H33:I38) -> 67187397
B39: TOTAL | C39: =SUM(C33:C38) -> 36 | D39: =SUM(D33:D38) -> 118 | E39: =SUM(E33:E38) -> 0 | H39: =SUM(H33:H38) -> 67187397 | I39: =SUM(I33:I38) -> 0 | J39: 0
B41: ZONA NORTE- CENTRO - SUR
B42: 46138 | C42: ='26 DE ABRIL'!C70 -> 26 | D42: ='26 DE ABRIL'!B70 -> 91 | F42: DOMINGO - CICLOVIA RUTA | H42: ='26 DE ABRIL'!G70 -> 47911605
B43: 46138 | C43: ='26 DE ABRIL'!U36 -> 4 | D43: ='26 DE ABRIL'!T36 -> 12 | F43: DOMINGO - CAMIONES DE CONOS | H43: ='26 DE ABRIL'!Y36 -> 10725462
B44: 46138 | C44: ='26 DE ABRIL'!L28 -> 4 | D44: ='26 DE ABRIL'!K28 -> 12 | F44: DOMINGO- ESCUELA DE LA BICICLETA | H44: ='26 DE ABRIL'!P28 -> 6111675
L45: CICLOVÍA | M45: CICLOVÍA + RECREOVÍA
L46: =SUM(H42:I47) -> 64748742
B48: TOTAL | C48: =SUM(C42:C47) -> 34 | D48: =SUM(D42:D47) -> 115 | E48: =SUM(E42:E47) -> 0 | H48: =SUM(H42:H44) -> 64748742 | I48: =SUM(I42:I47) -> 0 | J48: 0
B50: ZONA NORTE- CENTRO - SUR
L54: CICLOVÍA | M54: CICLOVÍA + RECREOVÍA
L55: =SUM(H51:I56) -> 0
B57: TOTAL | C57: =SUM(C51:C56) -> 0 | D57: =SUM(D51:D56) -> 0 | E57: =SUM(E51:E56) -> 0 | H57: =SUM(H51:H56) -> 0 | I57: =SUM(I51:I56) -> 0 | J57: 0
B59: ZONA NORTE- CENTRO - SUR
L63: CICLOVÍA | M63: CICLOVÍA + RECREOVÍA
L64: =SUM(H60:I65) -> 0
B66: TOTAL | C66: =SUM(C60:C65) -> 0 | D66: =SUM(D60:D65) -> 0 | E66: =SUM(E60:E65) -> 0 | H66: =SUM(H60:H65) -> 0 | I66: =SUM(I60:I65) -> 0 | J66: 0
B68: ZONA NORTE- CENTRO - SUR
L72: CICLOVÍA | M72: CICLOVÍA + RECREOVÍA
L73: =SUM(H69:I74) -> 0
B75: TOTAL | C75: =SUM(C69:C74) -> 0 | D75: =SUM(D69:D74) -> 0 | E75: =SUM(E69:E74) -> 0 | H75: =SUM(H69:H74) -> 0 | I75: =SUM(I69:I74) -> 0 | J75: 0
H77: VALOR | I77: VALOR OPERARIOS ADICIONALES | J77: VALOR DESCUENTOS
B78: TOTAL | C78: =C21+C12+C30+C57+C48+C39 -> 172 | D78: =D21+D12+D30+D57+D48+D66+D39 -> 556 | E78: =E21+E12+E30+E57+E66+E48+E39 -> 0 | F78: TOTAL | H78: =SUM(H12,H21,H30,H39,H48,H57,H66,H75) -> 318620917 | I78: =I12+I21+I30+I57+I66+I48+I39 -> 0 | J78: =J12+J21+J30+J57+J66 -> 0 | L78: TOTAL ZONA NORTE | M78: TOTAL ZONA CENTRO | N78: TOTAL ZONA SUR | O78: VALOR TOTAL
F79: TOTAL CICLOVIA | G79: =H78+I78 -> 318620917 | L79: =SUM('02 DE ABRIL'!M70,'05 DE ABRIL'!M70,'12 DE ABRIL'!M70,'19 DE ABRIL'!M73,'26 DE ABRIL'!M73) -> 91329489 | M79: =SUM('02 DE ABRIL'!N70,'05 DE ABRIL'!N70,'12 DE ABRIL'!N70,'19 DE ABRIL'!N73,'26 DE ABRIL'!N73) -> 134444153 | N79: =SUM('02 DE ABRIL'!O70,'05 DE ABRIL'!O70,'12 DE ABRIL'!O70,'19 DE ABRIL'!O73,'26 DE ABRIL'!O73) -> 92847275 | O79: =L79+M79+N79 -> 318620917
F80: TOTAL RECREOVÍA | G80: =K9 -> 132114057
B81: SERVICIOS ADICIONALES | L81: RECREOVÍA TOTAL
B82: FECHA (Ej. 19-Jul-09) | C82: HORA INICIO (Hora Militar) | D82: HORA FINAL (Hora Militar) | E82: EVENTO (Como aparece en el plan de acción) | F82: LUGAR Y DIRECCION | G82: PROYECTO DE INVERSIÓN (Como aparece en el plan de acción) | H82: PROGRAMA | I82: Disponibilidad | J82: Tipo de servicio | K82: valor | L82: =G80 -> 132114057
B83: 46114 | C83: 0.33333333 | D83: 0.58333333 | E83: TRASLADO DE MATERIAL | F83: PLAZA DE LOS ARTESANOS - | G83: 6032 | H83: DESARROLLO DE PROGRAMAS RECREATIVOS | I83: =+IF(J83=0,0,CONCATENATE(MID(J83,FIND("HORAS",J83,1)-3,3)," HORAS")) -> 09 HORAS | J83: 6.CAMION TIPO40/50m³-09 HORAS-04 OP | K83: =+IF(J83=0,0,IF(J83="","",VLOOKUP(J83,'PLANTILLA '!$H$139:$I$216,2,0))) -> 1665773
B84: 46114 | C84: 0.33333333 | D84: 0.625 | E84: TRASLADO DE MATERIAL | F84: PLAZA DE LOS ARTESANOS | G84: 6032 | H84: DESARROLLO DE PROGRAMAS RECREATIVOS | I84: =+IF(J84=0,0,CONCATENATE(MID(J84,FIND("HORAS",J84,1)-3,3)," HORAS")) -> 09 HORAS | J84: 6.CAMION TIPO40/50m³-09 HORAS-04 OP | K84: =+IF(J84=0,0,IF(J84="","",VLOOKUP(J84,'PLANTILLA '!$H$139:$I$216,2,0))) -> 1665773
B85: 46117 | C85: 0.25 | D85: 0.75 | E85: TRASLADO DE MATERIAL | F85: PLAZA DE ARTESANOS | G85: 6032 | H85: DESARROLLO DE PROGRAMAS RECREATIVOS | I85: =+IF(J85=0,0,CONCATENATE(MID(J85,FIND("HORAS",J85,1)-3,3)," HORAS")) -> 15 HORAS | J85: 1.CAMION TIPO40/50m³-15 HORAS-04 OP | K85: =+IF(J85=0,0,IF(J85="","",VLOOKUP(J85,'PLANTILLA '!$H$139:$I$216,2,0))) -> 1955007
B86: 46117 | C86: 0.20833333 | D86: 0.625 | E86: TRASLADO DE MATERIAL | F86: PLAZA DE ARTESANOS | G86: 6032 | H86: DESARROLLO DE PROGRAMAS RECREATIVOS | I86: =+IF(J86=0,0,CONCATENATE(MID(J86,FIND("HORAS",J86,1)-3,3)," HORAS")) -> 15 HORAS | J86: 1.CAMION TIPO40/50m³-15 HORAS-04 OP | K86: =+IF(J86=0,0,IF(J86="","",VLOOKUP(J86,'PLANTILLA '!$H$139:$I$216,2,0))) -> 1955007
B87: 46120 | C87: 0.375 | D87: 0.54166667 | E87: TRASLADO DE MATERIAL | F87: IDRD | G87: 6032 | H87: DESARROLLO DE PROGRAMAS RECREATIVOS | I87: =+IF(J87=0,0,CONCATENATE(MID(J87,FIND("HORAS",J87,1)-3,3)," HORAS")) -> 04 HORAS | J87: 42.4X4-04 HORAS-00 OP | K87: =+IF(J87=0,0,IF(J87="","",VLOOKUP(J87,'PLANTILLA '!$H$139:$I$216,2,0))) -> 529232
B88: 46121 | C88: 0.3125 | D88: 0.6875 | E88: TRASLADO DE MATERIAL | F88: PLAZA DE ARTESANOS | G88: 7007 | H88: FORMACIÓN INTEGRAL | I88: =+IF(J88=0,0,CONCATENATE(MID(J88,FIND("HORAS",J88,1)-3,3)," HORAS")) -> 09 HORAS | J88: 23.CAMION TIPO25m³-09 HORAS-02 OP | K88: =+IF(J88=0,0,IF(J88="","",VLOOKUP(J88,'PLANTILLA '!$H$139:$I$216,2,0))) -> 1175229
B89: 46122 | C89: 0.33333333 | D89: 0.58333333 | E89: TRASLADO DE MATERIAL | F89: PLAZA DE ARTESANOS | G89: 6032 | H89: DESARROLLO DE PROGRAMAS RECREATIVOS | I89: =+IF(J89=0,0,CONCATENATE(MID(J89,FIND("HORAS",J89,1)-3,3)," HORAS")) -> 09 HORAS | J89: 6.CAMION TIPO40/50m³-09 HORAS-04 OP | K89: =+IF(J89=0,0,IF(J89="","",VLOOKUP(J89,'PLANTILLA '!$H$139:$I$216,2,0))) -> 1665773
B90: 46122 | C90: 0.33333333 | D90: 0.66666667 | E90: TRASLADO DE MATERIAL | F90: PLAZA DE ARTESANOS | G90: 6032 | H90: DESARROLLO DE PROGRAMAS RECREATIVOS | I90: =+IF(J90=0,0,CONCATENATE(MID(J90,FIND("HORAS",J90,1)-3,3)," HORAS")) -> 09 HORAS | J90: 6.CAMION TIPO40/50m³-09 HORAS-04 OP | K90: =+IF(J90=0,0,IF(J90="","",VLOOKUP(J90,'PLANTILLA '!$H$139:$I$216,2,0))) -> 1665773
B91: 46122 | C91: 0.58333333 | D91: 0.70833333 | E91: TRASLADO DE MATERIAL | F91: PLAZA DE ARTESANOS | G91: 7037 | H91: IMPLEMENTACIÓN DEPORTIVA | I91: =+IF(J91=0,0,CONCATENATE(MID(J91,FIND("HORAS",J91,1)-3,3)," HORAS")) -> 04 HORAS | J91: 28.CAMION TIPO25m³-04 HORAS-02 OP | K91: =+IF(J91=0,0,IF(J91="","",VLOOKUP(J91,'PLANTILLA '!$H$139:$I$216,2,0))) -> 961567
B92: 46124 | C92: 0.39583333 | D92: 0.47916667 | E92: TRASLADO DE MATERIAL | F92: PLAZA DE ARTESANOS | G92: 7037 | H92: IMPLEMENTACIÓN DEPORTIVA | I92: =+IF(J92=0,0,CONCATENATE(MID(J92,FIND("HORAS",J92,1)-3,3)," HORAS")) -> 04 HORAS | J92: 28.CAMION TIPO25m³-04 HORAS-02 OP | K92: =+IF(J92=0,0,IF(J92="","",VLOOKUP(J92,'PLANTILLA '!$H$139:$I$216,2,0))) -> 961567
B93: 46122 | C93: 0.33333333 | D93: 0.47916667 | E93: TRASLADO DE MATERIAL | F93: PUENTE ARANDA | G93: 6032 | H93: DESARROLLO DE PROGRAMAS RECREATIVOS | I93: =+IF(J93=0,0,CONCATENATE(MID(J93,FIND("HORAS",J93,1)-3,3)," HORAS")) -> 09- HORAS | J93: 79.8-OPERARIOS-09-HORAS-08 PO | K93: =+IF(J93=0,0,IF(J93="","",VLOOKUP(J93,'PLANTILLA '!$H$139:$I$2126,2,0))) -> 1773856
B94: 46122 | C94: 0.3125 | D94: 0.6875 | E94: TRASLADO DE MATERIAL | F94: PLAZA DE ARTESANOS | G94: 7007 | H94: FORMACIÓN INTEGRAL | I94: =+IF(J94=0,0,CONCATENATE(MID(J94,FIND("HORAS",J94,1)-3,3)," HORAS")) -> 09 HORAS | J94: 23.CAMION TIPO25m³-09 HORAS-02 OP | K94: =+IF(J94=0,0,IF(J94="","",VLOOKUP(J94,'PLANTILLA '!$H$139:$I$216,2,0))) -> 1175229
B95: 46122 | C95: 0.33333333 | D95: 0.5 | E95: TRASLADO DE MATERIAL | F95: PLAZA DE ARTESANOS | G95: 5119 | H95: SAF | I95: =+IF(J95=0,0,CONCATENATE(MID(J95,FIND("HORAS",J95,1)-3,3)," HORAS")) -> 04 HORAS | J95: 38.CAMION TIPOFURGON-04 HORAS-02 OP | K95: =+IF(J95=0,0,IF(J95="","",VLOOKUP(J95,'PLANTILLA '!$H$139:$I$216,2,0))) -> 576161
B96: 46124 | C96: 0.22916667 | D96: 0.39583333 | E96: TRASLADO DE MATERIAL | F96: PLAZA DE ARTESANOS | G96: 6032 | H96: DESARROLLO DE PROGRAMAS RECREATIVOS | I96: =+IF(J96=0,0,CONCATENATE(MID(J96,FIND("HORAS",J96,1)-3,3)," HORAS")) -> 04 HORAS | J96: 12.CAMION TIPO40/50m³-04 HORAS-03 OP | K96: =+IF(J96=0,0,IF(J96="","",VLOOKUP(J96,'PLANTILLA '!$H$139:$I$216,2,0))) -> 1230935
B97: 46124 | C97: 0.14583333 | D97: 0.3125 | E97: TRASLADO DE MATERIAL | F97: PLAZA DE ARTESANOS | G97: 6032 | H97: DESARROLLO DE PROGRAMAS RECREATIVOS | I97: =+IF(J97=0,0,CONCATENATE(MID(J97,FIND("HORAS",J97,1)-3,3)," HORAS")) -> 04 HORAS | J97: 12.CAMION TIPO40/50m³-04 HORAS-03 OP | K97: =+IF(J97=0,0,IF(J97="","",VLOOKUP(J97,'PLANTILLA '!$H$139:$I$216,2,0))) -> 1230935
B98: 46124 | C98: 0.33333333 | D98: 0.70833333 | E98: TRASLADO DE MATERIAL | F98: PLAZA DE ARTESANOS | G98: 6032 | H98: DESARROLLO DE PROGRAMAS RECREATIVOS | I98: =+IF(J98=0,0,CONCATENATE(MID(J98,FIND("HORAS",J98,1)-3,3)," HORAS")) -> 09 HORAS | J98: 6.CAMION TIPO40/50m³-09 HORAS-04 OP | K98: =+IF(J98=0,0,IF(J98="","",VLOOKUP(J98,'PLANTILLA '!$H$139:$I$216,2,0))) -> 1665773
B99: 46124 | C99: 0.29166667 | D99: 0.66666667 | E99: TRASLADO DE MATERIAL | F99: PLAZA DE ARTESANOS | G99: 6032 | H99: DESARROLLO DE PROGRAMAS RECREATIVOS | I99: =+IF(J99=0,0,CONCATENATE(MID(J99,FIND("HORAS",J99,1)-3,3)," HORAS")) -> 09 HORAS | J99: 6.CAMION TIPO40/50m³-09 HORAS-04 OP | K99: =+IF(J99=0,0,IF(J99="","",VLOOKUP(J99,'PLANTILLA '!$H$139:$I$216,2,0))) -> 1665773
B100: 46125 | C100: 0.25 | D100: 0.5 | E100: TRASLADO DE MATERIAL | F100: PARQUE TUNAL | G100: 6032 | H100: DESARROLLO DE PROGRAMAS RECREATIVOS | I100: =+IF(J100=0,0,CONCATENATE(MID(J100,FIND("HORAS",J100,1)-3,3)," HORAS")) -> 09 HORAS | J100: 41.4X4-09 HORAS-00 OP | K100: =+IF(J100=0,0,IF(J100="","",VLOOKUP(J100,'PLANTILLA '!$H$139:$I$216,2,0))) -> 787237
B101: 46126 | C101: 0.25 | D101: 0.5 | E101: TRASLADO DE MATERIAL | F101: PARQUE TUNAL | G101: 6032 | H101: DESARROLLO DE PROGRAMAS RECREATIVOS | I101: =+IF(J101=0,0,CONCATENATE(MID(J101,FIND("HORAS",J101,1)-3,3)," HORAS")) -> 09 HORAS | J101: 41.4X4-09 HORAS-00 OP | K101: =+IF(J101=0,0,IF(J101="","",VLOOKUP(J101,'PLANTILLA '!$H$139:$I$216,2,0))) -> 787237 | DG101: X | DM101: 1 | DN101: X
B102: 46129 | C102: 0.25 | D102: 0.5 | E102: TRASLADO DE MATERIAL | F102: PARQUE TUNAL | G102: 6032 | H102: DESARROLLO DE PROGRAMAS RECREATIVOS | I102: =+IF(J102=0,0,CONCATENATE(MID(J102,FIND("HORAS",J102,1)-3,3)," HORAS")) -> 09 HORAS | J102: 41.4X4-09 HORAS-00 OP | K102: =+IF(J102=0,0,IF(J102="","",VLOOKUP(J102,'PLANTILLA '!$H$139:$I$216,2,0))) -> 787237 | DG102: X | DM102: 1 | DN102: X
B103: 46129 | C103: 0.25 | D103: 0.5 | E103: TRASLADO DE MATERIAL | F103: PARQUE TUNAL | G103: 6032 | H103: DESARROLLO DE PROGRAMAS RECREATIVOS | I103: =+IF(J103=0,0,CONCATENATE(MID(J103,FIND("HORAS",J103,1)-3,3)," HORAS")) -> 09 HORAS | J103: 41.4X4-09 HORAS-00 OP | K103: =+IF(J103=0,0,IF(J103="","",VLOOKUP(J103,'PLANTILLA '!$H$139:$I$222,2,0))) -> 787237 | DG103: X | DM103: 1 | DN103: X
B104: 46128 | C104: 0.33333333 | D104: 0.5 | E104: TRASLADO DE MATERIAL | F104: COMPLEJO ACUATICO | G104: 5119 | H104: SAF | I104: =+IF(J104=0,0,CONCATENATE(MID(J104,FIND("HORAS",J104,1)-3,3)," HORAS")) -> 04 HORAS | J104: 11.CAMION TIPO40/50m³-04 HORAS-04 OP | K104: =+IF(J104=0,0,IF(J104="","",VLOOKUP(J104,'PLANTILLA '!$H$139:$I$216,2,0))) -> 1382917 | DG104: X | DM104: 1 | DN104: X
B105: 46129 | C105: 0.41666667 | D105: 0.52083333 | E105: TRASLADO DE MATERIAL | F105: UDS JUDO | G105: 7037 | H105: IMPLEMENTACIÓN DEPORTIVA | I105: =+IF(J105=0,0,CONCATENATE(MID(J105,FIND("HORAS",J105,1)-3,3)," HORAS")) -> 04 HORAS | J105: 26.CAMION TIPO25m³-04 HORAS-04 OP | K105: =+IF(J105=0,0,IF(J105="","",VLOOKUP(J105,'PLANTILLA '!$H$139:$I$216,2,0))) -> 1031685 | DG105: X | DM105: 1 | DN105: X
B106: 46129 | C106: 0.33333333 | D106: 0.5 | E106: TRASLADO DE MATERIAL | F106: PLAZA DE ARTESANOS | G106: 6032 | H106: DESARROLLO DE PROGRAMAS RECREATIVOS | I106: =+IF(J106=0,0,CONCATENATE(MID(J106,FIND("HORAS",J106,1)-3,3)," HORAS")) -> 04 HORAS | J106: 11.CAMION TIPO40/50m³-04 HORAS-04 OP | K106: =+IF(J106=0,0,IF(J106="","",VLOOKUP(J106,'PLANTILLA '!$H$139:$I$250,2,0))) -> 1382917
B107: 46131 | C107: 0.14583333 | D107: 0.625 | E107: TRASLADO DE MATERIAL | F107: PLAZA DE ARTESANOS | G107: 6032 | H107: DESARROLLO DE PROGRAMAS RECREATIVOS | I107: =+IF(J107=0,0,CONCATENATE(MID(J107,FIND("HORAS",J107,1)-3,3)," HORAS")) -> 09 HORAS | J107: 6.CAMION TIPO40/50m³-09 HORAS-04 OP | K107: =+IF(J107=0,0,IF(J107="","",VLOOKUP(J107,'PLANTILLA '!$H$139:$I$216,2,0))) -> 1665773
B108: 46129 | C108: 0.3125 | D108: 0.6875 | E108: TRASLADO DE MATERIAL | F108: PLAZA DE ARTESANOS | G108: 6032 | H108: DESARROLLO DE PROGRAMAS RECREATIVOS | I108: =+IF(J108=0,0,CONCATENATE(MID(J108,FIND("HORAS",J108,1)-3,3)," HORAS")) -> 09 HORAS | J108: 6.CAMION TIPO40/50m³-09 HORAS-04 OP | K108: =+IF(J108=0,0,IF(J108="","",VLOOKUP(J108,'PLANTILLA '!$H$139:$I$216,2,0))) -> 1665773
B109: 46129 | C109: 0.3125 | D109: 0.58333333 | E109: TRASLADO DE MATERIAL | F109: PLAZA DE ARTESANOS | G109: 6032 | H109: DESARROLLO DE PROGRAMAS RECREATIVOS | I109: =+IF(J109=0,0,CONCATENATE(MID(J109,FIND("HORAS",J109,1)-3,3)," HORAS")) -> 09 HORAS | J109: 6.CAMION TIPO40/50m³-09 HORAS-04 OP | K109: =+IF(J109=0,0,IF(J109="","",VLOOKUP(J109,'PLANTILLA '!$H$139:$I$226,2,0))) -> 1665773
B110: 46131 | C110: 0.25 | D110: 0.58333333 | E110: TRASLADO DE MATERIAL | F110: PLAZA DE ARTESANOS | G110: 6032 | H110: DESARROLLO DE PROGRAMAS RECREATIVOS | I110: =+IF(J110=0,0,CONCATENATE(MID(J110,FIND("HORAS",J110,1)-3,3)," HORAS")) -> 15 HORAS | J110: 1.CAMION TIPO40/50m³-15 HORAS-04 OP | K110: =+IF(J110=0,0,IF(J110="","",VLOOKUP(J110,'PLANTILLA '!$H$139:$I$226,2,0))) -> 1955007
B111: 46131 | C111: 0.33333333 | D111: 0.54166667 | E111: TRASLADO DE MATERIAL | F111: PLAZA DE ARTESANOS | G111: 6032 | H111: DESARROLLO DE PROGRAMAS RECREATIVOS | I111: =+IF(J111=0,0,CONCATENATE(MID(J111,FIND("HORAS",J111,1)-3,3)," HORAS")) -> 15 HORAS | J111: 1.CAMION TIPO40/50m³-15 HORAS-04 OP | K111: =+IF(J111=0,0,IF(J111="","",VLOOKUP(J111,'PLANTILLA '!$H$139:$I$216,2,0))) -> 1955007
B112: 46134 | C112: 0.375 | D112: 0.75 | E112: TRASLADO DE MATERIAL | F112: PLAZA DE ARTESANOS JUDO | G112: 7037 | H112: IMPLEMENTACIÓN DEPORTIVA | I112: =+IF(J112=0,0,CONCATENATE(MID(J112,FIND("HORAS",J112,1)-3,3)," HORAS")) -> 15 HORAS | J112: 16.CAMION TIPO25m³-15 HORAS-04 OP | K112: =+IF(J112=0,0,IF(J112="","",VLOOKUP(J112,'PLANTILLA '!$H$139:$I$216,2,0))) -> 1691890
B113: 46135 | C113: 0.33333333 | D113: 0.66666667 | E113: TRASLADO DE MATERIAL | F113: IDRD | G113: 5119 | H113: SAF | I113: =+IF(J113=0,0,CONCATENATE(MID(J113,FIND("HORAS",J113,1)-3,3)," HORAS")) -> 09 HORAS | J113: 35.CAMION TIPOFURGON-09 HORAS-02 OP | K113: =+IF(J113=0,0,IF(J113="","",VLOOKUP(J113,'PLANTILLA '!$H$139:$I$216,2,0))) -> 728949
B114: 46136 | C114: 0.27083333 | D114: 0.64583333 | E114: TRASLADO DE MATERIAL | F114: CAYETANO | G114: 7007 | H114: FORMACIÓN INTEGRAL | I114: =+IF(J114=0,0,CONCATENATE(MID(J114,FIND("HORAS",J114,1)-3,3)," HORAS")) -> 09 HORAS | J114: 24.CAMION TIPO25m³-09 HORAS-01 OP | K114: =+IF(J114=0,0,IF(J114="","",VLOOKUP(J114,'PLANTILLA '!$H$139:$I$216,2,0))) -> 873501
B115: 46136 | C115: 0.20833333 | D115: 0.375 | E115: TRASLADO DE MATERIAL | F115: PLAZA DE ARTESANOS | G115: 6032 | H115: DESARROLLO DE PROGRAMAS RECREATIVOS | I115: =+IF(J115=0,0,CONCATENATE(MID(J115,FIND("HORAS",J115,1)-3,3)," HORAS")) -> 09 HORAS | J115: 6.CAMION TIPO40/50m³-09 HORAS-04 OP | K115: =+IF(J115=0,0,IF(J115="","",VLOOKUP(J115,'PLANTILLA '!$H$139:$I$216,2,0))) -> 1665773
B116: 46136 | C116: 0.20833333 | D116: 0.375 | E116: TRASLADO DE MATERIAL | F116: PLAZA DE ARTESANOS | G116: 6032 | H116: DESARROLLO DE PROGRAMAS RECREATIVOS | I116: =+IF(J116=0,0,CONCATENATE(MID(J116,FIND("HORAS",J116,1)-3,3)," HORAS")) -> 09 HORAS | J116: 21.CAMION TIPO25m³-09 HORAS-04 OP | K116: =+IF(J116=0,0,IF(J116="","",VLOOKUP(J116,'PLANTILLA '!$H$139:$I$216,2,0))) -> 1457200
B117: 46136 | C117: 0.25 | D117: 0.54166667 | E117: TRASLADO DE MATERIAL | F117: PLAZA DE ARTESANOS | G117: 6032 | H117: DESARROLLO DE PROGRAMAS RECREATIVOS | I117: =+IF(J117=0,0,CONCATENATE(MID(J117,FIND("HORAS",J117,1)-3,3)," HORAS")) -> 09 HORAS | J117: 23.CAMION TIPO25m³-09 HORAS-02 OP | K117: =+IF(J117=0,0,IF(J117="","",VLOOKUP(J117,'PLANTILLA '!$H$139:$I$216,2,0))) -> 1175229
B118: 46138 | C118: 0.20833333 | D118: 0.75 | E118: TRASLADO DE MATERIAL | F118: PLAZA DE ARTESANOS | G118: 6032 | H118: DESARROLLO DE PROGRAMAS RECREATIVOS | I118: =+IF(J118=0,0,CONCATENATE(MID(J118,FIND("HORAS",J118,1)-3,3)," HORAS")) -> 15 HORAS | J118: 1.CAMION TIPO40/50m³-15 HORAS-04 OP | K118: =+IF(J118=0,0,IF(J118="","",VLOOKUP(J118,'PLANTILLA '!$H$139:$I$216,2,0))) -> 1955007
B119: 46138 | C119: 0.29166667 | D119: 0.69791667 | E119: TRASLADO DE MATERIAL | F119: PLAZA DE ARTESANOS | G119: 6032 | H119: DESARROLLO DE PROGRAMAS RECREATIVOS | I119: =+IF(J119=0,0,CONCATENATE(MID(J119,FIND("HORAS",J119,1)-3,3)," HORAS")) -> 15 HORAS | J119: 18.CAMION TIPO25m³-15 HORAS-02 OP | K119: =+IF(J119=0,0,IF(J119="","",VLOOKUP(J119,'PLANTILLA '!$H$139:$I$216,2,0))) -> 1308251
B120: domingo, 20 de abril de 2026 | C120: 0.20833333 | D120: 0.58333333 | E120: TRASLADO DE MATERIAL | F120: PUENTE ARANDA | G120: 6032 | H120: DESARROLLO DE PROGRAMAS RECREATIVOS | I120: =+IF(J120=0,0,CONCATENATE(MID(J120,FIND("HORAS",J120,1)-3,3)," HORAS")) -> 09 HORAS | J120: 41.4X4-09 HORAS-00 OP | K120: =+IF(J120=0,0,IF(J120="","",VLOOKUP(J120,'PLANTILLA '!$H$139:$I$216,2,0))) -> 787237
B121: domingo, 20 de abril de 2026 | C121: 0.20833333 | D121: 0.58333333 | E121: TRASLADO DE MATERIAL | F121: PUENTE ARANDA | G121: 6032 | H121: DESARROLLO DE PROGRAMAS RECREATIVOS | I121: =+IF(J121=0,0,CONCATENATE(MID(J121,FIND("HORAS",J121,1)-3,3)," HORAS")) -> 09 HORAS | J121: 41.4X4-09 HORAS-00 OP | K121: =+IF(J121=0,0,IF(J121="","",VLOOKUP(J121,'PLANTILLA '!$H$139:$I$216,2,0))) -> 787237
B122: 46138 | C122: 0.20833333 | D122: 0.625 | E122: TRASLADO DE MATERIAL | F122: MTB | G122: 6032 | H122: DESARROLLO DE PROGRAMAS RECREATIVOS | I122: =+IF(J122=0,0,CONCATENATE(MID(J122,FIND("HORAS",J122,1)-3,3)," HORAS")) -> 15 HORAS | J122: 19.CAMION TIPO25m³-15 HORAS-01 OP | K122: =+IF(J122=0,0,IF(J122="","",VLOOKUP(J122,'PLANTILLA '!$H$139:$I$216,2,0))) -> 1097977
B123: 46138 | C123: 0.20833333 | D123: 0.625 | E123: TRASLADO DE MATERIAL | F123: MTB | G123: 6032 | H123: DESARROLLO DE PROGRAMAS RECREATIVOS | I123: =+IF(J123=0,0,CONCATENATE(MID(J123,FIND("HORAS",J123,1)-3,3)," HORAS")) -> 15 HORAS | J123: 40.4X4-15 HORAS-00 OP | K123: =+IF(J123=0,0,IF(J123="","",VLOOKUP(J123,'PLANTILLA '!$H$139:$I$216,2,0))) -> 1128712
B124: 46135 | C124: 0.375 | D124: 0.75 | E124: TRASLADO DE MATERIAL | F124: PUENTE ARANDA | G124: 6032 | H124: DESARROLLO DE PROGRAMAS RECREATIVOS | I124: =+IF(J124=0,0,CONCATENATE(MID(J124,FIND("HORAS",J124,1)-3,3)," HORAS")) -> 09- HORAS | J124: 80.10-OPERARIOS-09-HORAS-10 OP | K124: =+IF(J124=0,0,IF(J124="","",VLOOKUP(J124,'PLANTILLA '!$H$139:$I$2126,2,0))) -> 2213310
...

Sheet PLANTILLA 
A1: ZONA NORTE
A2: RUTAS CICLOVÍA 40 M3 | I2: LUDICA CICLOVÍA, ESCUELA DE LA BICI, ADICIONALES 25 M3 | R2: CONOS CICLOVÍA 25 M3
A3: CORREDOR | B3: # OPERARIOS | C3: # CAMIONES | D3: MODELO | E3: DISPONIBILIDAD | F3: TIPO DE SERVICIO | G3: $ | I3: ZONA | J3: CORREDOR | K3: # OPERARIOS | L3: # CAMIONES | M3: MODELO | N3: DISPONIBILIDAD | O3: TIPO DE SERVICIO | P3: $ | R3: ZONA | S3: CORREDOR | T3: # OPERARIOS | U3: # CAMIONES | V3: MODELO | W3: DISPONIBILIDAD | X3: TIPO DE SERVICIO | Y3: $
A4: NORTE 1 | B4: =+IF(F4=0,0,MID(F4,LEN(F4)-4,3)) -> 04 | C4: 1 | D4: 2014-2023 | E4: =+IF(F4=0,0,CONCATENATE(MID(F4,FIND("-",F4,1)+1,4),"ORAS")) -> 15 HORAS | F4: 1.CAMION TIPO40/50m³-15 HORAS-04 OP | G4: =+IF(F4="","",VLOOKUP(F4,$H$139:$I$217,2,FALSE)) -> 1955007 | I4: CENTRO | J4: CAMIONETA FURGONADA PENDONES CALLE 26 | K4: =+IF(O4=0,0,MID(O4,LEN(O4)-4,3)) -> 03 | L4: 1 | M4: 2014-2023 | N4: =+IF(O4=0,0,CONCATENATE(MID(O4,FIND("-",O4,1)+1,4),"ORAS")) -> 15 HORAS | O4: 31.CAMION TIPOFURGON-15 HORAS-03 OP | P4: =+IF(O4="","",VLOOKUP(O4,$H$139:$I$217,2,FALSE)) -> 1019917 | R4: CENTRO | S4: CENTRO 5 CAMION 1 UNICONOS | T4: 4 | U4: 1 | V4: 2014-2023 | W4: =+IF(X4=0,0,CONCATENATE(MID(X4,FIND("-",X4,1)+1,4),"ORAS")) -> 15 HORAS | X4: 16.CAMION TIPO25m³-15 HORAS-04 OP | Y4: =+IF(X4="","",VLOOKUP(X4,$H$139:$I$217,2,FALSE)) -> 1691890
A5: NORTE 2 | B5: =+IF(F5=0,0,MID(F5,LEN(F5)-4,3)) -> 03 | C5: 1 | D5: 2014-2023 | E5: =+IF(F5=0,0,CONCATENATE(MID(F5,FIND("-",F5,1)+1,4),"ORAS")) -> 15 HORAS | F5: 2.CAMION TIPO40/50m³-15 HORAS-03 OP | G5: =+IF(F5="","",VLOOKUP(F5,$H$139:$I$217,2,FALSE)) -> 1795972 | I5: CENTRO | J5: CAMION 1 | K5: =+IF(O5=0,0,MID(O5,LEN(O5)-4,3)) -> 02 | L5: 1 | M5: 2014-2023 | N5: =+IF(O5=0,0,CONCATENATE(MID(O5,FIND("-",O5,1)+1,4),"ORAS")) -> 15 HORAS | O5: 18.CAMION TIPO25m³-15 HORAS-02 OP | P5: =+IF(O5="","",VLOOKUP(O5,$H$139:$I$217,2,FALSE)) -> 1308251 | R5: CENTRO | S5: CENTRO 5 CAMION 2 UNICONOS | T5: 4 | U5: 1 | V5: 2014-2023 | W5: =+IF(X5=0,0,CONCATENATE(MID(X5,FIND("-",X5,1)+1,4),"ORAS")) -> 15 HORAS | X5: 16.CAMION TIPO25m³-15 HORAS-04 OP | Y5: =+IF(X5="","",VLOOKUP(X5,$H$139:$I$217,2,FALSE)) -> 1691890
A6: NORTE 3 | B6: =+IF(F6=0,0,MID(F6,LEN(F6)-4,3)) -> 03 | C6: 1 | D6: 2014-2023 | E6: =+IF(F6=0,0,CONCATENATE(MID(F6,FIND("-",F6,1)+1,4),"ORAS")) -> 15 HORAS | F6: 2.CAMION TIPO40/50m³-15 HORAS-03 OP | G6: =+IF(F6="","",VLOOKUP(F6,$H$139:$I$217,2,FALSE)) -> 1795972 | K6: =+IF(O6=0,0,MID(O6,LEN(O6)-4,3)) -> 0 | N6: =+IF(O6=0,0,CONCATENATE(MID(O6,FIND("-",O6,1)+1,4),"ORAS")) -> 0 | O6: 0 | P6: =+IF(O6="","",VLOOKUP(O6,$H$139:$I$217,2,FALSE)) -> 0 | R6: CENTRO | S6: CENTRO 4 CAMION 3 UNICONOS | T6: 4 | U6: 1 | V6: 2014-2023 | W6: =+IF(X6=0,0,CONCATENATE(MID(X6,FIND("-",X6,1)+1,4),"ORAS")) -> 15 HORAS | X6: 16.CAMION TIPO25m³-15 HORAS-04 OP | Y6: =+IF(X6="","",VLOOKUP(X6,$H$139:$I$217,2,FALSE)) -> 1691890
A7: NORTE 4 | B7: =+IF(F7=0,0,MID(F7,LEN(F7)-4,3)) -> 03 | C7: 1 | D7: 2014-2023 | E7: =+IF(F7=0,0,CONCATENATE(MID(F7,FIND("-",F7,1)+1,4),"ORAS")) -> 15 HORAS | F7: 2.CAMION TIPO40/50m³-15 HORAS-03 OP | G7: =+IF(F7="","",VLOOKUP(F7,$H$139:$I$217,2,FALSE)) -> 1795972 | K7: =+IF(O7=0,0,MID(O7,LEN(O7)-4,3)) -> 0 | N7: =+IF(O7=0,0,CONCATENATE(MID(O7,FIND("-",O7,1)+1,4),"ORAS")) -> 0 | O7: 0 | P7: =+IF(O7="","",VLOOKUP(O7,$H$139:$I$217,2,FALSE)) -> 0 | X7: 0 | Y7: 0
A8: NORTE 5 ZONA 1 | B8: =+IF(F8=0,0,MID(F8,LEN(F8)-4,3)) -> 03 | C8: 1 | D8: 2014-2023 | E8: =+IF(F8=0,0,CONCATENATE(MID(F8,FIND("-",F8,1)+1,4),"ORAS")) -> 15 HORAS | F8: 2.CAMION TIPO40/50m³-15 HORAS-03 OP | G8: =+IF(F8="","",VLOOKUP(F8,$H$139:$I$217,2,FALSE)) -> 1795972 | K8: =+IF(O8=0,0,MID(O8,LEN(O8)-4,3)) -> 0 | N8: =+IF(O8=0,0,CONCATENATE(MID(O8,FIND("-",O8,1)+1,4),"ORAS")) -> 0 | O8: 0 | P8: =+IF(O8="","",VLOOKUP(O8,$H$139:$I$217,2,FALSE)) -> 0 | U8: 3
A9: NORTE 5 ZONA 2 | B9: =+IF(F9=0,0,MID(F9,LEN(F9)-4,3)) -> 03 | C9: 1 | D9: 2014-2023 | E9: =+IF(F9=0,0,CONCATENATE(MID(F9,FIND("-",F9,1)+1,4),"ORAS")) -> 15 HORAS | F9: 2.CAMION TIPO40/50m³-15 HORAS-03 OP | G9: =+IF(F9="","",VLOOKUP(F9,$H$139:$I$217,2,FALSE)) -> 1795972 | K9: =+IF(O9=0,0,MID(O9,LEN(O9)-4,3)) -> 0 | N9: =+IF(O9=0,0,CONCATENATE(MID(O9,FIND("-",O9,1)+1,4),"ORAS")) -> 0 | O9: 0 | P9: =+IF(O9="","",VLOOKUP(O9,$H$139:$I$217,2,FALSE)) -> 0
A10: NORTE 1 CONOS | B10: =+IF(F10=0,0,MID(F10,LEN(F10)-4,3)) -> 04 | C10: 1 | D10: 2014-2023 | E10: =+IF(F10=0,0,CONCATENATE(MID(F10,FIND("-",F10,1)+1,4),"ORAS")) -> 15 HORAS | F10: 1.CAMION TIPO40/50m³-15 HORAS-04 OP | G10: =+IF(F10="","",VLOOKUP(F10,$H$139:$I$217,2,FALSE)) -> 1955007
A11: NORTE 1 CONTRAFLUJOS | B11: =+IF(F11=0,0,MID(F11,LEN(F11)-4,3)) -> 04 | C11: 1 | D11: 2014-2023 | E11: =+IF(F11=0,0,CONCATENATE(MID(F11,FIND("-",F11,1)+1,4),"ORAS")) -> 15 HORAS | F11: 1.CAMION TIPO40/50m³-15 HORAS-04 OP | G11: =+IF(F11="","",VLOOKUP(F11,$H$139:$I$217,2,FALSE)) -> 1955007
G12: =+IF(F12="","",VLOOKUP(F12,$H$139:$I$217,2,FALSE))
B13: =+B10+B9+B8+B7+B6+B5+B4 -> 23 | C13: =+C10+C9+C8+C7+C6+C5+C4 -> 7 | G13: =SUM(G4:G12) -> 14844881 | R13: OPERARIOS ADICIONALES
A14: RUTAS CICLOVÍA 25 M3 | R14: ZONA | S14: CORREDOR | T14: # OPERARIOS | U14: # CAMIONES | V14: MODELO | W14: DISPONIBILIDAD | X14: TIPO DE SERVICIO | Y14: $
A15: CORREDOR | B15: # OPERARIOS | C15: # CAMIONES | D15: MODELO | E15: DISPONIBILIDAD | F15: TIPO DE SERVICIO | G15: $ | R15: CENTRO | S15: APOYO CICLOVÍA | T15: 0 | U15: 0 | V15: 2014-2023 | W15: =+IF(X15=0,0,CONCATENATE(MID(X15,FIND("-",X15,1)+1,4),"ORAS")) -> 0 | X15: 0 | Y15: =+IF(X15="","",VLOOKUP(X15,$H$139:$I$217,2,FALSE))*T15 -> 0
B16: =+IF(F16=0,0,MID(F16,LEN(F16)-4,3)) -> 0 | E16: =+IF(F16=0,0,CONCATENATE(MID(F16,FIND("-",F16,1)+1,4),"ORAS")) -> 0 | F16: 0 | G16: =+IF(F16="","",VLOOKUP(F16,$H$139:$I$217,2,FALSE)) -> 0 | I16: ATN CICLOVÍA, ESCUELA DE LA BICI, ADICIONALES 40 M3 | W16: =+IF(X16=0,0,CONCATENATE(MID(X16,FIND("-",X16,1)+1,4),"ORAS")) -> 0 | X16: 0 | Y16: =+IF(X16="","",VLOOKUP(X16,$H$139:$I$217,2,FALSE))*T16 -> 0
F17: 0 | G17: =+IF(F17="","",VLOOKUP(F17,$H$139:$I$217,2,FALSE)) -> 0 | I17: ZONA | J17: CORREDOR | K17: # OPERARIOS | L17: # CAMIONES | M17: MODELO | N17: DISPONIBILIDAD | O17: TIPO DE SERVICIO | P17: $
F18: 0 | G18: =+IF(F18="","",VLOOKUP(F18,$H$139:$I$217,2,FALSE)) -> 0 | I18: CENTRO | J18: TRASLADO DE ELEMENTOS | K18: =+IF(O18=0,0,MID(O18,LEN(O18)-4,3)) -> 02 | L18: 1 | M18: 2014-2023 | N18: =+IF(O18=0,0,CONCATENATE(MID(O18,FIND("-",O18,1)+1,4),"ORAS")) -> 15 HORAS | O18: 3.CAMION TIPO40/50m³-15 HORAS-02 OP | P18: =+IF(O18="","",VLOOKUP(O18,$H$139:$I$217,2,FALSE)) -> 1435144 | R18: CAMIONETA 4 X4 DOBLE CABINA CON PLATON
F19: 0 | G19: =+IF(F19="","",VLOOKUP(F19,$H$139:$I$217,2,FALSE)) -> 0 | I19: CENTRO | J19: ESCUELA | K19: =+IF(O19=0,0,MID(O19,LEN(O19)-4,3)) -> 03 | L19: 1 | M19: 2014-2023 | N19: =+IF(O19=0,0,CONCATENATE(MID(O19,FIND("-",O19,1)+1,4),"ORAS")) -> 15 HORAS | O19: 2.CAMION TIPO40/50m³-15 HORAS-03 OP | P19: =+IF(O19="","",VLOOKUP(O19,$H$139:$I$217,2,FALSE)) -> 1795972 | R19: ZONA | S19: CORREDOR | T19: # OPERARIOS | U19: # CAMIONES | V19: MODELO | W19: DISPONIBILIDAD | X19: TIPO DE SERVICIO | Y19: $
F20: 0 | G20: =+IF(F20="","",VLOOKUP(F20,$H$139:$I$217,2,FALSE)) -> 0 | I20: CENTRO | J20: PROYECCIÓN 183 | K20: =+IF(O20=0,0,MID(O20,LEN(O20)-4,3)) -> 04 | L20: 1 | M20: 2014-2023 | N20: =+IF(O20=0,0,CONCATENATE(MID(O20,FIND("-",O20,1)+1,4),"ORAS")) -> 15 HORAS | O20: 1.CAMION TIPO40/50m³-15 HORAS-04 OP | P20: =+IF(O20="","",VLOOKUP(O20,$H$139:$I$217,2,FALSE)) -> 1955007 | R20: NORTE | S20: COORDINADOR ZONA NORTE | T20: NA | U20: NA | V20: 2014-2023 | W20: =+IF(X20=0,0,CONCATENATE(MID(X20,FIND("-",X20,1)+1,4),"ORAS")) -> #VALUE! | X20: 50. COORD X DIA | Y20: =+IF(X20="","",VLOOKUP(X20,$H$139:$I$217,2,FALSE)) -> 477011
F21: 0 | G21: =+IF(F21="","",VLOOKUP(F21,$H$139:$I$217,2,FALSE)) -> 0 | O21: 0 | P21: =+IF(O21="","",VLOOKUP(O21,$H$139:$I$217,2,FALSE)) -> 0 | R21: NORTE | S21: APOYO CICLOVÍA | T21: NA | U21: NA | V21: 2014-2023 | W21: =+IF(X21=0,0,CONCATENATE(MID(X21,FIND("-",X21,1)+1,4),"ORAS")) -> 15 HORAS | X21: 40.4X4-15 HORAS-00 OP | Y21: =+IF(X21="","",VLOOKUP(X21,$H$139:$I$217,2,FALSE)) -> 1128712
A22: valor total | B22: =SUM(B4:B13)+B16+B17+B18+B19+B20+B21 -> 23 | C22: =+C4+C5+C6+C7+C8+C9+C10+C16 -> 7 | G22: =SUM(G13,G16:G21) -> 14844881 | O22: 0 | P22: =+IF(O22="","",VLOOKUP(O22,$H$139:$I$217,2,FALSE)) -> 0 | R22: NORTE | S22: APOYO CICLOVÍA | T22: NA | U22: NA | V22: 2014-2023 | W22: =+IF(X22=0,0,CONCATENATE(MID(X22,FIND("-",X22,1)+1,4),"ORAS")) -> 15 HORAS | X22: 40.4X4-15 HORAS-00 OP | Y22: =+IF(X22="","",VLOOKUP(X22,$H$139:$I$217,2,FALSE)) -> 1128712
A23: ZONA CENTRO | R23: CENTRO | S23: COORDINADOR ZONA CENTRO | T23: NA | U23: NA | V23: 2014-2023 | W23: =+IF(X23=0,0,CONCATENATE(MID(X23,FIND("-",X23,1)+1,4),"ORAS")) -> #VALUE! | X23: 50. COORD X DIA | Y23: =+IF(X23="","",VLOOKUP(X23,$H$139:$I$217,2,FALSE)) -> 477011
A24: RUTAS CICLOVÍA 40 M3 | R24: CENTRO | S24: CAMION 3 | T24: NA | U24: 1 | V24: 2014-2024 | W24: =+IF(X24=0,0,CONCATENATE(MID(X24,FIND("-",X24,1)+1,4),"ORAS")) -> 15 HORAS | X24: 32.CAMION TIPOFURGON-15 HORAS-02 OP | Y24: =+IF(X24="","",VLOOKUP(X24,$H$139:$I$217,2,FALSE)) -> 832623
A25: CORREDOR | B25: # OPERARIOS | C25: # CAMIONES | D25: MODELO | E25: DISPONIBILIDAD | F25: TIPO DE SERVICIO | G25: $ | J25: TOTAL | K25: =K4+K5+K6+K7+K8+K9+K18+K19+K20 -> 14 | L25: =SUM(L4:L24) -> 5 | P25: =SUM(P4:P24) -> 7514291 | R25: SUR | S25: APOYO CICLOVÍA | T25: NA | U25: NA | V25: 2014-2024 | W25: =+IF(X25=0,0,CONCATENATE(MID(X25,FIND("-",X25,1)+1,4),"ORAS")) -> 15 HORAS | X25: 40.4X4-15 HORAS-00 OP | Y25: =+IF(X25="","",VLOOKUP(X25,$H$139:$I$217,2,FALSE)) -> 1128712
A26: CENTRO 1 | B26: =+IF(F26=0,0,MID(F26,LEN(F26)-4,3)) -> 04 | C26: 1 | D26: 2014-2023 | E26: =+IF(F26=0,0,CONCATENATE(MID(F26,FIND("-",F26,1)+1,4),"ORAS")) -> 15 HORAS | F26: 1.CAMION TIPO40/50m³-15 HORAS-04 OP | G26: =+IF(F26="","",VLOOKUP(F26,$H$139:$I$217,2,FALSE)) -> 1955007 | R26: SUR | S26: COORDINADOR ZONA SUR | T26: NA | U26: NA | V26: 2014-2026 | W26: =+IF(X26=0,0,CONCATENATE(MID(X26,FIND("-",X26,1)+1,4),"ORAS")) -> #VALUE! | X26: 50. COORD X DIA | Y26: =+IF(X26="","",VLOOKUP(X26,$H$139:$I$217,2,FALSE)) -> 477011
A27: CENTRO 2 | B27: =+IF(F27=0,0,MID(F27,LEN(F27)-4,3)) -> 04 | C27: 1 | D27: 2014-2023 | E27: =+IF(F27=0,0,CONCATENATE(MID(F27,FIND("-",F27,1)+1,4),"ORAS")) -> 15 HORAS | F27: 1.CAMION TIPO40/50m³-15 HORAS-04 OP | G27: =+IF(F27="","",VLOOKUP(F27,$H$139:$I$217,2,FALSE)) -> 1955007 | W27: =+IF(X27=0,0,CONCATENATE(MID(X27,FIND("-",X27,1)+1,4),"ORAS")) -> 0 | X27: 0 | Y27: =+IF(X27="","",VLOOKUP(X27,$H$139:$I$217,2,FALSE)) -> 0
A28: CENTRO 4 | B28: =+IF(F28=0,0,MID(F28,LEN(F28)-4,3)) -> 04 | C28: 1 | D28: 2014-2023 | E28: =+IF(F28=0,0,CONCATENATE(MID(F28,FIND("-",F28,1)+1,4),"ORAS")) -> 15 HORAS | F28: 1.CAMION TIPO40/50m³-15 HORAS-04 OP | G28: =+IF(F28="","",VLOOKUP(F28,$H$139:$I$217,2,FALSE)) -> 1955007 | W28: =+IF(X28=0,0,CONCATENATE(MID(X28,FIND("-",X28,1)+1,4),"ORAS")) -> 0 | X28: 0 | Y28: =+IF(X28="","",VLOOKUP(X28,$H$139:$I$217,2,FALSE)) -> 0
A29: CENTRO 5 | B29: =+IF(F29=0,0,MID(F29,LEN(F29)-4,3)) -> 03 | C29: 1 | D29: 2014-2023 | E29: =+IF(F29=0,0,CONCATENATE(MID(F29,FIND("-",F29,1)+1,4),"ORAS")) -> 15 HORAS | F29: 2.CAMION TIPO40/50m³-15 HORAS-03 OP | G29: =+IF(F29="","",VLOOKUP(F29,$H$139:$I$217,2,FALSE)) -> 1795972 | W29: =+IF(X29=0,0,CONCATENATE(MID(X29,FIND("-",X29,1)+1,4),"ORAS")) -> 0 | X29: 0 | Y29: =+IF(X29="","",VLOOKUP(X29,$H$139:$I$217,2,FALSE)) -> 0
F30: 0 | G30: =+IF(F30="","",VLOOKUP(F30,$H$139:$I$217,2,FALSE)) -> 0 | W30: =+IF(X30=0,0,CONCATENATE(MID(X30,FIND("-",X30,1)+1,4),"ORAS")) -> 0 | X30: 0 | Y30: =+IF(X30="","",VLOOKUP(X30,$H$139:$I$217,2,FALSE)) -> 0
G31: =+IF(F31="","",VLOOKUP(F31,$H$139:$I$217,2,FALSE))
A32: RUTAS CICLOVÍA 25 M3
B33: # OPERARIOS | C33: # CAMIONES | D33: MODELO | F33: TIPO DE SERVICIO | G33: $ | S33: TOTAL | T33: =+T15+T16+T4+T5+T6+T7 -> 12 | U33: =SUM(U4:U7,U24) -> 4 | Y33: =SUM(Y4:Y30) -> 10725462
A34: CENTRO 3 ZONA 1 | B34: =+IF(F34=0,0,MID(F34,LEN(F34)-4,3)) -> 03 | C34: 1 | D34: 2014-2023 | E34: =+IF(F34=0,0,CONCATENATE(MID(F34,FIND("-",F34,1)+1,4),"ORAS")) -> 15 HORAS | F34: 17.CAMION TIPO25m³-15 HORAS-03 OP | G34: =+IF(F34="","",VLOOKUP(F34,$H$139:$I$217,2,FALSE)) -> 1505234
A35: CENTRO 3 ZONA 2 | B35: =+IF(F35=0,0,MID(F35,LEN(F35)-4,3)) -> 03 | C35: 1 | D35: 2014-2023 | E35: =+IF(F35=0,0,CONCATENATE(MID(F35,FIND("-",F35,1)+1,4),"ORAS")) -> 15 HORAS | F35: 17.CAMION TIPO25m³-15 HORAS-03 OP | G35: =+IF(F35="","",VLOOKUP(F35,$H$139:$I$217,2,FALSE)) -> 1505234
A36: CENTRO 6 ZONA 1 | B36: =+IF(F36=0,0,MID(F36,LEN(F36)-4,3)) -> 03 | C36: 1 | D36: 2014-2023 | E36: =+IF(F36=0,0,CONCATENATE(MID(F36,FIND("-",F36,1)+1,4),"ORAS")) -> 15 HORAS | F36: 17.CAMION TIPO25m³-15 HORAS-03 OP | G36: =+IF(F36="","",VLOOKUP(F36,$H$139:$I$217,2,FALSE)) -> 1505234
A37: CENTRO 6 ZONA 2 | B37: =+IF(F37=0,0,MID(F37,LEN(F37)-4,3)) -> 03 | C37: 1 | D37: 2014-2023 | E37: =+IF(F37=0,0,CONCATENATE(MID(F37,FIND("-",F37,1)+1,4),"ORAS")) -> 15 HORAS | F37: 17.CAMION TIPO25m³-15 HORAS-03 OP | G37: =+IF(F37="","",VLOOKUP(F37,$H$139:$I$217,2,FALSE)) -> 1505234
B38: =+IF(F38=0,0,MID(F38,LEN(F38)-4,3)) -> 0 | D38: 2014-2023 | E38: =+IF(F38=0,0,CONCATENATE(MID(F38,FIND("-",F38,1)+1,4),"ORAS")) -> 0 | F38: 0 | G38: =+IF(F38="","",VLOOKUP(F38,$H$139:$I$217,2,FALSE)) -> 0
F39: 0 | G39: =+IF(F39="","",VLOOKUP(F39,$H$139:$I$217,2,FALSE)) -> 0
A40: valor total | B40: =+B26+B27+B28+B34+B35+B36+B37+B38 -> 24 | C40: =SUM(C26:C32)+C34+C35+C36+C37+C38+C39 -> 8 | E40: =+IF(F40=0,0,CONCATENATE(MID(F40,FIND("-",F40,1)+1,3),"ORAS")) -> 0 | G40: =SUM(G26:G31,G34:G39) -> 13681929
A41: ZONA SUR
A42: RUTAS CICLOVÍA 40 M3
A43: CORREDOR | B43: # OPERARIOS | C43: # CAMIONES | D43: MODELO | E43: DISPONIBILIDAD | F43: TIPO DE SERVICIO | G43: $
A46: SUR 4 | B46: =+IF(F46=0,0,MID(F46,LEN(F46)-4,3)) -> 04 | C46: 1 | D46: 2014-2023 | E46: =+IF(F46=0,0,CONCATENATE(MID(F46,FIND("-",F46,1)+1,4),"ORAS")) -> 15 HORAS | F46: 1.CAMION TIPO40/50m³-15 HORAS-04 OP | G46: =+IF(F46="","",VLOOKUP(F46,$H$139:$I$217,2,FALSE)) -> 1955007
A47: SUR 5 | B47: =+IF(F47=0,0,MID(F47,LEN(F47)-4,3)) -> 04 | C47: 1 | D47: 2014-2023 | E47: =+IF(F47=0,0,CONCATENATE(MID(F47,FIND("-",F47,1)+1,4),"ORAS")) -> 15 HORAS | F47: 1.CAMION TIPO40/50m³-15 HORAS-04 OP | G47: =+IF(F47="","",VLOOKUP(F47,$H$139:$I$217,2,FALSE)) -> 1955007
B48: =+IF(F48=0,0,MID(F48,LEN(F48)-4,3)) -> 0 | F48: 0 | G48: =+IF(F48="","",VLOOKUP(F48,$H$139:$I$217,2,FALSE)) -> 0
B49: =+IF(F49=0,0,MID(F49,LEN(F49)-4,3)) -> 0 | F49: 0 | G49: =+IF(F49="","",VLOOKUP(F49,$H$139:$I$217,2,FALSE)) -> 0
B50: =+IF(F50=0,0,MID(F50,LEN(F50)-4,3)) -> 0 | F50: 0 | G50: =+IF(F50="","",VLOOKUP(F50,$H$139:$I$217,2,FALSE)) -> 0
B51: =+IF(F51=0,0,MID(F51,LEN(F51)-4,3)) -> 0 | F51: 0 | G51: =+IF(F51="","",VLOOKUP(F51,$H$139:$I$217,2,FALSE)) -> 0
A52: RUTAS CICLOVÍA 25 M3
A53: CORREDOR | B53: # OPERARIOS | C53: # CAMIONES | D53: MODELO | E53: DISPONIBILIDAD | F53: TIPO DE SERVICIO | G53: $
A54: SUR 1 ZONA 1 | B54: =+IF(F54=0,0,MID(F54,LEN(F54)-4,3)) -> 03 | C54: 1 | D54: 2014-2023 | E54: =+IF(F54=0,0,CONCATENATE(MID(F54,FIND("-",F54,1)+1,4),"ORAS")) -> 15 HORAS | F54: 17.CAMION TIPO25m³-15 HORAS-03 OP | G54: =+IF(F54="","",VLOOKUP(F54,$H$139:$I$217,2,FALSE)) -> 1505234
A55: SUR 1 ZONA 2 | B55: =+IF(F55=0,0,MID(F55,LEN(F55)-4,3)) -> 03 | C55: 1 | D55: 2014-2023 | E55: =+IF(F55=0,0,CONCATENATE(MID(F55,FIND("-",F55,1)+1,4),"ORAS")) -> 15 HORAS | F55: 17.CAMION TIPO25m³-15 HORAS-03 OP | G55: =+IF(F55="","",VLOOKUP(F55,$H$139:$I$217,2,FALSE)) -> 1505234
A56: SUR 1 MALETINES | B56: =+IF(F56=0,0,MID(F56,LEN(F56)-4,3)) -> 03 | C56: 1 | D56: 2014-2023 | E56: =+IF(F56=0,0,CONCATENATE(MID(F56,FIND("-",F56,1)+1,4),"ORAS")) -> 15 HORAS | F56: 17.CAMION TIPO25m³-15 HORAS-03 OP | G56: =+IF(F56="","",VLOOKUP(F56,$H$139:$I$217,2,FALSE)) -> 1505234
A57: SUR 2 | B57: =+IF(F57=0,0,MID(F57,LEN(F57)-4,3)) -> 03 | C57: 1 | D57: 2014-2023 | E57: =+IF(F57=0,0,CONCATENATE(MID(F57,FIND("-",F57,1)+1,4),"ORAS")) -> 15 HORAS | F57: 17.CAMION TIPO25m³-15 HORAS-03 OP | G57: =+IF(F57="","",VLOOKUP(F57,$H$139:$I$217,2,FALSE)) -> 1505234
A58: SUR 2 CANECAS 1 | B58: =+IF(F58=0,0,MID(F58,LEN(F58)-4,3)) -> 03 | C58: 1 | D58: 2014-2023 | E58: =+IF(F58=0,0,CONCATENATE(MID(F58,FIND("-",F58,1)+1,4),"ORAS")) -> 15 HORAS | F58: 17.CAMION TIPO25m³-15 HORAS-03 OP | G58: =+IF(F58="","",VLOOKUP(F58,$H$139:$I$217,2,FALSE)) -> 1505234
A59: SUR 2 CANECAS 2 | B59: =+IF(F59=0,0,MID(F59,LEN(F59)-4,3)) -> 03 | C59: 1 | D59: 2014-2023 | E59: =+IF(F59=0,0,CONCATENATE(MID(F59,FIND("-",F59,1)+1,4),"ORAS")) -> 15 HORAS | F59: 17.CAMION TIPO25m³-15 HORAS-03 OP | G59: =+IF(F59="","",VLOOKUP(F59,$H$139:$I$217,2,FALSE)) -> 1505234
A60: SUR 2 CANECAS 3 | B60: =+IF(F60=0,0,MID(F60,LEN(F60)-4,3)) -> 03 | C60: 1 | D60: 2014-2023 | E60: =+IF(F60=0,0,CONCATENATE(MID(F60,FIND("-",F60,1)+1,4),"ORAS")) -> 15 HORAS | F60: 17.CAMION TIPO25m³-15 HORAS-03 OP | G60: =+IF(F60="","",VLOOKUP(F60,$H$139:$I$217,2,FALSE)) -> 1505234
A61: SUR 2 CANECAS 4 | B61: =+IF(F61=0,0,MID(F61,LEN(F61)-4,3)) -> 03 | C61: 1 | D61: 2014-2023 | E61: =+IF(F61=0,0,CONCATENATE(MID(F61,FIND("-",F61,1)+1,4),"ORAS")) -> 15 HORAS | F61: 17.CAMION TIPO25m³-15 HORAS-03 OP | G61: =+IF(F61="","",VLOOKUP(F61,$H$139:$I$217,2,FALSE)) -> 1505234
A62: SUR 3 ZONA 1 | B62: =+IF(F62=0,0,MID(F62,LEN(F62)-4,3)) -> 03 | C62: 1 | D62: 2014-2023 | E62: =+IF(F62=0,0,CONCATENATE(MID(F62,FIND("-",F62,1)+1,4),"ORAS")) -> 15 HORAS | F62: 17.CAMION TIPO25m³-15 HORAS-03 OP | G62: =+IF(F62="","",VLOOKUP(F62,$H$139:$I$217,2,FALSE)) -> 1505234
A63: SUR 3 ZONA 2 | B63: =+IF(F63=0,0,MID(F63,LEN(F63)-4,3)) -> 03 | C63: 1 | D63: 2014-2023 | E63: =+IF(F63=0,0,CONCATENATE(MID(F63,FIND("-",F63,1)+1,4),"ORAS")) -> 15 HORAS | F63: 17.CAMION TIPO25m³-15 HORAS-03 OP | G63: =+IF(F63="","",VLOOKUP(F63,$H$139:$I$217,2,FALSE)) -> 1505234
G64: =+IF(F64="","",VLOOKUP(F64,$H$139:$I$217,2,FALSE))
A65: valor total | B65: =+B54+B55+B56+B57+B58+B64+B59+B60+B61+B62+B63+B46+B47+B48+B49+B50+B51 -> 38 | C65: =C59+C60+C61+C62+C63+C46+C47+C48+C49+C50+C54+C55+C56+C57+C58+C64 -> 12 | G65: =SUM(G46:G51,G54:G64) -> 18962354
A67: TOTAL | B67: =B65+B40+B22 -> 85 | C67: =C65+C40+C22 -> 27 | D67: =D65+D40+D22 -> 0 | G67: =SUM(G22,G40,G65) -> 47489164
J68: GRAN TOTAL OPERA | K68: =K25+B67+T33+AB25 -> 111
J69: GRAN TOTAL CAMIONES | K69: =L25+C67+U33+AC25 -> 36 | M69: ZONA NORTE | N69: ZONA CENTRO | O69: ZONA SUR
J70: VALOR $ | K70: =SUM(G67,P25,Y33) -> 65728917 | M70: =SUM(G22,Y20:Y22) -> 17579316 | N70: =SUM(G40,P4:P15,P18:P24,Y4:Y8,Y15:Y16,Y23:Y24) -> 27581524 | O70: =SUM(G46:G51,G54:G63,Y25:Y30) -> 20568077 | P70: =SUM(M70:O70) -> 65728917
A72: OTRAS NOVEDADES DE JORNADA
A93: Apoyan Guardaines ATN Norte 4, Norte 2 y Norte 3 Apoan Guardianes ATN Norte 1, Centro 1 y Centro 5 Apoyan Guardianes ATN Centro 4, Centro 3 y Sur 3 Apoyan Guardianes ATN Sur 1, Sur 2 y Centro 2
J138: TIPO DE DISPONIBILIDAD | K138: OPERARIOS
F139: 0 | G139: 0 | H139: 0 | I139: 0 | J139: 0 | K139: 0 | L139: 0 | M139: 0 | N139: =+CONCATENATE(G139,"VEHICULO",M139) -> 0VEHICULO0
F140: 40m³/50m³ -15H-4OP | G140: 1. | H140: 1.CAMION TIPO40/50m³-15 HORAS-04 OP | I140: 1955007 | J140: C | K140: 4 | L140: 1 SENCILLO 15H 4OP | M140: . | N140: =+CONCATENATE(G140,F140) -> 1.40m³/50m³ -15H-4OP
F141: 40m³/50m³ -15H-3OP | G141: 2. | H141: 2.CAMION TIPO40/50m³-15 HORAS-03 OP | I141: 1795972 | J141: C | K141: 3 | L141: 2 SENCILLO 15H 3OP | M141: . | N141: =+CONCATENATE(G141,F141) -> 2.40m³/50m³ -15H-3OP
F142: 40m³/50m³-15H-2OP | G142: 3. | H142: 3.CAMION TIPO40/50m³-15 HORAS-02 OP | I142: 1435144 | J142: C | K142: 2 | L142: 3 SENCILLO 15H 2OP | M142: . | N142: =+CONCATENATE(G142,F142) -> 3.40m³/50m³-15H-2OP
F143: 40m³/50m³-15H-1OP | G143: 4. | H143: 4.CAMION TIPO40/50m³-15 HORAS-01 OP | I143: 942678 | J143: C | K143: 1 | L143: 4 SENCILLO 15H 1OP | M143: . | N143: =+CONCATENATE(G143,F143) -> 4.40m³/50m³-15H-1OP
F144: 40m³/50m³-15H-0OP | G144: 5. | H144: 5.CAMION TIPO40/50m³-15 HORAS-00 OP | I144: 745988 | J144: C | K144: 0 | L144: 5 SENCILLO 15H 0OP | M144: . | N144: =+CONCATENATE(G144,F144) -> 5.40m³/50m³-15H-0OP
F145: 40m³/50m³-9H-4OP | G145: 6. | H145: 6.CAMION TIPO40/50m³-09 HORAS-04 OP | I145: 1665773 | J145: M | K145: 4 | L145: 6 SENCILLO M 4OP | M145: . | N145: =+CONCATENATE(G145,F145) -> 6.40m³/50m³-9H-4OP
F146: 40m³/50m³-9H-3OP | G146: 7. | H146: 7.CAMION TIPO40/50m³-09 HORAS-03 OP | I146: 1499814 | J146: M | K146: 3 | L146: 7 SENCILLO M 3OP | M146: . | N146: =+CONCATENATE(G146,F146) -> 7.40m³/50m³-9H-3OP
F147: 40m³/50m³-9H-2OP | G147: 8. | H147: 8.CAMION TIPO40/50m³-09 HORAS-02 OP | I147: 1222505 | J147: M | K147: 2 | L147: 8 SENCILLO M 2OP | M147: . | N147: =+CONCATENATE(G147,F147) -> 8.40m³/50m³-9H-2OP
F148: 40m³/50m³-9H-1OP | G148: 9. | H148: 9.CAMION TIPO40/50m³-09 HORAS-01 OP | I148: 769092 | J148: M | K148: 1 | L148: 9 SENCILLO M 1OP | M148: . | N148: =+CONCATENATE(G148,F148) -> 9.40m³/50m³-9H-1OP
F149: 40m³/50m³-9H-0OP | G149: 10. | H149: 10.CAMION TIPO40/50m³-09 HORAS-00 OP | I149: 604794 | J149: M | K149: 0 | L149: 10 SENCILLO M 0OP | M149: . | N149: =+CONCATENATE(G149,F149) -> 10.40m³/50m³-9H-0OP
F150: 40m³/50m³-4H-4OP | G150: 11. | H150: 11.CAMION TIPO40/50m³-04 HORAS-04 OP | I150: 1382917 | J150: R | K150: 4 | L150: 11 SENCILLO R 4OP | M150: . | N150: =+CONCATENATE(G150,F150) -> 11.40m³/50m³-4H-4OP
F151: 40m³/50m³-4H-3OP | G151: 12. | H151: 12.CAMION TIPO40/50m³-04 HORAS-03 OP | I151: 1230935 | J151: R | K151: 3 | L151: 12 SENCILLO R 3OP | M151: . | N151: =+CONCATENATE(G151,F151) -> 12.40m³/50m³-4H-3OP
... F187: OPERARIO-9-H | G187: 48. | H187: 48.OPERARIO-09 HORAS-00 OP | I187: 221732 | J187: M | K187: 0 | L187: 42 OPERARIO 9 H | M187: . | N187: =+CONCATENATE(G187,F187) -> 48.OPERARIO-9-H
F188: OPERARIO-4-H | G188: 49. | H188: 49.OPERARIO-04 HORAS-00 OP | I188: 160134 | J188: R | L188: 43 OPERARIO 4H | M188: . | N188: =+CONCATENATE(G188,F188) -> 49.OPERARIO-4-H
F189: COORDINADOR X DIA | G189: 50. | H189: 50. COORD X DIA | I189: 477011 | J189: C | L189: 44 COORD X DIA | M189: . | N189: =+CONCATENATE(G189,F189) -> 50.COORDINADOR X DIA
F190: BOGOTA SUMAPAZ 40/50m³ 15H-4OP | G190: 51. | H190: 51.BOGOTA-SUMAPAZ-40/50m³ -15 HORAS-04 OP | I190: 1370200 | J190: C | K190: 4 | L190: 45 SENCILLO 15H SUMAPAZ 4OP | M190: . | N190: =+CONCATENATE(G190,F190) -> 51.BOGOTA SUMAPAZ 40/50m³ 15H-4OP
F191: BOGOTA FUNZA 40/50m³ 15H-4OP | G191: 52. | H191: 52.BOGOTA-FUNZA-40/50m³ -15 HORAS-04 OP | I191: 1259700 | J191: C | K191: 4 | L191: 46 SENCILLO 15H FUNZA 4OP | M191: . | N191: =+CONCATENATE(G191,F191) -> 52.BOGOTA FUNZA 40/50m³ 15H-4OP
F192: BOGOTA COTA 40/50m³ 15H-4OP | G192: 53. | H192: 53.BOGOTA-COTA-40/50m³ -15 HORAS-04 OP | I192: 1266330 | J192: C | K192: 4 | L192: 47 SENCILLO 15H COTA 4OP | M192: . | N192: =+CONCATENATE(G192,F192) -> 53.BOGOTA COTA 40/50m³ 15H-4OP
F193: BOGOTA FUSA 40/50m³ 15H-4OP | G193: 54. | H193: 54.BOGOTA-FUSA-40/50m³ -15 HORAS-04 OP | I193: 1450865 | J193: C | K193: 4 | L193: 48 SENCILLO 15H FUSA 4OP | M193: . | N193: =+CONCATENATE(G193,F193) -> 54.BOGOTA FUSA 40/50m³ 15H-4OP
F194: BOGOTA SOACHA 40/50m³ 15H-4OP | G194: 55. | H194: 55.BOGOTA-SOACHA-40/50m³ -15 HORAS-04 OP | I194: 1328210 | J194: C | K194: 4 | L194: 49 SENCILLO 15H SOACHA 4OP | M194: . | N194: =+CONCATENATE(G194,F194) -> 55.BOGOTA SOACHA 40/50m³ 15H-4OP
F195: BOGOTA SOACHA 40/50m³ 9H-4OP | G195: 56. | H195: 56.BOGOTA-SOACHA-40/50m³ -09 HORAS-04 OP | I195: 933725 | J195: M | K195: 3 | L195: 50 SENCILLO 09H SOACHA 4OP | M195: . | N195: =+CONCATENATE(G195,F195) -> 56.BOGOTA SOACHA 40/50m³ 9H-4OP
F196: BOGOTA SUMAPAZ 25m³ 15H-4OP | G196: 57. | H196: 57.BOGOTA-SUMAPAZ-25m³ -15 HORAS-04 OP | I196: 1102790 | J196: C | K196: 4 | L196: 51 SENCILLO 15H SUMAPAZ 4OP | M196: . | N196: =+CONCATENATE(G196,F196) -> 57.BOGOTA SUMAPAZ 25m³ 15H-4OP
F197: BOGOTA FUNZA 25m³ 15H-4OP | G197: 58. | H197: 58.BOGOTA-FUNZA-25m³ -15 HORAS-04 OP | I197: 877370 | J197: C | K197: 4 | L197: 52 SENCILLO 15H FUNZA 4OP | M197: . | N197: =+CONCATENATE(G197,F197) -> 58.BOGOTA FUNZA 25m³ 15H-4OP
F198: BOGOTA COTA 25m³ 15H-4OP | G198: 59. | H198: 59.BOGOTA-COTA-25m³ -15 HORAS-04 OP | I198: 876265 | J198: C | K198: 4 | L198: 53 SENCILLO 15H COTA 4OP | M198: . | N198: =+CONCATENATE(G198,F198) -> 59.BOGOTA COTA 25m³ 15H-4OP
F199: BOGOTA FUSA 25m³ 15H-4OP | G199: 60. | H199: 60.BOGOTA-FUSA-25m³ -15 HORAS-04 OP | I199: 839800 | J199: C | K199: 4 | L199: 54 SENCILLO 15H FUSA 4OP | M199: . | N199: =+CONCATENATE(G199,F199) -> 60.BOGOTA FUSA 25m³ 15H-4OP
F200: BOGOTA SOACHA 25m³ 15H-4OP | G200: 61. | H200: 61.BOGOTA-SOACHA-25m³ -15 HORAS-04 OP | I200: 1014390 | J200: C | K200: 4 | L200: 55 SENCILLO 15H SOACHA 4OP | M200: . | N200: =+CONCATENATE(G200,F200) -> 61.BOGOTA SOACHA 25m³ 15H-4OP
F201: BOGOTA SOACHA 25m³ 9H-4OP | G201: 62. | H201: 62.BOGOTA-SOACHA-25m³ -09 HORAS-04 OP | I201: 822120 | J201: M | K201: 4 | L201: 56 SENCILLO 09H SOACHA 4OP | M201: . | N201: =+CONCATENATE(G201,F201) -> 62.BOGOTA SOACHA 25m³ 9H-4OP
F202: BOGOTA SUMAPAZ FURGONADA-15H | G202: 63. | H202: 63.BOGOTA-SUMAPAZ FURGONADA 15 HORAS-00 PO | I202: 751400 | J202: C | L202: 57 BOGOTA SUMAPAZ FURGONADA 15H | M202: . | N202: =+CONCATENATE(G202,F202) -> 63.BOGOTA SUMAPAZ FURGONADA-15H
F203: BOGOTA FUNZA FURGONADA-15H | G203: 64. | H203: 64.BOGOTA-FUNZA FURGONADA 15 HORAS-00 PO | I203: 552500 | J203: C | L203: 58 BOGOTA FUNZA FURGONADA 15H | M203: . | N203: =+CONCATENATE(G203,F203) -> 64.BOGOTA FUNZA FURGONADA-15H
...

Sheet HUGO 
A1: SERVICIO - RECREACIÓN | B1: NOVIEMBRE | C1: DICIEMBRE | D1: ENERO | E1: FEBRERO | F1: MARZO | G1: ABRIL | H1: MAYO | I1: JUNIO | J1: JULIO | K1: AGOSTO | L1: TOTAL
A2: 45981 | B2: 436071
A3: 45982 | B3: 436071
A4: 45983 | B4: 436071
A5: 45983 | B5: 436071
A6: 45984 | B6: 436071
A7: 45984 | B7: 436071
A8: 45985 | B8: 436071
A9: 45988 | B9: 436071
A10: 45989 | B10: 436071
A11: 45990 | B11: 436071
A12: 45990 | B12: 436071
A13: 45991 | B13: 436071
... A18: 45994 | B18: 436071
A19: domingo, 14 de diciembre de 2025 | B19: 436071
H51: 1400000
B54: =SUM(B2:B49) -> 7849278 | C54: =SUM(C2:C49) -> 0 | D54: =SUM(D2:D49) -> 0 | E54: =SUM(E2:E49) -> 0 | F54: =SUM(F2:F49) -> 0 | G54: =SUM(G2:G50) -> 0 | H54: =SUM(H51:H53) -> 1400000
A55: TOTAL | B55: =SUM(B54:H54) -> 9249278

Sheet SALDOS POR PROYECTO
A1: SEGUIMIENTO CONTRATO 3778 / 2025
A2: RP | B2: RUBRO | C2: VALOR RP | D2: SERVICIO OCTUBRE | E2: SALDO
A3: 849 | B3: 7030 | C3: =248872306+251288599 -> 500160905 | D3: 2572627 | E3: =C3-D3 -> 497588278 | G3: =SUM('INFORME ABRIL'!K95,'INFORME ABRIL'!K96,'INFORME ABRIL'!K97,'INFORME ABRIL'!K99,'INFORME ABRIL'!K105) -> 5735489
A4: 850 | B4: 7007 | C4: =10000000+78439583+12420988+14591385 -> 115451956 | D4: 1021459 | E4: =C4-D4 -> 114430497 | G4: =SUM('INFORME ABRIL'!K102) -> 787237
A5: 852 | B5: 6032 | C5: =2000000000+785000004+5296264562+5417199622+1582415050+1661829881 -> 16742709119 | D5: 402832008 | E5: =C5-D5 -> 16339877111 | G5: =SUM('INFORME ABRIL'!G79,'INFORME ABRIL'!G80,'INFORME ABRIL'!K83,'INFORME ABRIL'!K84,'INFORME ABRIL'!K85,'INFORME ABRIL'!K86,'INFORME ABRIL'!K87,'INFORME ABRIL'!K88,'INFORME ABRIL'!K90,'INFORME ABRIL'!K91,'INFORME ABRIL'!K100,'INFORME ABRIL'!K101,'INFORME ABRIL'!K103,'INFORME ABRIL'!K104,'INFORME ABRIL'!K106,'INFORME ABRIL'!K107,'INFORME ABRIL'!K108,'INFORME ABRIL'!K109,'INFORME ABRIL'!K111,'INFORME ABRIL'!K112,'INFORME ABRIL'!K113,'INFORME ABRIL'!K114,'INFORME ABRIL'!K115,'INFORME ABRIL'!K116,'INFORME ABRIL'!K117,'INFORME ABRIL'!K118,'INFORME ABRIL'!K119,'INFORME ABRIL'!K120,'INFORME ABRIL'!K121,'INFORME ABRIL'!K122,'INFORME ABRIL'!K123,'INFORME ABRIL'!K124,'INFORME ABRIL'!K125,'INFORME ABRIL'!K126,'INFORME ABRIL'!K127,'INFORME ABRIL'!K128,'INFORME ABRIL'!K129,'INFORME ABRIL'!K130) -> 496120147
A6: 851 SAF | B6: 5119 | C6: 18945000 | D6: 6468738 | E6: =C6-D6 -> 12476262 | G6: =SUM('INFORME ABRIL'!K89,'INFORME ABRIL'!K92,'INFORME ABRIL'!K93,'INFORME ABRIL'!K94,'INFORME ABRIL'!K98,'INFORME ABRIL'!K110) -> 9197205
E7: =C7-D7 -> 0
A8: TOTAL CONTRATO | E8: =SUM(E3:E7) -> 16964372148
C9: =SUM(C3:C7) -> 17377266980 | D9: =SUM(D3:D7) -> 412894832
A10: SEGUIMIENTO CONTRATO 3778 / 2025 | I10: Saldo actual | J10: Proyección 7852 | K10: Cantidad de meses para cubrir | L10: Fecha para nuevo contrato
A11: RP | B11: RUBRO | C11: VALOR RP | D11: SERVICIO NOVIEMBRE | E11: SALDO | I11: =E35 -> 15067251911 | J11: =AVERAGE(D9,D18,D27,D36) -> 5.7750377e+08 | K11: =I11/J11 -> 26.090309 | L11: 45047
A12: 849 | B12: 7037 | C12: =E3 -> 497588278 | D12: 5775580 | E12: =C12-D12 -> 491812698 | G12: =SUM('INFORME ABRIL'!K115,'INFORME ABRIL'!K116,'INFORME ABRIL'!K117,'INFORME ABRIL'!K133,'INFORME ABRIL'!K134,'INFORME ABRIL'!K149) -> 8572426
A13: 850 | B13: 7007 | C13: =E4 -> 114430497 | D13: 2700780 | E13: =C13-D13 -> 111729717 | G13: =SUM('INFORME ABRIL'!K89,'INFORME ABRIL'!K102,'INFORME ABRIL'!K121,'INFORME ABRIL'!K150,'INFORME ABRIL'!K168) -> 4009339
A14: 852 | B14: 6032 | C14: =E5 -> 16339877111 | D14: 660194680 | E14: =C14-D14 -> 15679682431 | G14: =SUM('INFORME ABRIL'!G79:J79,'INFORME ABRIL'!G80:J80,'INFORME ABRIL'!K83,'INFORME ABRIL'!K84,'INFORME ABRIL'!K85,'INFORME ABRIL'!K86,'INFORME ABRIL'!K87,'INFORME ABRIL'!K88,'INFORME ABRIL'!K90,'INFORME ABRIL'!K91,'INFORME ABRIL'!K93,'INFORME ABRIL'!K94,'INFORME ABRIL'!K95,'INFORME ABRIL'!K96,'INFORME ABRIL'!K97,'INFORME ABRIL'!K98,'INFORME ABRIL'!K99,'INFORME ABRIL'!K100,'INFORME ABRIL'!K103,'INFORME ABRIL'!K104,'INFORME ABRIL'!K106,'INFORME ABRIL'!K107,'INFORME ABRIL'!K108,'INFORME ABRIL'!K109,'INFORME ABRIL'!K110,'INFORME ABRIL'!K111,'INFORME ABRIL'!K112,'INFORME ABRIL'!K119,'INFORME ABRIL'!K120,'INFORME ABRIL'!K124,'INFORME ABRIL'!K125,'INFORME ABRIL'!K126,'INFORME ABRIL'!K127,'INFORME ABRIL'!K128,'INFORME ABRIL'!K129,'INFORME ABRIL'!K130,'INFORME ABRIL'!K131,'INFORME ABRIL'!K132,'INFORME ABRIL'!K135,'INFORME ABRIL'!K136,'INFORME ABRIL'!K137,'INFORME ABRIL'!K138,'INFORME ABRIL'!K139,'INFORME ABRIL'!K140,'INFORME ABRIL'!K141,'INFORME ABRIL'!K142,'INFORME ABRIL'!K143,'INFORME ABRIL'!K144,'INFORME ABRIL'!K145,'INFORME ABRIL'!K146,'INFORME ABRIL'!K147,'INFORME ABRIL'!K148,'INFORME ABRIL'!K153,'INFORME ABRIL'!K154,'INFORME ABRIL'!K155,'INFORME ABRIL'!K156,'INFORME ABRIL'!K157,'INFORME ABRIL'!K158,'INFORME ABRIL'!K159,'INFORME ABRIL'!K160,'INFORME ABRIL'!K161,'INFORME ABRIL'!K162,'INFORME ABRIL'!K163,'INFORME ABRIL'!K164,'INFORME ABRIL'!K165,'INFORME ABRIL'!K166,'INFORME ABRIL'!K167,'INFORME ABRIL'!K171,'INFORME ABRIL'!K172,'INFORME ABRIL'!K173,'INFORME ABRIL'!K174,'INFORME ABRIL'!K175,'INFORME ABRIL'!K176,'INFORME ABRIL'!K177,'INFORME ABRIL'!K178,'INFORME ABRIL'!K179,'INFORME ABRIL'!K180,'INFORME ABRIL'!K181,'INFORME ABRIL'!K182,'INFORME ABRIL'!K183,'INFORME ABRIL'!K184,'INFORME ABRIL'!K185,'INFORME ABRIL'!K186,'INFORME ABRIL'!K187,'INFORME ABRIL'!K188,'INFORME ABRIL'!K189,'INFORME ABRIL'!K190,'INFORME ABRIL'!K191,'INFORME ABRIL'!K192,'INFORME ABRIL'!K193) -> 518441910
A15: 851 SAF | B15: 5119 | C15: =E6 -> 12476262 | D15: 7858766 | E15: =C15-D15 -> 4617496 | G15: =SUM('INFORME ABRIL'!K92,'INFORME ABRIL'!K101,'INFORME ABRIL'!K105,'INFORME ABRIL'!K113,'INFORME ABRIL'!K114,'INFORME ABRIL'!K118,'INFORME ABRIL'!K122,'INFORME ABRIL'!K123,'INFORME ABRIL'!K151,'INFORME ABRIL'!K152,'INFORME ABRIL'!K169,'INFORME ABRIL'!K170) -> 10508956
E16: =C16-D16 -> 0
A17: TOTAL CONTRATO | E17: =SUM(E12:E16) -> 16287842342
C18: =SUM(C12:C16) -> 16964372148 | D18: =SUM(D12:D16) -> 676529806
A19: SEGUIMIENTO CONTRATO 3778 / 2025
A20: RP | B20: RUBRO | C20: VALOR RP | D20: SERVICIO DICIEMBRE | E20: SALDO
A21: 849 | B21: 7037 | C21: =E12 -> 491812698 | D21: 0 | E21: =C21-D21 -> 491812698 | G21: 0
A22: 850 | B22: 7007 | C22: =E13 -> 111729717 | D22: 960492 | E22: =C22-D22 -> 110769225 | G22: =SUM('INFORME ABRIL'!K112,'INFORME ABRIL'!K113) -> 2420839
A23: 852 | B23: 6032 | C23: =E14 -> 15679682431 | D23: 636159300 | E23: =C23-D23 -> 15043523131 | G23: =SUM('INFORME ABRIL'!G79:J79,'INFORME ABRIL'!G80:J80,'INFORME ABRIL'!K83,'INFORME ABRIL'!K84,'INFORME ABRIL'!K85,'INFORME ABRIL'!K86,'INFORME ABRIL'!K87,'INFORME ABRIL'!K88,'INFORME ABRIL'!K89,'INFORME ABRIL'!K90,'INFORME ABRIL'!K91,'INFORME ABRIL'!K92,'INFORME ABRIL'!K93,'INFORME ABRIL'!K94,'INFORME ABRIL'!K95,'INFORME ABRIL'!K96,'INFORME ABRIL'!K97,'INFORME ABRIL'!K98,'INFORME ABRIL'!K99,'INFORME ABRIL'!K100,'INFORME ABRIL'!K101,'INFORME ABRIL'!K102,'INFORME ABRIL'!K103,'INFORME ABRIL'!K104,'INFORME ABRIL'!K105,'INFORME ABRIL'!K106,'INFORME ABRIL'!K107,'INFORME ABRIL'!K108,'INFORME ABRIL'!K109,'INFORME ABRIL'!K110,'INFORME ABRIL'!K111,'INFORME ABRIL'!K114,'INFORME ABRIL'!K115,'INFORME ABRIL'!K116,'INFORME ABRIL'!K117,'INFORME ABRIL'!K118,'INFORME ABRIL'!K119,'INFORME ABRIL'!K120,'INFORME ABRIL'!K121,'INFORME ABRIL'!K122,'INFORME ABRIL'!K123,'INFORME ABRIL'!K124,'INFORME ABRIL'!K125,'INFORME ABRIL'!K127,'INFORME ABRIL'!K128,'INFORME ABRIL'!K129,'INFORME ABRIL'!K130,'INFORME ABRIL'!K131,'INFORME ABRIL'!K132,'INFORME ABRIL'!K133,'INFORME ABRIL'!K134,'INFORME ABRIL'!K135,'INFORME ABRIL'!K136,'INFORME ABRIL'!K138,'INFORME ABRIL'!K139,'INFORME ABRIL'!K140,'INFORME ABRIL'!K141,'INFORME ABRIL'!K142,'INFORME ABRIL'!K143,'INFORME ABRIL'!K145,'INFORME ABRIL'!K146,'INFORME ABRIL'!K148,'INFORME ABRIL'!K149,'INFORME ABRIL'!K150,'INFORME ABRIL'!K151,'INFORME ABRIL'!K152) -> 528245954
A24: 851 SAF | B24: 5119 | C24: =E15 -> 4617496 | D24: 4114090 | E24: =C24-D24 -> 503406 | G24: =SUM('INFORME ABRIL'!K126,'INFORME ABRIL'!K137,'INFORME ABRIL'!K144,'INFORME ABRIL'!K147) -> 3648473
E25: =C25-D25 -> 0
A26: TOTAL CONTRATO | E26: =SUM(E21:E25) -> 15646608460
C27: =SUM(C21:C25) -> 16287842342 | D27: =SUM(D21:D25) -> 641233882
A28: SEGUIMIENTO CONTRATO 3778 / 2025
A29: RP | B29: RUBRO | C29: VALOR RP | D29: SERVICIO ENERO | E29: SALDO
A30: 849 | B30: 7037 | C30: =E21 -> 491812698 | D30: 961567 | E30: =C30-D30 -> 490851131 | G30: =SUM('INFORME ABRIL'!K130) -> 243100
A31: 850 | B31: 7007 | C31: =E22 -> 110769225 | D31: 1592016 | E31: =C31-D31 -> 109177209
A32: 852 | B32: 6032 | C32: =E23 -> 15043523131 | D32: 576802966 | E32: =C32-D32 -> 14466720165 | G32: =SUM('INFORME ABRIL'!G79:J79,'INFORME ABRIL'!G80:J80,'INFORME ABRIL'!C708,'INFORME ABRIL'!K83,'INFORME ABRIL'!K84,'INFORME ABRIL'!K85,'INFORME ABRIL'!K86,'INFORME ABRIL'!K87,'INFORME ABRIL'!K88,'INFORME ABRIL'!K89,'INFORME ABRIL'!K90,'INFORME ABRIL'!K91,'INFORME ABRIL'!K92,'INFORME ABRIL'!K93,'INFORME ABRIL'!K94,'INFORME ABRIL'!K95,'INFORME ABRIL'!K96,'INFORME ABRIL'!K97,'INFORME ABRIL'!K98,'INFORME ABRIL'!K99,'INFORME ABRIL'!K100,'INFORME ABRIL'!K101,'INFORME ABRIL'!K102,'INFORME ABRIL'!K103,'INFORME ABRIL'!K104,'INFORME ABRIL'!K105,'INFORME ABRIL'!K106,'INFORME ABRIL'!K107,'INFORME ABRIL'!K108,'INFORME ABRIL'!K109,'INFORME ABRIL'!K110,'INFORME ABRIL'!K111,'INFORME ABRIL'!K112,'INFORME ABRIL'!K114,'INFORME ABRIL'!K115,'INFORME ABRIL'!K116,'INFORME ABRIL'!K117,'INFORME ABRIL'!K118,'INFORME ABRIL'!K119,'INFORME ABRIL'!K120,'INFORME ABRIL'!K121,'INFORME ABRIL'!K122,'INFORME ABRIL'!K123,'INFORME ABRIL'!K124,'INFORME ABRIL'!K125,'INFORME ABRIL'!K126,'INFORME ABRIL'!K127,'INFORME ABRIL'!K128,'INFORME ABRIL'!K131,'INFORME ABRIL'!K132,'INFORME ABRIL'!K133,'INFORME ABRIL'!K134,'INFORME ABRIL'!K135) -> 514391257
A33: 851 SAF | B33: 5119 | C33: =E24 -> 503406 | D33: 0 | E33: =C33-D33 -> 503406 | G33: 0
C34: =E25 -> 0 | E34: =C34-D34 -> 0
A35: TOTAL CONTRATO | E35: =SUM(E30:E34) -> 15067251911
C36: =SUM(C30:C34) -> 15646608460 | D36: =SUM(D30:D34) -> 579356549
A37: SEGUIMIENTO CONTRATO 3778 / 2025
A38: RP | B38: RUBRO | C38: VALOR RP | D38: SERVICIO FEBRERO | E38: SALDO
A39: 849 | B39: 7037 | C39: =E30 -> 490851131 | D39: 2632429 | E39: =C39-D39 -> 488218702 | G39: =SUM('INFORME ABRIL'!K107,'INFORME ABRIL'!K115) -> 3331546
A40: 850 | B40: 7007 | C40: =E31 -> 109177209 | D40: 1592016 | E40: =C40-D40 -> 107585193 | G40: =SUM('INFORME ABRIL'!K108,'INFORME ABRIL'!K124,'INFORME ABRIL'!K132) -> 4666320
A41: 852 | B41: 6032 | C41: =E32 -> 14466720165 | D41: 529283837 | E41: =C41-D41 -> 13937436328 | G41: =SUM('INFORME ABRIL'!G79:J79,'INFORME ABRIL'!G80:J80,'INFORME ABRIL'!K83,'INFORME ABRIL'!K84,'INFORME ABRIL'!K85,'INFORME ABRIL'!K86,'INFORME ABRIL'!K87,'INFORME ABRIL'!K88,'INFORME ABRIL'!K89,'INFORME ABRIL'!K90,'INFORME ABRIL'!K91,'INFORME ABRIL'!K92,'INFORME ABRIL'!K93,'INFORME ABRIL'!K94,'INFORME ABRIL'!K95,'INFORME ABRIL'!K96,'INFORME ABRIL'!K97,'INFORME ABRIL'!K98,'INFORME ABRIL'!K99,'INFORME ABRIL'!K100,'INFORME ABRIL'!K101,'INFORME ABRIL'!K102,'INFORME ABRIL'!K103,'INFORME ABRIL'!K104,'INFORME ABRIL'!K105,'INFORME ABRIL'!K106,'INFORME ABRIL'!K109,'INFORME ABRIL'!K110,'INFORME ABRIL'!K111,'INFORME ABRIL'!K112,'INFORME ABRIL'!K113,'INFORME ABRIL'!K114,'INFORME ABRIL'!K116,'INFORME ABRIL'!K117,'INFORME ABRIL'!K118,'INFORME ABRIL'!K119,'INFORME ABRIL'!K120,'INFORME ABRIL'!K121,'INFORME ABRIL'!K122,'INFORME ABRIL'!K123,'INFORME ABRIL'!K125,'INFORME ABRIL'!K126,'INFORME ABRIL'!K127,'INFORME ABRIL'!K128,'INFORME ABRIL'!K129,'INFORME ABRIL'!K130,'INFORME ABRIL'!K131,'INFORME ABRIL'!K133,'INFORME ABRIL'!K134,'INFORME ABRIL'!K135,'INFORME ABRIL'!K136,'INFORME ABRIL'!K137,'INFORME ABRIL'!K138,'INFORME ABRIL'!K139,'INFORME ABRIL'!K140,'INFORME ABRIL'!K141,'INFORME ABRIL'!K142,'INFORME ABRIL'!K143) -> 517609127
A42: 851 SAF | B42: 5119 | C42: =E33 -> 503406 | D42: 0 | E42: =C42-D42 -> 503406 | G42: 0
C43: =E34 -> 0 | E43: =C43-D43 -> 0
A44: TOTAL CONTRATO | E44: =SUM(E39:E43) -> 14533743629
C45: =SUM(C39:C43) -> 15067251911 | D45: =SUM(D39:D43) -> 533508282
A46: SEGUIMIENTO CONTRATO 3778 / 2025
A47: RP | B47: RUBRO | C47: VALOR RP | D47: SERVICIO MARZO | E47: SALDO
A48: 849 | B48: 7037 | C48: =E39 -> 488218702 | D48: 3380334 | E48: =C48-D48 -> 484838368 | G48: =SUM('INFORME ABRIL'!K92,'INFORME ABRIL'!K93,'INFORME ABRIL'!K100) -> 3522660
A49: 850 | B49: 7007 | C49: =E40 -> 107585193 | D49: 2808346 | E49: =C49-D49 -> 104776847 | G49: =SUM('INFORME ABRIL'!K104,'INFORME ABRIL'!K105,'INFORME ABRIL'!K136,'INFORME ABRIL'!K137) -> 5284890
A50: 852 | B50: 6032 | C50: =E41 -> 13937436328 | D50: 595653285 | E50: =C50-D50 -> 13341783043 | G50: =SUM('INFORME ABRIL'!G79:J79,'INFORME ABRIL'!G80:J80,'INFORME ABRIL'!K83,'INFORME ABRIL'!K84,'INFORME ABRIL'!K85,'INFORME ABRIL'!K86,'INFORME ABRIL'!K87,'INFORME ABRIL'!K88,'INFORME ABRIL'!K89,'INFORME ABRIL'!K90,'INFORME ABRIL'!K91,'INFORME ABRIL'!K94,'INFORME ABRIL'!K95,'INFORME ABRIL'!K96,'INFORME ABRIL'!K97,'INFORME ABRIL'!K98,'INFORME ABRIL'!K99,'INFORME ABRIL'!K101,'INFORME ABRIL'!K102,'INFORME ABRIL'!K103,'INFORME ABRIL'!K106,'INFORME ABRIL'!K107,'INFORME ABRIL'!K108,'INFORME ABRIL'!K109,'INFORME ABRIL'!K110,'INFORME ABRIL'!K112,'INFORME ABRIL'!K113,'INFORME ABRIL'!K114,'INFORME ABRIL'!K115,'INFORME ABRIL'!K116,'INFORME ABRIL'!K117,'INFORME ABRIL'!K118,'INFORME ABRIL'!K119,'INFORME ABRIL'!K120,'INFORME ABRIL'!K121,'INFORME ABRIL'!K122,'INFORME ABRIL'!K123,'INFORME ABRIL'!K124,'INFORME ABRIL'!K125,'INFORME ABRIL'!K126,'INFORME ABRIL'!K127,'INFORME ABRIL'!K128,'INFORME ABRIL'!K129,'INFORME ABRIL'!K130,'INFORME ABRIL'!K131,'INFORME ABRIL'!K132,'INFORME ABRIL'!K133,'INFORME ABRIL'!K134,'INFORME ABRIL'!K135,'INFORME ABRIL'!K138,'INFORME ABRIL'!K139,'INFORME ABRIL'!K140,'INFORME ABRIL'!K141,'INFORME ABRIL'!K142,'INFORME ABRIL'!K143,'INFORME ABRIL'!K144,'INFORME ABRIL'!K145,'INFORME ABRIL'!K146,'INFORME ABRIL'!K147,'INFORME ABRIL'!K148,'INFORME ABRIL'!K149,'INFORME ABRIL'!K150,'INFORME ABRIL'!K151,'INFORME ABRIL'!K152,'INFORME ABRIL'!K153,'INFORME ABRIL'!K154,'INFORME ABRIL'!K155,'INFORME ABRIL'!K156,'INFORME ABRIL'!K157,'INFORME ABRIL'!K158,'INFORME ABRIL'!K159,'INFORME ABRIL'!K160,'INFORME ABRIL'!K161,'INFORME ABRIL'!K162,'INFORME ABRIL'!K163,'INFORME ABRIL'!K164,'INFORME ABRIL'!K165,'INFORME ABRIL'!K166,'INFORME ABRIL'!K167,'INFORME ABRIL'!K168,'INFORME ABRIL'!K169,'INFORME ABRIL'!K170) -> 530770074
A51: 851 SAF | B51: 5119 | C51: =E42 -> 503406 | D51: 503406 | E51: =C51-D51 -> 0 | G51: =SUM('INFORME ABRIL'!K111) -> 1955007
C52: =E43 -> 0 | E52: =C52-D52 -> 0
A53: TOTAL CONTRATO | E53: =SUM(E48:E52) -> 13931398258
C54: =SUM(C48:C52) -> 14533743629 | D54: =SUM(D48:D52) -> 602345371
A55: SEGUIMIENTO CONTRATO 3778 / 2025
A56: RP | B56: RUBRO | C56: VALOR RP | D56: SERVICIO ABRIIL | E56: SALDO
A57: 849 | B57: 7037 | C57: =E48 -> 484838368 | D57: 4646709 | E57: =C57-D57 -> 480191659 | G57: =SUM('INFORME ABRIL'!K91,'INFORME ABRIL'!K92,'INFORME ABRIL'!K105,'INFORME ABRIL'!K112) -> 4646709
A58: 850 | B58: 7007 | C58: =E49 -> 104776847 | D58: 3223959 | E58: =C58-D58 -> 101552888 | G58: =SUM('INFORME ABRIL'!K88,'INFORME ABRIL'!K94,'INFORME ABRIL'!K114) -> 3223959
A59: 852 | B59: 6032 | C59: =E50 -> 13341783043 | D59: 529106294 | E59: =C59-D59 -> 12812676749 | G59: =SUM('INFORME ABRIL'!G79:J79,'INFORME ABRIL'!G80:J80,'INFORME ABRIL'!K83,'INFORME ABRIL'!K84,'INFORME ABRIL'!K85,'INFORME ABRIL'!K86,'INFORME ABRIL'!K87,'INFORME ABRIL'!K89,'INFORME ABRIL'!K90,'INFORME ABRIL'!K93,'INFORME ABRIL'!K96,'INFORME ABRIL'!K97,'INFORME ABRIL'!K98,'INFORME ABRIL'!K99,'INFORME ABRIL'!K100,'INFORME ABRIL'!K101,'INFORME ABRIL'!K102,'INFORME ABRIL'!K103,'INFORME ABRIL'!K106,'INFORME ABRIL'!K107,'INFORME ABRIL'!K108,'INFORME ABRIL'!K109,'INFORME ABRIL'!K110,'INFORME ABRIL'!K111,'INFORME ABRIL'!K115,'INFORME ABRIL'!K116,'INFORME ABRIL'!K117,'INFORME ABRIL'!K118,'INFORME ABRIL'!K119,'INFORME ABRIL'!K120,'INFORME ABRIL'!K121,'INFORME ABRIL'!K122,'INFORME ABRIL'!K123,'INFORME ABRIL'!K124,'INFORME ABRIL'!K125,'INFORME ABRIL'!K126,'INFORME ABRIL'!K128,'INFORME ABRIL'!K129,'INFORME ABRIL'!K132,'INFORME ABRIL'!K133,'INFORME ABRIL'!K134,'INFORME ABRIL'!K136,'INFORME ABRIL'!K137,'INFORME ABRIL'!K138,'INFORME ABRIL'!K139,'INFORME ABRIL'!K140,'INFORME ABRIL'!K141,'INFORME ABRIL'!K142,'INFORME ABRIL'!K143,'INFORME ABRIL'!K144,'INFORME ABRIL'!K145,'INFORME ABRIL'!K146,'INFORME ABRIL'!K147,'INFORME ABRIL'!K148,'INFORME ABRIL'!K149,'INFORME ABRIL'!K150,'INFORME ABRIL'!K151,'INFORME ABRIL'!K152,'INFORME ABRIL'!K153,'INFORME ABRIL'!K154,'INFORME ABRIL'!K155,'INFORME ABRIL'!K156,'INFORME ABRIL'!K157,'INFORME ABRIL'!K158,'INFORME ABRIL'!K159) -> 529106294
A60: 851 SAF | B60: 5119 | C60: =E51+75216000 -> 75216000 | D60: 4555669 | E60: =C60-D60 -> 70660331 | G60: =SUM('INFORME ABRIL'!K95,'INFORME ABRIL'!K104,'INFORME ABRIL'!K113,'INFORME ABRIL'!K127,'INFORME ABRIL'!K130,'INFORME ABRIL'!K131,'INFORME ABRIL'!K135) -> 4555669
C61: =E52 -> 0 | E61: =C61-D61 -> 0
A62: TOTAL CONTRATO | E62: =SUM(E57:E61) -> 13465081627
C63: =SUM(C57:C61) -> 14006614258 | D63: =SUM(D57:D61) -> 541532631
A64: SEGUIMIENTO CONTRATO 3778 / 2025
A65: RP | B65: RUBRO | C65: VALOR RP | D65: SERVICIO MAYO | E65: SALDO
A66: 849 | B66: 7037 | C66: =E57 -> 480191659 | E66: =C66-D66 -> 480191659
A67: 850 | B67: 7007 | C67: =E58 -> 101552888 | E67: =C67-D67 -> 101552888
A68: 852 | B68: 6032 | C68: =E59 -> 12812676749 | E68: =C68-D68 -> 12812676749
A69: 851 SAF | B69: 5119 | C69: =E60 -> 70660331 | E69: =C69-D69 -> 70660331
C70: =E61 -> 0 | E70: =C70-D70 -> 0
A71: TOTAL CONTRATO | E71: =SUM(E66:E70) -> 13465081627
C72: =SUM(C66:C70) -> 13465081627 | D72: =SUM(D66:D70) -> 0
H90: ADICIÓN
C131: =SUM(C125:C129) -> 0 | D131: =SUM(D125:D129) -> 0 | E131: =SUM(E125:E129) -> 0
